Workbook
Name Constr: '01-02'!$A$1
Name Constr: '01-03'!$A$1
Name Constr: '05-01'!$A$1
Name Constr: '06-01'!$A$1
Name Constr: '06-02'!$A$1
Name Constr: '06-03 изм.1'!$A$1
Name Constr: '06-04'!$A$1
Name Constr: '07-01 изм.1'!$A$1
Name Constr: '07-02 изм.1'!$A$1
Name Constr: '07-03 изм.1'!$A$1
Name Constr: '07-04 изм.1'!$A$1
Name Constr: '07-05'!$A$7
Name Constr: '07-06 изм.1'!$A$1
Name FOT: '01-02'!$B$17
Name FOT: '01-03'!$B$20
Name FOT: '05-01'!$B$17
Name FOT: '06-01'!$B$20
Name FOT: '06-02'!$B$19
Name FOT: '06-03 изм.1'!$B$17
Name FOT: '06-04'!$B$19
Name FOT: '07-01 изм.1'!$B$17
Name FOT: '07-02 изм.1'!$B$20
Name FOT: '07-03 изм.1'!$B$17
Name FOT: '07-04 изм.1'!$B$19
Name FOT: '07-05'!$D$19
Name FOT: '07-06 изм.1'!$B$19
Name Ind: '01-02'!$D$9
Name Ind: '01-03'!$D$9
Name Ind: '05-01'!$C$9
Name Ind: '06-01'!$D$9
Name Ind: '06-02'!$C$9
Name Ind: '06-03 изм.1'!$D$9
Name Ind: '06-04'!$C$9
Name Ind: '07-01 изм.1'!$D$9
Name Ind: '07-02 изм.1'!$D$9
Name Ind: '07-03 изм.1'!$D$9
Name Ind: '07-04 изм.1'!$D$9
Name Ind: '07-05'!$H$9
Name Ind: '07-06 изм.1'!$D$9
Name Obj: '01-02'!#REF!
Name Obj: '01-03'!#REF!
Name Obj: '05-01'!#REF!
Name Obj: '06-01'!#REF!
Name Obj: '06-02'!#REF!
Name Obj: '06-03 изм.1'!#REF!
Name Obj: '06-04'!#REF!
Name Obj: '07-01 изм.1'!#REF!
Name Obj: '07-02 изм.1'!#REF!
Name Obj: '07-03 изм.1'!#REF!
Name Obj: '07-04 изм.1'!#REF!
Name Obj: '07-05'!$E$12
Name Obj: '07-06 изм.1'!#REF!
Name Obosn: '01-02'!$B$15
Name Obosn: '01-03'!$B$15
Name Obosn: '05-01'!$B$15
Name Obosn: '06-01'!$B$15
Name Obosn: '06-02'!$B$15
Name Obosn: '06-03 изм.1'!$B$15
Name Obosn: '06-04'!$B$15
Name Obosn: '07-01 изм.1'!$B$15

Sheet 01-02
H1: ФГУП "Комбинат "Электрохимприбор"
H2: (наименование стройки)
H4: ЛОКАЛЬНЫЙ СМЕТНЫЙ РАСЧЕТ № 01-02
H5: (локальная смета)
C7: на | D7: разборку и восстановление ограждения, Административно-бытовой корпус промплощадки 5
H8: (наименование работ и затрат, наименование объекта)
D10: Основание: Р-055/10674-294-ГП (л. 1-7)
D11: Сметная стоимость строительных работ _______________________________________________________________________________________________ | J11: ___________________________18,012 | L11: тыс. руб.
D12: Средства на оплату труда _______________________________________________________________________________________________ | J12: ___________________________3,979 | L12: тыс. руб.
D13: Сметная трудоемкость _______________________________________________________________________________________________ | J13: _______________________________________________________________________________________________249,95 | L13: чел.час
D14: Составлен в ценах 2001г.
A17: № пп | B17: Обосно- вание | C17: Наименование | D17: Ед. изм. | E17: Кол. | F17: Стоимость единицы, руб. | J17: Общая стоимость, руб. | N17: Т/з осн. раб.на ед. | O17: Т/з осн. раб. Всего | P17: Т/з мех. на ед. | Q17: Т/з мех. Всего
F18: Всего | G18: В том числе | J18: Всего | K18: В том числе
G19: Осн.З/п | H19: Эк.Маш | I19: З/пМех | K19: Осн.З/п | L19: Эк.Маш | M19: З/пМех
A20: 1 | B20: 2 | C20: 3 | D20: 4 | E20: 5 | F20: 6 | G20: 7 | H20: 8 | I20: 9 | J20: 10 | K20: 11 | L20: 12 | M20: 13 | N20: 14 | O20: 15 | P20: 16 | Q20: 17
A21: Раздел 1. Разборка и восстановление внешнего ограждения из профлиста
A22: 1 | B22: ТЕР09-04-006-01 примен. | C22: Демонтаж каркаса ограждения (5.Прил.9.3Разборка (демонтаж) металлических конструкций ОЗП=0,7; ЭМ=0,7 к расх.; ЗПМ=0,7; МАТ=0 к расх.; ТЗ=0,7; ТЗМ=0,7) | D22: 1 т конструкций | E22: 0.805 | F22: 785.15 | G22: 281.11 | H22: 504.04 | I22: 37.2 | J22: 632 | K22: 226 | L22: 406 | M22: 30 | N22: 19.84 | O22: 15.97 | P22: 2.04 | Q22: 1.64
A23: 2 | B23: ТЕР09-04-006-02 примен. | C23: Демонтаж ограждения из профилированного листа (5.Прил.9.3Разборка (демонтаж) металлических конструкций ОЗП=0,7; ЭМ=0,7 к расх.; ЗПМ=0,7; МАТ=0 к расх.; ТЗ=0,7; ТЗМ=0,7) | D23: 100 м2 | E23: 0,684 окр(31,11*2,2/100;3 | F23: 3070.34 | G23: 941.84 | H23: 2128.5 | I23: 219.61 | J23: 2100 | K23: 644 | L23: 1456 | M23: 150 | N23: 73.7 | O23: 50.41 | P23: 11.48 | Q23: 7.85
A24: 3 | B24: ТЕР09-04-006-01 | C24: Восстановление каркаса ограждения из ранее демонтированных конструкций (МАТ=0 к расх.) | D24: 1 т конструкций | E24: 0.805 | F24: 1121.63 | G24: 401.58 | H24: 720.05 | I24: 53.14 | J24: 903 | K24: 323 | L24: 580 | M24: 43 | N24: 28.34 | O24: 22.81 | P24: 2.91 | Q24: 2.34
A25: 4 | B25: ТЕР09-04-006-02 примен. | C25: Восстановление ограждения из профилированного листа (МАТ=0 к расх.) | D25: 100 м2 | E25: 0,684 окр(31,11*2,2/100;3 | F25: 4386.2 | G25: 1345.48 | H25: 3040.72 | I25: 313.73 | J25: 3000 | K25: 920 | L25: 2080 | M25: 215 | N25: 105.28 | O25: 72.01 | P25: 16.4 | Q25: 11.22
A26: 5 | B26: ТЕР09-04-006-01 | C26: Монтаж вновь возводимых конструкций каркаса | D26: 1 т конструкций | E26: 0.05 | F26: 1377.22 | G26: 401.58 | H26: 720.05 | I26: 53.14 | J26: 69 | K26: 20 | L26: 36 | M26: 3 | N26: 28.34 | O26: 1.42 | P26: 2.91 | Q26: 0.15
A27: 6 | B27: ТСЦ-103-8003 | C27: Столбы стальные из труб наружный диаметр 108 мм | D27: т | E27: 0.04 | F27: 9568.66 | J27: 383
A28: 7 | B28: ТСЦ-103-8002 | C28: Ригели стальные из труб диаметром 50 мм | D28: т | E28: 0.01 | F28: 8121.39 | J28: 81
A29: 8 | B29: ТЕР13-03-004-26 | C29: Окраска металлических огрунтованных поверхностей эмалью ПФ-115 | D29: 100 м2 окрашиваемой поверхности | E29: 0,015 окр((0,04*26,5+0,01*43,5)/100;3 | F29: 630.91 | G29: 48.95 | H29: 6.68 | I29: 0.16 | J29: 9 | K29: 1 | N29: 3.83 | O29: 0.06 | P29: 0.01
A30: 9 | B30: ТЕР09-04-006-02 примен. | C30: Монтаж ограждения из профилированного листа | D30: 100 м2 | E30: 0,018 окр(0,81*2,2/100;3 | F30: 4831.7 | G30: 1345.48 | H30: 3040.72 | I30: 313.73 | J30: 87 | K30: 24 | L30: 55 | M30: 6 | N30: 105.28 | O30: 1.9 | P30: 16.4 | Q30: 0.3
A31: 10 | B31: ТСЦ-101-3859 | C31: Профилированный настил оцинкованный С44-1000-0,7 | D31: т | E31: 0,014 окр(0,81*2,2*0,0074*1,03;3 | F31: 15136 | J31: 212
A32: Итого прямые затраты по разделу в ценах 2001г. | J32: 7476 | K32: 2158 | L32: 4613 | M32: 447 | O32: 164.58 | Q32: 23.5
A33: Накладные расходы | J33: 2345
A34: Сметная прибыль | J34: 2214
A35: Итого по разделу 1 Разборка и восстановление внешнего ограждения из профлиста | J35: 12035 | O35: 164.58 | Q35: 23.5
A36: Раздел 2. Разборка и восстановление внутреннего ограждения из металлической сетки
A37: 11 | B37: ТЕР07-01-054-11 примен. | C37: Демонтаж металлических оград по железобетонным столбам без цоколя из сетчатых панелей высотой до 1,7 м (Коэффициент на демонтаж (разборку) конструкций ОЗП=0,8; ЭМ=0,8 к расх.; ЗПМ=0,8; МАТ=0 к расх.; ТЗ=0,8; ТЗМ=0,8) | D37: 100 м ограды | E37: 0,297 29,7/100 | F37: 4182.44 | G37: 1659.24 | H37: 2523.2 | I37: 334.01 | J37: 1242 | K37: 493 | L37: 749 | M37: 99 | N37: 123.82 | O37: 36.77 | P37: 18.35 | Q37: 5.45
A38: 12 | B38: ТЕР07-01-054-11 | C38: Восстановление металлических оград по железобетонным столбам без цоколя из сетчатых панелей высотой до 1,7 м из ранее демонтированных конструкций (МАТ=0 к расх.) | D38: 100 м ограды | E38: 0,297 29,7/100 | F38: 5228.05 | G38: 2074.05 | H38: 3154 | I38: 417.51 | J38: 1553 | K38: 616 | L38: 937 | M38: 124 | N38: 154.78 | O38: 45.97 | P38: 22.94 | Q38: 6.81
A39: 13 | B39: ТЕР07-01-054-11 | C39: Установка металлических оград по железобетонным столбам без цоколя из сетчатых панелей высотой до 1,7 м (добавление нового материала) | D39: 100 м ограды | E39: 0,017 1,7/100 | F39: 13401.62 | G39: 2074.05 | H39: 3154 | I39: 417.51 | J39: 228 | K39: 35 | L39: 54 | M39: 7 | N39: 154.78 | O39: 2.63 | P39: 22.94 | Q39: 0.39
A40: Итого прямые затраты по разделу в ценах 2001г. | J40: 3023 | K40: 1144 | L40: 1740 | M40: 230 | O40: 85.37 | Q40: 12.65
A41: Накладные расходы | J41: 1786
A42: Сметная прибыль | J42: 1168
A43: Итого по разделу 2 Разборка и восстановление внутреннего ограждения из металлической сетки | J43: 5977 | O43: 85.37 | Q43: 12.65
A44: ИТОГИ ПО СМЕТЕ:
A45: Итого прямые затраты по смете в ценах 2001г. | J45: 10499 | K45: 3302 | L45: 6353 | M45: 677 | O45: 249.95 | Q45: 36.15
A46: Накладные расходы | J46: 4131
A47: В том числе, справочно:
A48: 90% ФОТ (от 2605) (Поз. 1-7, 9-10, 8) | J48: 2345
A49: 130% ФОТ (от 1374) (Поз. 11-13) | J49: 1786
A50: Сметная прибыль | J50: 3382
A51: В том числе, справочно:
A52: 70% ФОТ (от 1) (Поз. 8) | J52: 1
A53: 85% ФОТ (от 3978) (Поз. 1-7, 9-13) | J53: 3381
A54: Итоги по смете:
A55: Строительные металлические конструкции | J55: 12024 | O55: 164.52 | Q55: 23.5
A56: Защита строительных конструкций и оборудования от коррозии | J56: 11 | O56: 0.06
A57: Бетонные и железобетонные сборные конструкции в промышленном строительстве | J57: 5977 | O57: 85.37 | Q57: 12.65
A58: Итого | J58: 18012 | O58: 249.95 | Q58: 36.15
A59: В том числе:
A60: Материалы | J60: 844
A61: Машины и механизмы | J61: 6353
A62: ФОТ | J62: 3979
A63: Накладные расходы | J63: 4131
A64: Сметная прибыль | J64: 3382
A65: ВСЕГО по смете | J65: 18012 | O65: 249.95 | Q65: 36.15

Sheet 01-03
H1: ФГУП "Комбинат "Электрохимприбор"
H2: (наименование стройки)
H4: ЛОКАЛЬНЫЙ СМЕТНЫЙ РАСЧЕТ № 01-03
H5: (локальная смета)
C7: на | D7: разборку тротуара, Административно-бытовой корпус промплощадки 5
H8: (наименование работ и затрат, наименование объекта)
D10: Основание: Р-055/10674-294-ГП (л. 1-7)
D11: Сметная стоимость строительных работ _______________________________________________________________________________________________ | J11: ___________________________1,206 | L11: тыс. руб.
D12: Средства на оплату труда _______________________________________________________________________________________________ | J12: ___________________________0,138 | L12: тыс. руб.
D13: Сметная трудоемкость _______________________________________________________________________________________________ | J13: _______________________________________________________________________________________________8,81 | L13: чел.час
D14: Составлен в ценах по состоянию на 01.01.2001г
A17: № пп | B17: Обосно- вание | C17: Наименование | D17: Ед. изм. | E17: Кол. | F17: Стоимость единицы, руб. | J17: Общая стоимость, руб. | N17: Т/з осн. раб.на ед. | O17: Т/з осн. раб. Всего | P17: Т/з мех. на ед. | Q17: Т/з мех. Всего
F18: Всего | G18: В том числе | J18: Всего | K18: В том числе
G19: Осн.З/п | H19: Эк.Маш | I19: З/пМех | K19: Осн.З/п | L19: Эк.Маш | M19: З/пМех
A20: 1 | B20: 2 | C20: 3 | D20: 4 | E20: 5 | F20: 6 | G20: 7 | H20: 8 | I20: 9 | J20: 10 | K20: 11 | L20: 12 | M20: 13 | N20: 14 | O20: 15 | P20: 16 | Q20: 17
A21: Раздел 1. Разборка существующего асфальтобетонного тротуара
A22: 1 | B22: ТЕР27-03-008-04 | C22: Разборка покрытий асфальтобетонных | D22: 100 м3 конструкций | E22: 0,049 98*0,05/100 | F22: 9798.75 | G22: 2105.46 | H22: 7693.29 | I22: 716.85 | J22: 480 | K22: 103 | L22: 377 | M22: 35 | N22: 179.8 | O22: 8.81 | P22: 45.63 | Q22: 2.24
A23: 2 | B23: ФССЦпг01-01-01-042 | C23: Погрузочные работы при автомобильных перевозках: мусор строительный с погрузкой транспортерами (коэффициент перехода от ФЕР к ТЕР Свердловской обл. ОЗП=1,41; ЭМ=1,242; ЗПМ=1,242; МАТ=1,052) | D23: 1 т груза | E23: 10,3 98*0,05*2,1 | F23: 9.89 | H23: 9.89 | J23: 102 | L23: 102
A24: 3 | B24: ФССЦпг03-21-01-040 | C24: Перевозка грузов автомобилями-самосвалами грузоподъемностью 10 т, работающих вне карьера, на расстояние: до 40 км I класс груза (коэффициент перехода от ФЕР к ТЕР Свердловской обл. ОЗП=1,41; ЭМ=1,242; ЗПМ=1,242; МАТ=1,052) | D24: 1 т груза | E24: 10,3 98*0,05*2,1 | F24: 28.85 | H24: 28.85 | J24: 297 | L24: 297
A25: Итого прямые затраты по смете в ценах 2001г. | J25: 879 | K25: 103 | L25: 776 | M25: 35 | O25: 8.81 | Q25: 2.24
A26: Накладные расходы | J26: 196
A27: В том числе, справочно:
A28: 142% ФОТ (от 138) (Поз. 1) | J28: 196
A29: Сметная прибыль | J29: 131
A30: В том числе, справочно:
A31: 95% ФОТ (от 138) (Поз. 1) | J31: 131
A32: Итоги по смете:
A33: Автомобильные дороги | J33: 807 | O33: 8.81 | Q33: 2.24
A34: Погрузо-разгрузочные работы | J34: 102
A35: Перевозка грузов автотранспортом | J35: 297
A36: Итого | J36: 1206 | O36: 8.81 | Q36: 2.24
A37: В том числе:
A38: Машины и механизмы | J38: 776
A39: ФОТ | J39: 138
A40: Накладные расходы | J40: 196
A41: Сметная прибыль | J41: 131
A42: ВСЕГО по смете | J42: 1206 | O42: 8.81 | Q42: 2.24

Sheet 02-01-01 изм.1
H1: ФГУП "Комбинат "Электрохимприбор"
H2: (наименование стройки)
H4: ЛОКАЛЬНЫЙ СМЕТНЫЙ РАСЧЕТ № 02-01-01 изм.1
H5: (локальная смета)
C7: на | D7: Общестроительные работы, Административно-бытовой корпус промышленной площадки 5
H8: (наименование работ и затрат, наименование объекта)
D10: Основание: Р-055/10674-294_изм.2 (АС 1-26, КМ 1-11, КМ.СМ)
D11: Сметная стоимость строительных работ _______________________________________________________________________________________________ | J11: ___________________________1946,956 | L11: тыс. руб.
D12: Средства на оплату труда _______________________________________________________________________________________________ | J12: ___________________________84,311 | L12: тыс. руб.
D13: Сметная трудоемкость _______________________________________________________________________________________________ | J13: _______________________________________________________________________________________________6090,43 | L13: чел.час
D14: Составлен(а) в текущих (прогнозных) ценах 2001г.
A17: № пп | B17: Обосно- вание | C17: Наименование | D17: Ед. изм. | E17: Кол. | F17: Стоимость единицы, руб. | J17: Общая стоимость, руб. | N17: Т/з осн. раб.на ед. | O17: Т/з осн. раб. Всего | P17: Т/з мех. на ед. | Q17: Т/з мех. Всего
F18: Всего | G18: В том числе | J18: Всего | K18: В том числе
G19: Осн.З/п | H19: Эк.Маш | I19: З/пМех | K19: Осн.З/п | L19: Эк.Маш | M19: З/пМех
A20: 1 | B20: 2 | C20: 3 | D20: 4 | E20: 5 | F20: 6 | G20: 7 | H20: 8 | I20: 9 | J20: 10 | K20: 11 | L20: 12 | M20: 13 | N20: 14 | O20: 15 | P20: 16 | Q20: 17
A21: Раздел 1. Земляные работы
A22: 1 | B22: ТЕР01-01-013-08 | C22: Разработка грунта с погрузкой на автомобили-самосвалы экскаваторами с ковшом вместимостью 0,65 (0,5-1) м3, группа грунтов 2 | D22: 1000 м3 грунта | E22: 0,497 котлов*0,93/1000 | F22: 5028.78 | G22: 125.4 | H22: 4898.28 | I22: 559.88 | J22: 2499 | K22: 62 | L22: 2434 | M22: 278 | N22: 11.41 | O22: 5.67 | P22: 33.09 | Q22: 16.45
A23: 2 | B23: ТЕР01-02-057-02 | C23: Разработка грунта вручную в траншеях глубиной до 2 м без креплений с откосами, группа грунтов 2 | D23: 100 м3 грунта | E23: 0,37 котлов*0,07/100 | F23: 2030.95 | G23: 2030.95 | J23: 751 | K23: 751 | N23: 184.8 | O23: 68.38
A24: 3 | B24: ТЕР01-01-013-08 | C24: Погрузка грунта от ручной доработки на автомобили-самосвалы экскаваторами с ковшом вместимостью 0,65 (0,5-1) м3, группа грунтов 2 | D24: 1000 м3 грунта | E24: 0,037 котлов*0,07/1000 | F24: 5028.78 | G24: 125.4 | H24: 4898.28 | I24: 559.88 | J24: 186 | K24: 5 | L24: 181 | M24: 21 | N24: 11.41 | O24: 0.42 | P24: 33.09 | Q24: 1.22
A25: 4 | B25: ФССЦпг03-21-01-030 | C25: Перевозка грузов автомобилями-самосвалами грузоподъемностью 10 т, работающих вне карьера, на расстояние: до 30 км I класс груза | D25: 1 т груза | E25: 935 окр(котлов*1,75 | F25: 23.96 | H25: 23.96 | J25: 22403 | L25: 22403
A26: 5 | B26: ТСЦ-408-0200 примен. | C26: Непучинистый грунт для обратной засыпки | D26: м3 | E26: 497 окр(засып | F26: 138.7 | J26: 68934
A27: 6 | B27: ТЕР01-01-033-02 | C27: Засыпка траншей и котлованов с перемещением грунта до 5 м бульдозерами мощностью 59 кВт (80 л.с.), группа грунтов 2 | D27: 1000 м3 грунта | E27: 0,472 засып*0,95/1000 | F27: 822.69 | H27: 822.69 | I27: 138.55 | J27: 388 | L27: 388 | M27: 65 | P27: 8.87 | Q27: 4.19
A28: 7 | B28: ТЕР01-02-005-01 | C28: Уплотнение грунта пневматическими трамбовками, группа грунтов 1-2 | D28: 100 м3 уплотненного грунта | E28: 4,72 засып*0,95/100 | F28: 604.71 | G28: 150.49 | H28: 454.22 | I28: 47.48 | J28: 2854 | K28: 710 | L28: 2144 | M28: 224 | N28: 12.53 | O28: 59.14 | P28: 3.04 | Q28: 14.35
A29: 8 | B29: ТЕР01-02-061-02 | C29: Засыпка вручную траншей, пазух котлованов и ям, группа грунтов 2 | D29: 100 м3 грунта | E29: 0,25 засып*0,05/100 | F29: 1027.4 | G29: 1027.4 | J29: 257 | K29: 257 | N29: 97.2 | O29: 24.3
A30: Итого прямые затраты по разделу в ценах 2001г. | J30: 98272 | K30: 1785 | L30: 27550 | M30: 588 | O30: 157.91 | Q30: 36.21
A31: Накладные расходы | J31: 2103
A32: Сметная прибыль | J32: 1137
A33: Итоги по разделу 1 Земляные работы :
A34: Земляные работы, выполняемые механизированным способом | J34: 7907 | O34: 65.23 | Q34: 36.21
A35: Земляные работы, выполняемые ручным способом | J35: 2268 | O35: 92.68
A36: Перевозка грузов автотранспортом | J36: 22403
A37: Материалы | J37: 68934
A38: Итого | J38: 101512 | O38: 157.91 | Q38: 36.21
A39: В том числе:
A40: Материалы | J40: 68937
A41: Машины и механизмы | J41: 27550
A42: ФОТ | J42: 2373
A43: Накладные расходы | J43: 2103
A44: Сметная прибыль | J44: 1137
A45: Итого по разделу 1 Земляные работы | J45: 101512 | O45: 157.91 | Q45: 36.21
A46: Раздел 2. Фундаменты
A47: 9 | B47: ТЕР06-01-001-01 | C47: Устройство бетонной подготовки из бетона класса В7,5 9 627,53 = 64 980,89 - 102 x 542,68 | D47: 100 м3 бетона в деле | E47: 0,0645 (0,05*9+0,12*50) / 100 | F47: 9627.53 | G47: 1978.2 | H47: 4648.35 | I47: 327.6 | J47: 621 | K47: 128 | L47: 300 | M47: 21 | N47: 180 | O47: 11.61 | P47: 18 | Q47: 1.16
A48: 10 | B48: ТСЦ-401-0063 | C48: Бетон тяжелый, крупность заполнителя 20 мм, класс В7,5 (М100) | D48: м3 | E48: 6,579 6,45*1,02 | F48: 562.22 | J48: 3699
A49: 11 | B49: ТЕР06-01-001-05 | C49: Устройство железобетонных фундаментов общего назначения под колонны объемом до 3 м3 из бетона В25, F150, W6 24 021,86 = 84 260,08 - 101,5 x 593,48 | D49: 100 м3 железобетона в деле | E49: 0,4361 (0,29*9+0,82*50) / 100 | F49: 24021.86 | G49: 9438.42 | H49: 8067.04 | I49: 569.03 | J49: 10476 | K49: 4116 | L49: 3518 | M49: 248 | N49: 785.88 | O49: 342.72 | P49: 31.3 | Q49: 13.65
A50: 12 | B50: ТСЦ-401-0069 | C50: Бетон тяжелый, крупность заполнителя 20 мм, класс В25 (М350) | D50: м3 | E50: 44.26 | F50: 660.86 | J50: 29250
A51: 13 | B51: ТСЦ-401-0069 т.ч. | C51: Надбавка к оптовой цене 1 м3 бетона на водонепроницаемость W6 | D51: м3 | E51: 44.26 | F51: 7.72 | J51: 342
A52: 14 | B52: ТСЦ-204-0020 | C52: Горячекатаная арматурная сталь периодического профиля класса А-III, диаметром 8 мм | D52: т | E52: 0,228 окр((2,72*9+4,08*50)*0,001;3 | F52: 5156.3 | J52: 1176
A53: 15 | B53: ТСЦ-204-0035 | C53: Надбавки к ценам заготовок за сборку и сварку каркасов и сеток плоских, диаметром 8 мм | D53: т | E53: 0,228 окр((8*0,17*18+12*0,17*100)*0,001;3 | F53: 2484.5 | J53: 566
A54: 16 | B54: ТСЦ-204-0022 | C54: Горячекатаная арматурная сталь периодического профиля класса А-III, диаметром 12 мм | D54: т | E54: 0,424 окр((7,64*9+7,1*50)*0,001;3 | F54: 4874.75 | J54: 2067
A55: 17 | B55: ТСЦ-204-0037 | C55: Надбавки к ценам заготовок за сборку и сварку каркасов и сеток плоских, диаметром 12 мм | D55: т | E55: 0,424 окр((7,64*9+7,1*50)*0,001;3 | F55: 2069.7 | J55: 878
A56: 18 | B56: ТСЦ-204-0024 | C56: Горячекатаная арматурная сталь периодического профиля класса А-III, диаметром 16-18 мм | D56: т | E56: 1,024 окр((9,59*9+18,76*50)*0,001;3 | F56: 4637.68 | J56: 4749
A57: 19 | B57: ТСЦ-204-0039 | C57: Надбавки к ценам заготовок за сборку и сварку каркасов и сеток плоских, диаметром 16-18 мм | D57: т | E57: 1,024 окр((2*2,4*18+2*4,69*100)*0,001;3 | F57: 1743.8 | J57: 1786
A58: 20 | B58: ТСЦ-204-0002 | C58: Горячекатаная арматурная сталь гладкая класса А-I, диаметром 8 мм | D58: т | E58: 0,228 окр((2,66*9+4,08*50)*0,001;3 | F58: 4637.68 | J58: 1057
A59: 21 | B59: ТЕР06-01-015-08 | C59: Установка закладных деталей весом до 20 кг | D59: 1 т | E59: 0,071 окр(7,9*9*0,001;3 | F59: 7992.38 | G59: 807.95 | H59: 42.05 | I59: 2.73 | J59: 567 | K59: 57 | L59: 3 | N59: 63.22 | O59: 4.49 | P59: 0.15 | Q59: 0.01
A60: 22 | B60: ТЕР06-01-015-09 | C60: Установка закладных деталей весом более 20 кг | D60: 1 т | E60: 1,425 окр(28,5*50*0,001;3 | F60: 7463.03 | G60: 278.6 | H60: 42.05 | I60: 2.73 | J60: 10635 | K60: 397 | L60: 60 | M60: 4 | N60: 21.8 | O60: 31.07 | P60: 0.15 | Q60: 0.21
A61: 23 | B61: ТЕР13-09-001-07 | C61: Металлизация при производстве работ на строительно-монтажной площадке алюминиевой проволокой диаметром до 1,8 мм мелких деталей | D61: 1 м2 покрытия | E61: 24,93 окр((0,6*9*32,1+6,3*9*21,5+21,9*50*21,5)*0,001;2 | F61: 131.39 | G61: 19.89 | H61: 43.12 | I61: 14.12 | J61: 3276 | K61: 496 | L61: 1075 | M61: 352 | N61: 1.29 | O61: 32.16 | P61: 0.89 | Q61: 22.19
A62: 24 | B62: ТЕР08-01-003-07 | C62: Гидроизоляция боковая обмазочная битумная в 2 слоя по выровненной поверхности бутовой кладки, кирпичу, бетону | D62: 100 м2 изолируемой поверхности | E62: 3,18 ГИ1/100 | F62: 1496.69 | G62: 284.08 | H62: 104.01 | J62: 4759 | K62: 903 | L62: 331 | N62: 21.2 | O62: 67.42
A63: 25 | B63: ТЕР11-01-004-05 | C63: Устройство гидроизоляции обмазочной в один слой толщиной 2 мм | D63: 100 м2 изолируемой поверхности | E63: 0,501 ГИ2/100 | F63: 1498.8 | G63: 415.88 | H63: 223.72 | I63: 2.81 | J63: 751 | K63: 208 | L63: 112 | M63: 1 | N63: 26.97 | O63: 13.51 | P63: 0.18 | Q63: 0.09
A64: 26 | B64: ТЕР11-01-004-06 | C64: Устройство гидроизоляции обмазочной на каждый последующий слой толщиной 1 мм добавлять к расценке 11-01-004-05 | D64: 100 м2 изолируемой поверхности | E64: 0,501 ГИ2/100 | F64: 475.64 | G64: 140.32 | H64: 115.29 | I64: 1.56 | J64: 238 | K64: 70 | L64: 58 | M64: 1 | N64: 9.1 | O64: 4.56 | P64: 0.1 | Q64: 0.05
A65: Приямок
A66: 27 | B66: ТЕР06-01-001-01 | C66: Устройство бетонной подготовки из бетона кл. В7,5 9 627,53 = 64 980,89 - 102 x 542,68 | D66: 100 м3 бетона в деле | E66: 0,002 0,19/100 | F66: 9627.53 | G66: 1978.2 | H66: 4648.35 | I66: 327.6 | J66: 19 | K66: 4 | L66: 9 | M66: 1 | N66: 180 | O66: 0.36 | P66: 18 | Q66: 0.04
A67: 28 | B67: ТСЦ-401-0063 | C67: Бетон тяжелый, крупность заполнителя 20 мм, класс В7,5 (М100) | D67: м3 | E67: 0.204 | F67: 562.22 | J67: 115
A68: 29 | B68: ТЕР06-01-046-10 | C68: Устройство приямка из бетона В25, F150, W6 23 075,62 = 83 313,84 - 101,5 x 593,48 | D68: 100 м3 железобетона в деле | E68: 0,1142 11,42/100 | F68: 23075.62 | G68: 10869.05 | H68: 9423.19 | I68: 1301.48 | J68: 2635 | K68: 1241 | L68: 1076 | M68: 149 | N68: 905 | O68: 103.35 | P68: 71.51 | Q68: 8.17
A69: 30 | B69: ТСЦ-401-0069 | C69: Бетон тяжелый, крупность заполнителя 20 мм, класс В25 (М350) | D69: м3 | E69: 11.59 | F69: 660.86 | J69: 7659
A70: 31 | B70: ТСЦ-401-0069 т.ч. | C70: Надбавка к оптовой цене 1 м3 бетона на водонепроницаемость W6 | D70: м3 | E70: 11.59 | F70: 7.72 | J70: 89
A71: 32 | B71: ТСЦ-204-0001 | C71: Горячекатаная арматурная сталь гладкая класса А-I, диаметром 6 мм | D71: т | E71: 0,00198 1,98*0,001 | F71: 4815.5 | J71: 10
A72: 33 | B72: ТСЦ-204-0022 | C72: Горячекатаная арматурная сталь периодического профиля класса А-III, диаметром 12 мм | D72: т | E72: 0,24558 245,58*0,001 | F72: 4874.75 | J72: 1197
A73: 34 | B73: ТСЦ-204-0037 | C73: Надбавки к ценам заготовок за сборку и сварку каркасов и сеток плоских, диаметром 12 мм | D73: т | E73: 0,23498 (32,86+118,28+83,84)*0,001 | F73: 2069.7 | J73: 486
A74: 35 | B74: ТЕР06-01-015-08 | C74: Установка закладных деталей весом до 20 кг | D74: 1 т | E74: 0,018 окр(4,4*4,1*0,001;4 | F74: 7992.38 | G74: 807.95 | H74: 42.05 | I74: 2.73 | J74: 144 | K74: 15 | L74: 1 | N74: 63.22 | O74: 1.14 | P74: 0.15
A75: 36 | B75: ТЕР13-09-001-07 | C75: Металлизация при производстве работ на строительно-монтажной площадке алюминиевой проволокой диаметром до 1,8 мм мелких деталей | D75: 1 м2 покрытия | E75: 0,87 окр(16,72*52*0,001;2 | F75: 131.39 | G75: 19.89 | H75: 43.12 | I75: 14.12 | J75: 114 | K75: 17 | L75: 38 | M75: 12 | N75: 1.29 | O75: 1.12 | P75: 0.89 | Q75: 0.77
A76: 37 | B76: ТЕР06-01-015-06 | C76: Установка стальных конструкций, остающихся в теле бетона (ходовых скоб) | D76: 1 т | E76: 0,0074 окр(9*0,82*0,001;4 | F76: 11035.04 | G76: 627.77 | H76: 589.31 | I76: 31.85 | J76: 82 | K76: 5 | L76: 4 | N76: 46.33 | O76: 0.34 | P76: 1.75 | Q76: 0.01
A77: 38 | B77: ТЕР08-02-007-03 | C77: Перекрытие приямка щитом Щ1 | D77: 1 т металлических изделий | E77: 0,05613 56,13*0,001 | F77: 13548.91 | G77: 591.3 | H77: 373.12 | I77: 12.56 | J77: 761 | K77: 33 | L77: 21 | M77: 1 | N77: 47.38 | O77: 2.66 | P77: 0.69 | Q77: 0.04
A78: 39 | B78: ТЕР13-03-004-26 | C78: Окраска металлических огрунтованных поверхностей эмалью ПФ-115 за 2 раза (ходовых скоб и щита) | D78: 100 м2 окрашиваемой поверхности | E78: 0,034 окр1/100 | F78: 1261.82 | G78: 97.9 | H78: 13.36 | I78: 0.32 | J78: 43 | K78: 3 | N78: 7.66 | O78: 0.26 | P78: 0.02
A79: 40 | B79: ТЕР26-01-037-01 | C79: Изоляция изделиями из волокнистых и зернистых материалов на битуме холодных поверхностей стен и колонн прямоугольных | D79: 1 м3 изоляции | E79: 0.7 | F79: 2061.08 | G79: 271.54 | H79: 110.02 | J79: 1443 | K79: 190 | L79: 77 | N79: 20.04 | O79: 14.03
A80: Итого прямые затраты по разделу в ценах 2001г. | J80: 91690 | K80: 7883 | L80: 6683 | M80: 790 | O80: 630.8 | Q80: 46.39
A81: Накладные расходы | J81: 9174
A82: Сметная прибыль | J82: 5860
A83: Итоги по разделу 2 Фундаменты :
A84: Бетонные и железобетонные монолитные конструкции в промышленном строительстве | J84: 90730 | O84: 495.08 | Q84: 23.25
A85: Материалы | J85: 431
A86: Защита строительных конструкций и оборудования от коррозии | J86: 4841 | O86: 33.54 | Q86: 22.96
A87: Конструкции из кирпича и блоков | J87: 7413 | O87: 70.08 | Q87: 0.04
A88: Полы | J88: 1543 | O88: 18.07 | Q88: 0.14
A89: Теплоизоляционные работы | J89: 1766 | O89: 14.03
A90: Итого | J90: 106724 | O90: 630.8 | Q90: 46.39
A91: В том числе:
A92: Материалы | J92: 77124
A93: Машины и механизмы | J93: 6683
A94: ФОТ | J94: 8673
A95: Накладные расходы | J95: 9174
A96: Сметная прибыль | J96: 5860
A97: Итого по разделу 2 Фундаменты | J97: 106724 | O97: 630.8 | Q97: 46.39
A98: Раздел 3. Модульные конструкции
A99: 41 | B99: ТЕР09-04-002-03 примен. | C99: Раскладка панелей основания на фундамент | D99: 100 м2 покрытия | E99: 3,4 340/100 | F99: 2708.12 | G99: 594.99 | H99: 1925.66 | I99: 172.5 | J99: 9208 | K99: 2023 | L99: 6547 | M99: 587 | N99: 46.56 | O99: 158.3 | P99: 9.74 | Q99: 33.12
A100: 42 | B100: ТСЦ-201-0262 примен. | C100: Панели основания металлодеревянные с утеплителем | D100: м2 | E100: 340 | F100: 560.87 | J100: 190696
A101: 43 | B101: ТЕР09-03-002-01 примен. | C101: Монтаж угловых несущих стоек из профилированной трубы | D101: 1 т конструкций | E101: 8.52 | F101: 524.12 | G101: 135.48 | H101: 333.46 | I101: 34.95 | J101: 4466 | K101: 1154 | L101: 2841 | M101: 298 | N101: 10.47 | O101: 89.2 | P101: 1.91 | Q101: 16.27
A102: 44 | B102: ТСЦ-103-1554 | C102: Трубы стальные квадратные | D102: м | E102: 140 | F102: 642.99 | J102: 90019
A103: 45 | B103: ТЕР09-04-006-01 примен. | C103: Установка рамных элементов для крепления окон и дверей | D103: 1 т конструкций | E103: 0.741 | F103: 1377.22 | G103: 401.58 | H103: 720.05 | I103: 53.14 | J103: 1021 | K103: 298 | L103: 534 | M103: 39 | N103: 28.34 | O103: 21 | P103: 2.91 | Q103: 2.16
A104: 46 | B104: ТСЦ-101-1641 | C104: Сталь угловая равнополочная, марка стали ВСт3кп2, размером 50x50x5 мм | D104: т | E104: 0.741 | F104: 5890.5 | J104: 4365
A105: 47 | B105: ТЕР13-03-002-04 | C105: Огрунтовка металлических поверхностей за один раз грунтовкой ГФ-017 Р (за 2 раза) 131,86 = 417,46 - 0,012 x 23 800,00 | D105: 100 м2 окрашиваемой поверхности | E105: 1,305 окр((8,52*10,8+0,741*52)/100;3 | F105: 263.72 | G105: 159.3 | H105: 20.3 | I105: 0.32 | J105: 344 | K105: 208 | L105: 26 | N105: 10.62 | O105: 13.86 | P105: 0.02 | Q105: 0.03
...

Sheet 02-01-02 изм.1
H1: ЛОКАЛЬНЫЙ СМЕТНЫЙ РАСЧЕТ № 02-01-02 изм.1
H2: (локальная смета)
C4: на | D4: водопровод и канализацию, Административно-бытовой корпус промышленной площадки 5
H5: (наименование работ и затрат, наименование объекта)
D7: Основание: Р-055/10674-294-ВК изм1
D8: Сметная стоимость строительных работ _______________________________________________________________________________________________ | J8: ___________________________82,114 | L8: тыс. руб.
D9: Средства на оплату труда _______________________________________________________________________________________________ | J9: ___________________________6,815 | L9: тыс. руб.
D10: Сметная трудоемкость _______________________________________________________________________________________________ | J10: _______________________________________________________________________________________________560,05 | L10: чел.час
D11: Составлен(а) в текущих (прогнозных) ценах 2001г.
A14: № пп | B14: Обосно- вание | C14: Наименование | D14: Ед. изм. | E14: Кол. | F14: Стоимость единицы, руб. | J14: Общая стоимость, руб. | N14: Т/з осн. раб.на ед. | O14: Т/з осн. раб. Всего | P14: Т/з мех. на ед. | Q14: Т/з мех. Всего
F15: Всего | G15: В том числе | J15: Всего | K15: В том числе
G16: Осн.З/п | H16: Эк.Маш | I16: З/пМех | K16: Осн.З/п | L16: Эк.Маш | M16: З/пМех
A17: 1 | B17: 2 | C17: 3 | D17: 4 | E17: 5 | F17: 6 | G17: 7 | H17: 8 | I17: 9 | J17: 10 | K17: 11 | L17: 12 | M17: 13 | N17: 14 | O17: 15 | P17: 16 | Q17: 17
A18: Раздел 1.
A19: Хозяйственно-питьевой водопровод В1
A20: 1 | B20: ТЕР16-06-005-01 | C20: Установка счетчиков (водомеров) диаметром до 40 мм 7,47 = 1 266,37 - 1 x 1 258,90 | D20: 1 счетчик (водомер) | E20: 2 1+1 | F20: 7.47 | G20: 5.43 | H20: 1.09 | J20: 15 | K20: 11 | L20: 2 | N20: 0.41 | O20: 0.82
A21: 2 | B21: ТСЦ-301-3151 | C21: Счетчик холодной воды, марка ВСХ-20 | D21: шт. | E21: 1 | F21: 1350.26 | J21: 1350
A22: 3 | B22: ТСЦ-301-3140 | C22: Счетчик холодной воды, марка ВСХ-15 | D22: шт. | E22: 1 | F22: 157.8 | J22: 158
A23: 4 | B23: ТЕР18-07-001-02 | C23: Установка манометров с трехходовым краном | D23: 1 компл. | E23: 1 | F23: 244.31 | G23: 3.07 | J23: 244 | K23: 3 | N23: 0.22 | O23: 0.22
A24: 5 | B24: ФССЦ-301-2993 | C24: Фильтр магнитный муфтовый ФММ-40 | D24: шт. | E24: 1 | F24: 641.14 | J24: 641
A25: 6 | B25: ФССЦ-301-1312 | C25: Фильтр магнитный муфтовый ФММ-32 | D25: шт. | E25: 1 | F25: 475.19 | J25: 475
A26: 7 | B26: ТЕР16-05-001-03 | C26: Установка вентилей, задвижек, затворов, клапанов обратных, кранов проходных на трубопроводах из стальных труб диаметром до 100 мм 99,87 = 278,39 - 2 x 89,26 | D26: 1 шт. | E26: 1 | F26: 99.87 | G26: 37.19 | H26: 11.67 | I26: 0.36 | J26: 100 | K26: 37 | L26: 12 | N26: 2.91 | O26: 2.91 | P26: 0.02 | Q26: 0.02
A27: 8 | B27: прайс-лист "Ураларматура" от 12.09.2013 | C27: Задвижка чугунная 30ч39р МЗВ д 65мм | D27: шт | E27: 1 | F27: 603,38 3980/1,18/5,59 | J27: 603
A28: 9 | B28: ТСЦ-507-1001 | C28: Фланцы стальные плоские приварные из стали ВСт3сп2, ВСт3сп3, давлением 1,6 МПа (16 кгс/см2), диаметром 65 мм | D28: шт. | E28: 2 | F28: 66.64 | J28: 133
A29: 10 | B29: ТСЦ-302-1835 | C29: Кран шаровой муфтовый 11Б27П1, диаметром 40 мм | D29: шт. | E29: 3 | F29: 161.84 | J29: 486
A30: 11 | B30: ТСЦ-302-1834 | C30: Кран шаровой муфтовый 11Б27П1, диаметром 32 мм | D30: шт. | E30: 1 | F30: 117.5 | J30: 118
A31: 12 | B31: ТСЦ-302-1278 | C31: Вентили проходные муфтовые 15Б3Р для воды и пара давлением 1,0 МПа (10 кгс/см2) диаметром 20 мм | D31: шт. | E31: 1 | F31: 22.13 | J31: 22
A32: 13 | B32: ТСЦ-302-1832 | C32: Кран шаровой муфтовый 11Б27П1, диаметром 20 мм | D32: шт. | E32: 2 | F32: 39.32 | J32: 79
A33: 14 | B33: ТСЦ-302-1831 | C33: Кран шаровой муфтовый 11Б27П1, диаметром 15 мм | D33: шт. | E33: 6 | F33: 25.14 | J33: 151
A34: 15 | B34: ТЕР10-01-059-01 | C34: Установка столов, шкафов под мойки, холодильных шкафов и др. | D34: 100 шт. изделий | E34: 4 | F34: 3440.78 | G34: 848.44 | H34: 339.37 | I34: 27.02 | J34: 13763 | K34: 3394 | L34: 1357 | M34: 108 | N34: 75.15 | O34: 300.6 | P34: 1.73 | Q34: 6.92
A35: 16 | B35: прайс-лист "Холт-Групп" от 2кв. 2013г. | C35: Шкаф для пожарного крана Престиж ШП-03П | D35: шт | E35: 4 | F35: 341,74 2230/1,18/5,53 | J35: 1367
A36: 17 | B36: ТЕР16-07-001-01 | C36: Установка кранов пожарных диаметром 50 мм 258,64 = 12 778,04 - 10 x 1 251,94 | D36: 1 кран | E36: 4 | F36: 258.64 | G36: 12.1 | H36: 3.57 | I36: 0.18 | J36: 1035 | K36: 48 | L36: 14 | M36: 1 | N36: 1.01 | O36: 4.04 | P36: 0.01 | Q36: 0.04
A37: 18 | B37: прайс-лист РусАрсенал от 1кв. 2013г. | C37: Рукав пожарный напорный "Латексированный" Ф=50 мм скатка=20м | D37: скатка | E37: 4 | F37: 277,42 1807/1,18/5,52 | J37: 1110
A38: 19 | B38: ТСЦ-301-0626 | C38: Смесители для умывальников СМ-УМ-ЦА настольные, с верхней камерой смешения, центральные, с аэратором СМ-УМОЦБА | D38: компл. | E38: 3 | F38: 91.1 | J38: 273
A39: 20 | B39: ТЕР17-01-002-03 | C39: Установка смесителей для мойки С-МДРНЩнр 112,27 = 1 246,07 - 10 x 113,38 | D39: 10 шт. | E39: 0,1 1/10 | F39: 112.27 | G39: 94.85 | H39: 0.29 | J39: 11 | K39: 9 | N39: 7 | O39: 0.7
A40: 21 | B40: торговая сеть 3кв. 2013г. | C40: Смеситель для мойки со щеткой С-МДРНЩнр-15 | D40: шт. | E40: 1 | F40: 1085,47 7160/1,18/5,59 | J40: 1085
A41: 22 | B41: ТЕР16-04-001-02 | C41: Прокладка трубопроводов из полиэтиленовых труб высокой плотности диаметром 100 мм 1 062,92 = 8 610,79 - 99,8 x 75,63 | D41: 100 м трубопровода | E41: 0.04 | F41: 1062.92 | G41: 860.55 | H41: 36.81 | I41: 1.09 | J41: 43 | K41: 34 | L41: 1 | N41: 61.6 | O41: 2.46 | P41: 0.06
A42: 23 | B42: ТСЦ-507-2841 | C42: Труба ПЭ 80 SDR 13,6, наружный диаметр 75 мм (ГОСТ 18599-2001) | D42: 10 м | E42: 0.4 | F42: 284.03 | J42: 114
A43: 24 | B43: ТЕР16-02-002-07 | C43: Прокладка трубопроводов водоснабжения из стальных водогазопроводных оцинкованных труб диаметром 65 мм | D43: 100 м трубопровода | E43: 0,27 27/100 | F43: 12178.01 | G43: 789.99 | H43: 188.31 | I43: 5.1 | J43: 3288 | K43: 213 | L43: 51 | M43: 1 | N43: 61.05 | O43: 16.48 | P43: 0.28 | Q43: 0.08
A44: 25 | B44: ТЕР16-02-002-06 | C44: Прокладка трубопроводов водоснабжения из стальных водогазопроводных оцинкованных труб диаметром 50 мм | D44: 100 м трубопровода | E44: 0,13 13/100 | F44: 10345.12 | G44: 645.39 | H44: 142.18 | I44: 3.82 | J44: 1345 | K44: 84 | L44: 18 | N44: 47.63 | O44: 6.19 | P44: 0.21 | Q44: 0.03
A45: 26 | B45: ТЕР16-02-002-05 | C45: Прокладка трубопроводов водоснабжения из стальных водогазопроводных оцинкованных труб диаметром 40 мм | D45: 100 м трубопровода | E45: 0,2 20/100 | F45: 8494.65 | G45: 502.3 | H45: 79.16 | I45: 2.73 | J45: 1699 | K45: 100 | L45: 16 | M45: 1 | N45: 37.07 | O45: 7.41 | P45: 0.15 | Q45: 0.03
A46: 27 | B46: ТЕР16-02-002-04 | C46: Прокладка трубопроводов водоснабжения из стальных водогазопроводных оцинкованных труб диаметром 32 мм | D46: 100 м трубопровода | E46: 0,12 12/100 | F46: 7311.57 | G46: 502.3 | H46: 79.16 | I46: 2.73 | J46: 877 | K46: 60 | L46: 9 | N46: 37.07 | O46: 4.45 | P46: 0.15 | Q46: 0.02
A47: 28 | B47: ТЕР16-02-002-02 | C47: Прокладка трубопроводов водоснабжения из стальных водогазопроводных оцинкованных труб диаметром 20 мм | D47: 100 м трубопровода | E47: 0,08 8/100 | F47: 5654.2 | G47: 502.3 | H47: 79.16 | I47: 2.73 | J47: 452 | K47: 40 | L47: 6 | N47: 37.07 | O47: 2.97 | P47: 0.15 | Q47: 0.01
A48: 29 | B48: ТЕР16-02-002-01 | C48: Прокладка трубопроводов водоснабжения из стальных водогазопроводных оцинкованных труб диаметром 15 мм | D48: 100 м трубопровода | E48: 0,26 26/100 | F48: 5020.27 | G48: 502.3 | H48: 79.16 | I48: 2.73 | J48: 1305 | K48: 131 | L48: 21 | M48: 1 | N48: 37.07 | O48: 9.64 | P48: 0.15 | Q48: 0.04
A49: 30 | B49: ТСЦ-301-1224 | C49: Крепления для трубопроводов: кронштейны, планки, хомуты | D49: кг | E49: 9 | F49: 17.02 | J49: 153
A50: 31 | B50: ТЕР16-07-005-01 | C50: Гидравлическое испытание трубопроводов систем отопления, водопровода и горячего водоснабжения диаметром: до 50 мм | D50: 100 м трубопровода | E50: 1,06 106/100 | F50: 104.4 | G50: 82.16 | H50: 15.29 | J50: 111 | K50: 87 | L50: 16 | N50: 5.01 | O50: 5.31
A51: 32 | B51: ТСЦ-301-1520 | C51: Подводка гибкая армированная резиновая 500 мм | D51: шт. | E51: 5 | F51: 33.31 | J51: 167
A52: 33 | B52: ТСЦ-301-0608 | C52: Рукава резинотканевые напорно-всасывающие для воды давлением 1 МПа (10 кгс/см2), диаметром 25 мм | D52: м | E52: 1 | F52: 59.12 | J52: 59
A53: 34 | B53: ТСЦ-507-0717 | C53: Втулка полиэтиленовая с удлиненным хвостовиком под фланец SDR 11, диаметр 63 мм (ТУ2248-001-18425183-01) | D53: шт. | E53: 1 | F53: 96.39 | J53: 96
A54: 35 | B54: ТЕР16-02-007-02 | C54: Установка фланцевых соединений на стальных трубопроводах диаметром 65 мм 50,86 = 155,60 - 2 x 52,37 | D54: 1 соединение | E54: 0.5 | F54: 50.86 | G54: 20.4 | H54: 7.82 | J54: 25 | K54: 10 | L54: 4 | N54: 1.46 | O54: 0.73
A55: 36 | B55: ООО "Трубпластснаб" 1кв. 2013г. | C55: Фланец расточенный Ф63 | D55: шт. | E55: 1 | F55: 49,63 323,25/1,18/5,52 | J55: 50
A56: 37 | B56: ТЕР26-01-017-01 | C56: Изоляция трубопроводов изделиями из вспененного каучука ("Армофлекс"), вспененного полиэтилена ("Термофлекс"): трубками 259,25 = 1 189,41 - 11 x 84,56 | D56: 10 м трубопровода | E56: 2,3 23/10 | F56: 259.25 | G56: 49.17 | H56: 28.25 | J56: 596 | K56: 113 | L56: 65 | N56: 3.52 | O56: 8.1
A57: 38 | B57: ТСЦ-104-0272 | C57: Трубки из вспененного полиэтилена, внутренний диаметр 48 мм, толщина 9 мм | D57: м | E57: 17,6 16*1,1 | F57: 21 | J57: 370
A58: 39 | B58: ТСЦ-104-0271 | C58: Трубки из вспененного полиэтилена, внутренний диаметр 45 мм, толщина 9 мм | D58: м | E58: 7,7 7*1,1 | F58: 19.09 | J58: 147
A59: 40 | B59: ТЕР13-03-002-04 | C59: Огрунтовка металлических поверхностей за один раз грунтовкой ГФ-021 | D59: 100 м2 окрашиваемой поверхности | E59: 0,2211 (0,31*27+0,26*13+0,21*20+0,18*12+1+3)/100 | F59: 417.46 | G59: 79.65 | H59: 10.15 | I59: 0.16 | J59: 92 | K59: 18 | L59: 2 | N59: 5.31 | O59: 1.17 | P59: 0.01
A60: 41 | B60: ТЕР13-03-004-26 | C60: Окраска металлических огрунтованных поверхностей эмалью ПФ-115 | D60: 100 м2 окрашиваемой поверхности | E60: 0.22 | F60: 1261.82 | G60: 97.9 | H60: 13.36 | I60: 0.32 | J60: 278 | K60: 22 | L60: 3 | N60: 7.66 | O60: 1.69 | P60: 0.02
A61: Водопровод горячей воды Т3
A62: 42 | B62: ТСЦ-302-1834 | C62: Кран шаровой муфтовый 11Б27П1, диаметром 32 мм | D62: шт. | E62: 1 | F62: 117.5 | J62: 118
A63: 43 | B63: ТСЦ-302-1831 | C63: Кран шаровой муфтовый 11Б27П1, диаметром 15 мм | D63: шт. | E63: 4 | F63: 25.14 | J63: 101
A64: 44 | B64: ТЕР16-02-002-04 | C64: Прокладка трубопроводов водоснабжения из стальных водогазопроводных оцинкованных труб диаметром 32 мм | D64: 100 м трубопровода | E64: 0,1 10/100 | F64: 7311.57 | G64: 502.3 | H64: 79.16 | I64: 2.73 | J64: 731 | K64: 50 | L64: 8 | N64: 37.07 | O64: 3.71 | P64: 0.15 | Q64: 0.02
A65: 45 | B65: ТЕР16-02-002-03 | C65: Прокладка трубопроводов водоснабжения из стальных водогазопроводных оцинкованных труб диаметром 25 мм | D65: 100 м трубопровода | E65: 0,03 3/100 | F65: 6208.42 | G65: 502.3 | H65: 79.16 | I65: 2.73 | J65: 186 | K65: 15 | L65: 2 | N65: 37.07 | O65: 1.11 | P65: 0.15
A66: 46 | B66: ТЕР16-02-002-02 | C66: Прокладка трубопроводов водоснабжения из стальных водогазопроводных оцинкованных труб диаметром 20 мм | D66: 100 м трубопровода | E66: 0,09 9/100 | F66: 5654.2 | G66: 502.3 | H66: 79.16 | I66: 2.73 | J66: 509 | K66: 45 | L66: 7 | N66: 37.07 | O66: 3.34 | P66: 0.15 | Q66: 0.01
A67: 47 | B67: ТЕР16-02-002-01 | C67: Прокладка трубопроводов водоснабжения из стальных водогазопроводных оцинкованных труб диаметром 15 мм | D67: 100 м трубопровода | E67: 0,28 28/100 | F67: 5020.27 | G67: 502.3 | H67: 79.16 | I67: 2.73 | J67: 1406 | K67: 141 | L67: 22 | M67: 1 | N67: 37.07 | O67: 10.38 | P67: 0.15 | Q67: 0.04
A68: 48 | B68: ТЕР16-07-005-01 | C68: Гидравлическое испытание трубопроводов систем отопления, водопровода и горячего водоснабжения диаметром: до 50 мм | D68: 100 м трубопровода | E68: 0,5 50/100 | F68: 104.4 | G68: 82.16 | H68: 15.29 | J68: 52 | K68: 41 | L68: 8 | N68: 5.01 | O68: 2.51
A69: 49 | B69: ТСЦ-301-1224 | C69: Крепления для трубопроводов: кронштейны, планки, хомуты | D69: кг | E69: 3 | F69: 17.02 | J69: 51
A70: 50 | B70: ТЕР13-03-002-04 | C70: Огрунтовка металлических поверхностей за один раз грунтовкой ГФ-021 | D70: 100 м2 окрашиваемой поверхности | E70: 0,05 окр((3*0,18+3*0,16+9*0,13+30*0,11)/100;2 | F70: 417.46 | G70: 79.65 | H70: 10.15 | I70: 0.16 | J70: 21 | K70: 4 | L70: 1 | N70: 5.31 | O70: 0.27 | P70: 0.01
A71: 51 | B71: ТЕР13-03-004-26 | C71: Окраска металлических огрунтованных поверхностей эмалью ПФ-115 | D71: 100 м2 окрашиваемой поверхности | E71: 0.05 | F71: 1261.82 | G71: 97.9 | H71: 13.36 | I71: 0.32 | J71: 63 | K71: 5 | L71: 1 | N71: 7.66 | O71: 0.38 | P71: 0.02
A72: 52 | B72: ТЕР26-01-017-01 | C72: Изоляция трубопроводов изделиями из вспененного каучука ("Армофлекс"), вспененного полиэтилена ("Термофлекс"): трубками 259,25 = 1 189,41 - 11 x 84,56 | D72: 10 м трубопровода | E72: 2,3 (7+3+9+4)/10 | F72: 259.25 | G72: 49.17 | H72: 28.25 | J72: 596 | K72: 113 | L72: 65 | N72: 3.52 | O72: 8.1
A73: 53 | B73: ТСЦ-104-0271 | C73: Трубки из вспененного полиэтилена, внутренний диаметр 45 мм, толщина 9 мм (Е42, Е35) | D73: м | E73: 11 10*1,1 | F73: 19.09 | J73: 210
A74: 54 | B74: ТСЦ-104-0269 | C74: Трубки из вспененного полиэтилена, внутренний диаметр 28 мм, толщина 9 мм | D74: м | E74: 9,9 1,1*9 | F74: 9.81 | J74: 97
A75: 55 | B75: ТСЦ-104-0267 | C75: Трубки из вспененного полиэтилена, внутренний диаметр 22 мм, толщина 9 мм | D75: м | E75: 4,4 1,1*4 | F75: 8.85 | J75: 39
A76: Хозяйственно-бытовая канализация К1
A77: 56 | B77: ТЕР17-01-003-01 | C77: Установка унитазов с бачком непосредственно присоединенным | D77: 10 компл. | E77: 0,2 2/10 | F77: 5639.05 | G77: 330.18 | H77: 56.04 | I77: 5 | J77: 1128 | K77: 66 | L77: 11 | M77: 1 | N77: 24.64 | O77: 4.93 | P77: 0.32 | Q77: 0.06
A78: 57 | B78: ТЕР17-01-001-18 | C78: Установка поддонов душевых чугунных и стальных мелких 315,54 = 5 313,64 - 10 x 499,81 | D78: 10 компл. | E78: 0,1 1/10 | F78: 315.54 | G78: 147.56 | H78: 76.95 | I78: 3.59 | J78: 32 | K78: 15 | L78: 8 | N78: 10.89 | O78: 1.09 | P78: 0.23 | Q78: 0.02
A79: 58 | B79: ТСЦ-301-0541 | C79: Поддоны душевые эмалированные стальные мелкие ПМС-2 с пластмассовым унифицированным сифоном | D79: компл. | E79: 1 | F79: 549.17 | J79: 549
A80: 59 | B80: ТСЦ-201-0382 | C80: Конструкции стальные нащельников и деталей обрамления - рама металлическая под поддон | D80: т | E80: 0.008 | F80: 11852.4 | J80: 95
A81: 60 | B81: ТЕР17-01-001-20 | C81: Установка кабин душевых с поддоном, смесителем | D81: 10 компл. | E81: 0,2 2/10 | F81: 60521.68 | G81: 828.72 | H81: 102.26 | I81: 10.41 | J81: 12104 | K81: 166 | L81: 20 | M81: 2 | N81: 61.16 | O81: 12.23 | P81: 0.61 | Q81: 0.12
A82: 61 | B82: ТЕР17-01-001-14 | C82: Установка умывальников одиночных: с подводкой холодной и горячей воды | D82: 10 компл. | E82: 0,3 3/10 | F82: 407.19 | G82: 293.36 | H82: 29.83 | I82: 2.03 | J82: 122 | K82: 88 | L82: 9 | M82: 1 | N82: 21.65 | O82: 6.5 | P82: 0.13 | Q82: 0.04
A83: 62 | B83: ТСЦ-301-0823 | C83: Умывальники полуфарфоровые и фарфоровые с кронштейнами, сифоном бутылочным латунным и выпуском, овальные со скрытыми установочными поверхностями без спинки размером 550х420х150 мм | D83: компл. | E83: 3 | F83: 185.03 | J83: 555
A84: 63 | B84: ТЕР17-01-001-23 | C84: Установка трапов диаметром 100 мм 188,61 = 2 317,01 - 10 x 212,84 | D84: 10 компл. | E84: 0,1 1/10 | F84: 188.61 | G84: 118.83 | H84: 24.77 | I84: 1.56 | J84: 19 | K84: 12 | L84: 2 | N84: 8.77 | O84: 0.88 | P84: 0.1 | Q84: 0.01
A85: 64 | B85: ООО "Обстройтех" 3кв. 2013г. | C85: Трап с сухим затвором с вертикальным выпуском Ф110 | D85: шт. | E85: 1 | F85: 56,96 375,71/1,18/5,59 | J85: 57
A86: 65 | B86: ТЕР16-04-001-01 | C86: Прокладка трубопроводов канализации из полиэтиленовых труб высокой плотности диаметром: 50 мм 978,44 = 5 197,98 - 99,8 x 42,28 | D86: 100 м трубопровода | E86: 0,08 8/100 | F86: 978.44 | G86: 897.43 | H86: 15.84 | I86: 0.36 | J86: 78 | K86: 72 | L86: 1 | N86: 64.24 | O86: 5.14 | P86: 0.02
A87: 66 | B87: ФССЦ-507-3340 | C87: Труба из полипропилена ПП Ф50 | D87: м | E87: 8 | F87: 46.39 | J87: 371
A88: 67 | B88: ТЕР16-04-001-02 | C88: Прокладка трубопроводов канализации из полиэтиленовых труб высокой плотности диаметром: 100 мм 1 062,92 = 8 610,79 - 99,8 x 75,63 | D88: 100 м трубопровода | E88: 0,37 37/100 | F88: 1062.92 | G88: 860.55 | H88: 36.81 | I88: 1.09 | J88: 393 | K88: 318 | L88: 14 | N88: 61.6 | O88: 22.79 | P88: 0.06 | Q88: 0.02
A89: 68 | B89: ФССЦ-507-3344 | C89: Труба из полипропилена ПП Ф100 | D89: м | E89: 37 | F89: 219.58 | J89: 8124
A90: 69 | B90: ТЕР16-01-004-02 | C90: Прокладка в траншеях трубопроводов из чугунных канализационных труб диаметром 100 мм | D90: 100 м трубопровода | E90: 0,12 12/100 | F90: 9809.73 | G90: 987.32 | H90: 151.41 | I90: 4 | J90: 1177 | K90: 118 | L90: 18 | N90: 76.3 | O90: 9.16 | P90: 0.22 | Q90: 0.03
A91: 70 | B91: ТЕР01-02-057-02 | C91: Разработка грунта вручную в траншеях глубиной до 2 м без креплений с откосами, группа грунтов: 2 | D91: 100 м3 грунта | E91: 0,34 34/100 | F91: 1692.46 | G91: 1692.46 | J91: 575 | K91: 575 | N91: 154 | O91: 52.36
A92: 71 | B92: ТЕР01-02-061-01 | C92: Засыпка вручную траншей, пазух котлованов и ям, группа грунтов 1 | D92: 100 м3 грунта | E92: 0,34 34/100 | F92: 935.45 | G92: 935.45 | J92: 318 | K92: 318 | N92: 88.5 | O92: 30.09
A93: 72 | B93: ТЕР15-04-041-06 | C93: Окраска за 2 раза кузбасским лаком | D93: 100 м2 окрашиваемой поверхности | E93: 0,0576 (0,48*12)/100 | F93: 881.42 | G93: 724.84 | H93: 1.49 | I93: 0.16 | J93: 51 | K93: 42 | N93: 57.39 | O93: 3.31 | P93: 0.01
A94: 73 | B94: ТЕР16-07-002-03 | C94: Установка воронок сливных диаметром 100 мм 14,56 = 65,05 - 1 x 50,49 | D94: 1 воронка | E94: 2 | F94: 14.56 | G94: 10.36 | J94: 29 | K94: 21 | N94: 0.83 | O94: 1.66
A95: 74 | B95: ТСЦ-507-2298 | C95: Переходы концентрические на Ру до 16 МПа (160 кгс/см2) диаметром условного прохода 100х50 мм, наружным диаметром и толщиной стенки 108х6-57х4 мм (114*4,0-57*3,0) | D95: шт. | E95: 2 | F95: 88.31 | J95: 177
A96: 75 | B96: ТСЦ-507-1973 | C96: Отводы 90 град. с радиусом кривизны R=1,5 Ду на Ру до 16 МПа (160 кгс/см2), диаметром условного прохода 50 мм, наружным диаметром 57 мм, толщиной стенки 3 мм (Отводы 180 град) | D96: шт. | E96: 4 | F96: 21.4 | J96: 86
A97: 76 | B97: Политэк СПБ 1 кв.2013г. | C97: Ревизия с крышкой ПП-110 | D97: шт | E97: 1 | F97: 17,92 116,7/1,18/5,52 | J97: 18
A98: 77 | B98: ТСЦ-301-1224 | C98: Крепления для трубопроводов: кронштейны, планки, хомуты | D98: кг | E98: 28,656 (0,234*24+0,96*24) | F98: 17.02 | J98: 488
A99: 78 | B99: ТЕР26-01-017-02 применит. | C99: Изоляция трубопроводов изделиями из вспененного каучука («Армофлекс»), вспененного полиэтилена («Термофлекс») пластинами (плитами) 259,25 = 2 636,42 - 6,33 x 375,54 | D99: 10 м трубопровода | E99: 1,2 12/10 | F99: 259.25 | G99: 49.17 | H99: 28.25 | J99: 311 | K99: 59 | L99: 34 | N99: 3.52 | O99: 4.22
A100: 79 | B100: "Термафлекс Изоляция" 2 кв.2013г. | C100: Изоляция Tнermasheet FR30 | D100: м2 | E100: 13.2 | F100: 298,83 1950/1,18/5,53 | J100: 3945
A101: Итого прямые затраты по смете в ценах 2001г. | J101: 69468 | K101: 6698 | L101: 1828 | M101: 117 | O101: 560.05 | Q101: 7.56
A102: Итого прямые затраты по смете с учетом коэффициентов к итогам | J102: 69717 | K102: 6698 | L102: 1828 | M102: 117 | O102: 560.05 | Q102: 7.56
A103: В том числе, справочно:
A104: Транспортные расходы на материалы по прайсам МАТ=1% (Поз. 8, 16, 18, 21, 36, 64, 76, 79) | J104: 83
...

Sheet 02-01-03 изм.1
H1: ФГУП "Комбинат "Электрохимприбор"
H2: (наименование стройки)
H4: ЛОКАЛЬНЫЙ СМЕТНЫЙ РАСЧЕТ № 02-01-03 изм.1
H5: (локальная смета)
C7: на | D7: Отопление, Административно-бытовой корпус промышленной площадки 5
H8: (наименование работ и затрат, наименование объекта)
D10: Основание: Р-055/10674-294-ОВ изм.1
D11: Сметная стоимость _______________________________________________________________________________________________ | J11: ___________________________187,011 | L11: тыс. руб.
D12: строительных работ _______________________________________________________________________________________________ | J12: _______________________________________________________________________________________________136,836 | L12: тыс. руб.
D13: монтажных работ _______________________________________________________________________________________________ | J13: _______________________________________________________________________________________________9,046 | L13: тыс. руб.
D14: оборудования _______________________________________________________________________________________________ | J14: _______________________________________________________________________________________________41,129 | L14: тыс. руб.
D15: Средства на оплату труда _______________________________________________________________________________________________ | J15: ___________________________4,757 | L15: тыс. руб.
D16: Сметная трудоемкость _______________________________________________________________________________________________ | J16: _______________________________________________________________________________________________346,81 | L16: чел.час
D17: Составлен(а) в текущих (прогнозных) ценах 2001г.
A20: № пп | B20: Обосно- вание | C20: Наименование | D20: Ед. изм. | E20: Кол. | F20: Стоимость единицы, руб. | J20: Общая стоимость, руб. | N20: Т/з осн. раб.на ед. | O20: Т/з осн. раб. Всего | P20: Т/з мех. на ед. | Q20: Т/з мех. Всего
F21: Всего | G21: В том числе | J21: Всего | K21: В том числе
G22: Осн.З/п | H22: Эк.Маш | I22: З/пМех | K22: Осн.З/п | L22: Эк.Маш | M22: З/пМех
A23: 1 | B23: 2 | C23: 3 | D23: 4 | E23: 5 | F23: 6 | G23: 7 | H23: 8 | I23: 9 | J23: 10 | K23: 11 | L23: 12 | M23: 13 | N23: 14 | O23: 15 | P23: 16 | Q23: 17
A24: Раздел 1. Отопление
A25: 1 | B25: ТЕР16-02-001-02 | C25: Прокладка трубопроводов отопления из стальных водогазопроводных неоцинкованных труб диаметром 20 мм | D25: 100 м трубопровода | E25: 1,07 107/100 | F25: 4340.3 | G25: 446.74 | H25: 69.04 | I25: 2.73 | J25: 4644 | K25: 478 | L25: 74 | M25: 3 | N25: 32.97 | O25: 35.28 | P25: 0.15 | Q25: 0.16
A26: 2 | B26: ТЕР16-02-001-03 | C26: Прокладка трубопроводов отопления из стальных водогазопроводных неоцинкованных труб диаметром 25 мм | D26: 100 м трубопровода | E26: 0,76 76/100 | F26: 4893.53 | G26: 446.74 | H26: 69.04 | I26: 2.73 | J26: 3719 | K26: 340 | L26: 52 | M26: 2 | N26: 32.97 | O26: 25.06 | P26: 0.15 | Q26: 0.11
A27: 3 | B27: ТЕР16-02-001-04 | C27: Прокладка трубопроводов отопления из стальных водогазопроводных неоцинкованных труб диаметром 32 мм | D27: 100 м трубопровода | E27: 0,54 54/100 | F27: 5528.68 | G27: 446.74 | H27: 69.04 | I27: 2.73 | J27: 2985 | K27: 241 | L27: 37 | M27: 1 | N27: 32.97 | O27: 17.8 | P27: 0.15 | Q27: 0.08
A28: 4 | B28: ТЕР16-02-001-05 | C28: Прокладка трубопроводов отопления из стальных водогазопроводных неоцинкованных труб диаметром 40 мм | D28: 100 м трубопровода | E28: 0,09 9/100 | F28: 6103.76 | G28: 446.74 | H28: 69.04 | I28: 2.73 | J28: 549 | K28: 40 | L28: 6 | N28: 32.97 | O28: 2.97 | P28: 0.15 | Q28: 0.01
A29: 5 | B29: ТЕР16-07-005-01 | C29: Гидравлическое испытание трубопроводов систем отопления, водопровода и горячего водоснабжения диаметром до 50 мм | D29: 100 м трубопровода | E29: 2,46 (107+76+54+9)/100 | F29: 104.4 | G29: 82.16 | H29: 15.29 | J29: 257 | K29: 202 | L29: 38 | N29: 5.01 | O29: 12.32
A30: 6 | B30: ТЕР18-03-001-02 | C30: Установка радиаторов стальных 2 426,28 = 20 364,28 - 100 x 179,38 | D30: 100 кВт радиаторов и конвекторов | E30: 0,307 30,7/100 | F30: 2426.28 | G30: 828.53 | H30: 270.15 | I30: 20.22 | J30: 745 | K30: 254 | L30: 83 | M30: 6 | N30: 65.6 | O30: 20.14 | P30: 1.28 | Q30: 0.39
A31: 7 | B31: ТСЦ-301-1239 | C31: Радиаторы алюминивые, марка «Calidor 97 Super 500», количество секций 1, мощность 199 Вт | D31: шт. | E31: 154 | F31: 228.36 | J31: 35167
A32: 8 | B32: ТЕР16-05-001-02 | C32: Установка вентилей, задвижек, затворов, клапанов обратных, кранов проходных на трубопроводах из стальных труб диаметром до 50 мм 50,52 = 138,58 - 2 x 44,03 | D32: 1 шт. | E32: 2 | F32: 50.52 | G32: 18.79 | H32: 5.32 | J32: 101 | K32: 38 | L32: 11 | N32: 1.47 | O32: 2.94
A33: 9 | B33: Прайс-лист ООО "Данфосс" 2кв. 2013г. | C33: Ручной балансировочный клапан MSV-F2 Ду32 код 003Z1088 (Цена=206,96х41,3/5,53) | D33: шт | E33: 2 | F33: 1545,65 206,96*41,3/5,53 | J33: 3091
A34: 10 | B34: ТСЦ-507-0998 | C34: Фланцы стальные плоские приварные из стали ВСт3сп2, ВСт3сп3, давлением 1,6 МПа (16 кгс/см2), диаметром 32 мм | D34: шт. | E34: 4 | F34: 27.73 | J34: 111
A35: 11 | B35: Прайс-лист ООО "Данфосс" 2кв. 2013г. | C35: Шаровой полнопроходной кран Danfoss с внутренней резьбой Ду20 код 065B8208 (Цена=9,06х41,3/5,53) | D35: шт | E35: 29 | F35: 67,66 9,06*41,3/5,53 | J35: 1962
A36: 12 | B36: Прайс-лист ООО "Данфосс" 2кв. 2013г. | C36: Шаровой полнопроходной кран Danfoss с внутренней резьбой Ду32 код 065B8210 (Цена=21,02х41,3/5,53) | D36: шт | E36: 2 | F36: 156,98 21,02*41,3/5,53 | J36: 314
A37: 13 | B37: ИЕР18-07-002-01 | C37: Установка терморегуляторов радиаторных для системы отопления | D37: 1 терморегулятор | E37: 25 | F37: 6.3 | G37: 6.3 | J37: 158 | K37: 158 | N37: 0.38 | O37: 9.5
A38: 14 | B38: Прайс-лист ООО "Данфосс" 2кв. 2013 | C38: Комплект терморегулятора для двухтрубной системы отопления, состоящий из клапана RA-N и термостата RA2940 код 013G2156 Ду20 (Цена=36,54х41,3/5,53) | D38: шт | E38: 25 | F38: 272,89 36,54*41,3/5,53 | J38: 6822
A39: 15 | B39: ТЕР18-07-001-05 | C39: Установка кранов воздушных 2,68 = 15,29 - 1 x 12,61 | D39: 1 компл. | E39: 25 | F39: 2.68 | G39: 1.73 | J39: 67 | K39: 43 | N39: 0.12 | O39: 3
A40: 16 | B40: ТСЦ-301-1307 | C40: Краны воздушные радиаторов диаметром 25 мм | D40: шт. | E40: 25 | F40: 3.14 | J40: 79
A41: 17 | B41: ТСЦ-301-1224 | C41: Крепления для трубопроводов: кронштейны, планки, хомуты | D41: кг | E41: 7 | F41: 17.02 | J41: 119
A42: 18 | B42: ТЕР13-03-004-26 | C42: Окраска металлических огрунтованных поверхностей краской Нержамет (за 2 раза) 65,66 = 630,91 - 0,019 x 29 750,00 | D42: 100 м2 окрашиваемой поверхности | E42: 0,38 38/100 | F42: 131.32 | G42: 97.9 | H42: 13.36 | I42: 0.32 | J42: 50 | K42: 37 | L42: 5 | N42: 7.66 | O42: 2.91 | P42: 0.02 | Q42: 0.01
A43: 19 | B43: Прайс-лист "КрасКо", 2кв.2013г. | C43: Краска для металла антикоррозионная Нержамет (Цена=173/1,18/5,53) | D43: кг | E43: 19 38/4*2 | F43: 26,51 173/1,18/5,53 | J43: 504
A44: 20 | B44: ТЕР13-03-002-04 | C44: Огрунтовка металлических поверхностей за один раз грунтовкой ГФ-021 | D44: 100 м2 окрашиваемой поверхности | E44: 0,02 2/100 | F44: 417.46 | G44: 79.65 | H44: 10.15 | I44: 0.16 | J44: 8 | K44: 2 | N44: 5.31 | O44: 0.11 | P44: 0.01
A45: 21 | B45: ТЕР13-03-004-23 | C45: Окраска металлических огрунтованных поверхностей краской БТ-177 серебристой | D45: 100 м2 окрашиваемой поверхности | E45: 0,04 4/100 | F45: 388.79 | G45: 36.81 | H45: 13.3 | I45: 0.16 | J45: 16 | K45: 1 | L45: 1 | N45: 2.88 | O45: 0.12 | P45: 0.01
A46: 22 | B46: ТЕР26-01-017-01 | C46: Изоляция трубопроводов изделиями из вспененного каучука («Армофлекс»), вспененного полиэтилена («Термофлекс») трубками 259,25 = 1 189,41 - 11 x 84,56 | D46: 10 м трубопровода | E46: 0,9 9/10 | F46: 259.25 | G46: 49.17 | H46: 28.25 | J46: 233 | K46: 44 | L46: 25 | N46: 3.52 | O46: 3.17
A47: 23 | B47: ФССЦ-104-0374 | C47: Трубки из вспененного каучука, толщиной 13 мм, диаметром 48 мм | D47: м | E47: 7,7 7*1,1 | F47: 79.89 | J47: 615
A48: 24 | B48: ФССЦ-104-0373 | C48: Трубки из вспененного каучука, толщиной 13 мм, диаметром 42 мм | D48: м | E48: 2,2 2*1,1 | F48: 71.43 | J48: 157
A49: Теплоснабжение установки П1
A50: 25 | B50: ТЕР16-02-001-04 | C50: Прокладка трубопроводов отопления из стальных водогазопроводных неоцинкованных труб диаметром 32 мм | D50: 100 м трубопровода | E50: 0,16 16/100 | F50: 5528.68 | G50: 446.74 | H50: 69.04 | I50: 2.73 | J50: 885 | K50: 71 | L50: 11 | N50: 32.97 | O50: 5.28 | P50: 0.15 | Q50: 0.02
A51: 26 | B51: ТЕР16-02-001-01 | C51: Прокладка трубопроводов отопления из стальных водогазопроводных неоцинкованных труб диаметром 15 мм | D51: 100 м трубопровода | E51: 0,005 0,5/100 | F51: 3897.38 | G51: 446.74 | H51: 69.04 | I51: 2.73 | J51: 19 | K51: 2 | N51: 32.97 | O51: 0.16 | P51: 0.15
A52: 27 | B52: ТЕР16-07-005-01 | C52: Гидравлическое испытание трубопроводов систем отопления, водопровода и горячего водоснабжения диаметром до 50 мм | D52: 100 м трубопровода | E52: 0,165 16,5/100 | F52: 104.4 | G52: 82.16 | H52: 15.29 | J52: 17 | K52: 14 | L52: 3 | N52: 5.01 | O52: 0.83
A53: 28 | B53: Прайс-лист ООО "Данфосс" 2кв. 2013г. | C53: Шаровой полнопроходной кран Danfoss с внутренней резьбой Ду20 код 065B8208 (Цена=9,06х41,3/5,53) | D53: шт | E53: 2 | F53: 67,66 9,06*41,3/5,53 | J53: 135
A54: 29 | B54: Прайс-лист ООО "Данфосс" 2кв. 2013г. | C54: Шаровой полнопроходной кран Danfoss с внутренней резьбой Ду15 код 065B8207 (Цена=6,10х41,3/5,53) | D54: шт | E54: 3 | F54: 45,56 6,10*41,3/5,53 | J54: 137
A55: 30 | B55: ТЕР18-07-001-04 | C55: Установка термометров в оправе прямых и угловых | D55: 1 компл. | E55: 2 | F55: 365.03 | G55: 4.11 | J55: 730 | K55: 8 | N55: 0.31 | O55: 0.62
A56: 31 | B56: ТЕР18-07-001-03 | C56: Установка манометров с трехходовым краном и трубкой-сифоном | D56: 1 компл. | E56: 2 | F56: 273.76 | G56: 4.27 | J56: 548 | K56: 9 | N56: 0.31 | O56: 0.62
A57: 32 | B57: ТЕРм12-10-001-04 | C57: Отборное устройство давления | D57: 100 шт. | E57: 0,02 2/100 | F57: 1847.06 | G57: 1517.6 | H57: 271.63 | J57: 37 | K57: 30 | L57: 5 | N57: 112 | O57: 2.24
A58: 33 | B58: Прайс-лист ООО "КонтрольПрибор" 2кв.2013г. | C58: Отборное устройство давления с трехходовым краном 11б18бк (11б38бк) 1,6-225; 1,6-70-Ст20-МП (Цена=560/1,18/5,53) | D58: шт. | E58: 2 | F58: 85,82 560/1,18/5,53 | J58: 172
A59: 34 | B59: ТЕРм12-10-002-01 | C59: Закладное устройство | D59: 1000 шт. | E59: 0,002 2/1000 | F59: 17891.76 | G59: 15176 | H59: 2274.83 | J59: 36 | K59: 30 | L59: 5 | N59: 1120 | O59: 2.24
A60: 35 | B60: Прайс-лист ООО "КонтрольПрибор" 2кв.2013г. | C60: Закладное устройство ЗК14-2-12-2009, ЗК14-2-1-2009 (КИП1-КИП2) (Цена=620/1,18/5,53) | D60: шт. | E60: 2 | F60: 95,01 620/1,18/5,53 | J60: 190
A61: 36 | B61: ТЕРм12-10-001-03 | C61: Расширитель с бобышкой из углеродистой стали, диаметр корпуса расширителя до 108 мм на условное давление до 10 МПа для трубопроводов диаметром до 76 мм | D61: 100 шт. | E61: 0,02 2/100 | F61: 11479.79 | G61: 4864.45 | H61: 934.04 | I61: 126.83 | J61: 230 | K61: 97 | L61: 19 | M61: 3 | N61: 359 | O61: 7.18 | P61: 8.12 | Q61: 0.16
A62: 37 | B62: Прайс-лист ООО "КонтрольПрибор" 2кв.2013г. | C62: Расширитель ЗК4-1-6-95 (КИП5,КИП6) (Цена=1390/1,18/5,53) | D62: шт. | E62: 2 | F62: 206,88 1350/1,18/5,53 | J62: 414
A63: 38 | B63: ТСЦ-301-1224 | C63: Крепления для трубопроводов: кронштейны, планки, хомуты | D63: кг | E63: 5 | F63: 17.02 | J63: 85
A64: 39 | B64: ТЕР13-03-002-04 | C64: Огрунтовка металлических поверхностей за один раз грунтовкой ГФ-021 | D64: 100 м2 окрашиваемой поверхности | E64: 0,03 3/100 | F64: 417.46 | G64: 79.65 | H64: 10.15 | I64: 0.16 | J64: 13 | K64: 2 | N64: 5.31 | O64: 0.16 | P64: 0.01
A65: 40 | B65: ТЕР13-03-004-23 | C65: Окраска металлических огрунтованных поверхностей краской БТ-177 серебристой | D65: 100 м2 окрашиваемой поверхности | E65: 0,06 6/100 | F65: 388.79 | G65: 36.81 | H65: 13.3 | I65: 0.16 | J65: 23 | K65: 2 | L65: 1 | N65: 2.88 | O65: 0.17 | P65: 0.01
A66: 41 | B66: ТЕР26-01-017-01 | C66: Изоляция трубопроводов изделиями из вспененного каучука («Армофлекс»), вспененного полиэтилена («Термофлекс») трубками 259,25 = 1 189,41 - 11 x 84,56 | D66: 10 м трубопровода | E66: 1,6 16/10 | F66: 259.25 | G66: 49.17 | H66: 28.25 | J66: 415 | K66: 79 | L66: 45 | N66: 3.52 | O66: 5.63
A67: 42 | B67: ФССЦ-104-0373 | C67: Трубки из вспененного каучука, толщиной 13 мм, диаметром 42 мм | D67: м | E67: 17,6 16*1,1 | F67: 71.43 | J67: 1257
A68: Узел управления
A69: 43 | B69: ТЕР16-05-001-02 | C69: Установка вентилей, задвижек, затворов, клапанов обратных, кранов проходных на трубопроводах из стальных труб диаметром до 50 мм 50,52 = 138,58 - 2 x 44,03 | D69: 1 шт. | E69: 5 2+3 | F69: 50.52 | G69: 18.79 | H69: 5.32 | J69: 253 | K69: 94 | L69: 27 | N69: 1.47 | O69: 7.35
A70: 44 | B70: Прайс-лист ООО "Данфосс" 2кв. 2013г. | C70: Шаровой кран JiP-FF фланцевый с рукояткой Ду40 код 065N0320 (Цена=99,93х41,3/5,53) | D70: шт | E70: 2 | F70: 746,31 99,93*41,3/5,53 | J70: 1493
A71: 45 | B71: ТСЦ-507-0999 | C71: Фланцы стальные плоские приварные из стали ВСт3сп2, ВСт3сп3, давлением 1,6 МПа (16 кгс/см2), диаметром 40 мм | D71: шт. | E71: 4 | F71: 30.07 | J71: 120
A72: 46 | B72: Прайс-лист ООО "Данфосс" 2кв. 2013г. | C72: Шаровой кран JiP-FF фланцевый с рукояткой Ду32 код 065N0315 (Цена=71,93х41,3/5,53) | D72: шт | E72: 3 | F72: 537,2 71,93*41,3/5,53 | J72: 1612
A73: 47 | B73: ТСЦ-507-0998 | C73: Фланцы стальные плоские приварные из стали ВСт3сп2, ВСт3сп3, давлением 1,6 МПа (16 кгс/см2), диаметром 32 мм | D73: шт. | E73: 6 | F73: 27.73 | J73: 166
A74: 48 | B74: Прайс-лист ООО "Данфосс" 2кв. 2013г. | C74: Шаровой полнопроходной кран Danfoss с внутренней резьбой Ду20 код 065B8208 (Цена=9,06х41,3/5,53) | D74: шт | E74: 10 | F74: 67,66 9,06*41,3/5,53 | J74: 677
A75: 49 | B75: Прайс-лист ООО "Данфосс" 2кв. 2013г. | C75: Шаровой полнопроходной кран Danfoss с внутренней резьбой Ду15 код 065B8207 (Цена=6,10х41,3/5,53) | D75: шт | E75: 2 | F75: 45,56 6,10*41,3/5,53 | J75: 91
A76: 50 | B76: Прайс-лист ООО "Данфосс" 2кв. 2013г. | C76: Обратный клапан пружинный с внутренней резьбой Ду32 код 065B8227 (Цена=20,38х41,3/5,53) | D76: шт | E76: 1 | F76: 152,21 20,38*41,3/5,53 | J76: 152
A77: 51 | B77: Прайс-лист ООО "Данфосс" 2кв. 2013г. | C77: Обратный клапан пружинный с наружной резьбой тип 223 Ду20 код 149В2891 (Цена=51,64х41,3/5,53) | D77: шт | E77: 1 | F77: 385,67 51,64*41,3/5,53 | J77: 386
A78: 52 | B78: Прайс-лист ООО "Данфосс" 2кв. 2013г. | C78: Комплект присоединительных патрубков (2 гайки, 2 патрубка, 2 прокладки) для обратного клапана тип 223 код 003H6903 (Цена=28,27х41,3/5,53) | D78: шт | E78: 1 | F78: 211,13 28,27*41,3/5,53 | J78: 211
A79: 53 | B79: ТЕР18-06-002-01 | C79: Установка грязевиков наружным диаметром патрубков до 45 мм | D79: 1 шт. | E79: 2 | F79: 627.97 | G79: 37.7 | H79: 9.36 | I79: 0.18 | J79: 1256 | K79: 75 | L79: 19 | N79: 2.88 | O79: 5.76 | P79: 0.01 | Q79: 0.02
A80: 54 | B80: ТЕР16-05-001-02 | C80: Установка вентилей, задвижек, затворов, клапанов обратных, кранов проходных на трубопроводах из стальных труб диаметром до 50 мм 50,52 = 138,58 - 2 x 44,03 | D80: 1 шт. | E80: 3 | F80: 50.52 | G80: 18.79 | H80: 5.32 | J80: 152 | K80: 56 | L80: 16 | N80: 1.47 | O80: 4.41
A81: 55 | B81: Прайс-лист ООО "Данфосс" 2кв. 2013г. | C81: Ручной балансировочный клапан MSV-F2 Ду32 код 003Z1095 (Цена=361,32х41,3/5,53) | D81: шт | E81: 3 | F81: 2698,47 361,32*41,3/5,53 | J81: 8095
A82: 56 | B82: ТСЦ-507-0998 | C82: Фланцы стальные плоские приварные из стали ВСт3сп2, ВСт3сп3, давлением 1,6 МПа (16 кгс/см2), диаметром 32 мм | D82: шт. | E82: 6 | F82: 27.73 | J82: 166
A83: 57 | B83: ТЕРм12-10-001-04 | C83: Отборное устройство давления | D83: 100 шт. | E83: 0,14 14/100 | F83: 1847.06 | G83: 1517.6 | H83: 271.63 | J83: 259 | K83: 212 | L83: 38 | N83: 112 | O83: 15.68
A84: 58 | B84: Прайс-лист ООО "КонтрольПрибор" 2кв.2013г. | C84: Отборное устройство давления с трехходовым краном 11б18бк (11б38бк) 1,6-225; 1,6-70-Ст20-МП (Цена=560/1,18/5,53) | D84: шт. | E84: 14 | F84: 85,82 560/1,18/5,53 | J84: 1201
A85: 59 | B85: ТЕР18-07-001-03 | C85: Установка манометров с трехходовым краном и трубкой-сифоном | D85: 1 компл. | E85: 10 | F85: 273.76 | G85: 4.27 | J85: 2738 | K85: 43 | N85: 0.31 | O85: 3.1
A86: 60 | B86: ТЕР18-07-001-04 | C86: Установка термометров в оправе прямых и угловых | D86: 1 компл. | E86: 6 | F86: 365.03 | G86: 4.11 | J86: 2190 | K86: 25 | N86: 0.31 | O86: 1.86
A87: 61 | B87: ТЕР18-05-001-01 | C87: Установка насосов центробежных с электродвигателем, масса агрегата до 0,1 т 334,13 = 2 969,90 - 1 x 2 635,77 | D87: 1 насос | E87: 2 | F87: 334.13 | G87: 185.49 | H87: 14.31 | I87: 0.91 | J87: 668 | K87: 371 | L87: 29 | M87: 2 | N87: 14.17 | O87: 28.34 | P87: 0.05 | Q87: 0.1
A88: 62 | B88: ФССЦ-301-2679 | C88: Насос циркуляционный "GRUNDFOS" серии 100, марки UPS-32х40 (220 В) | D88: шт. | E88: 2 | F88: 1111.19 | J88: 2222
A89: 63 | B89: ТЕРм11-02-001-01 | C89: Прибор, устанавливаемый на резьбовых соединениях, масса: до 1,5 кг | D89: 1 шт. | E89: 1 | F89: 15.88 | G89: 14.39 | J89: 16 | K89: 14 | N89: 1.03 | O89: 1.03
A90: 64 | B90: Прайс-лист ООО "Данфосс" 2кв. 2013 | C90: Реле давления для воды (прессостаты) KPI 35 код 060-121766 (Цена=53,35х41,3/3,63) | D90: шт | E90: 1 | F90: 606,98 53,35*41,3/3,63 | J90: 607
A91: 65 | B91: ТЕРм11-01-001-01 | C91: Конструкции для установки приборов, масса: до 1 кг | D91: 1 шт. | E91: 1 | F91: 34.2 | G91: 6.41 | H91: 7.18 | I91: 0.81 | J91: 34 | K91: 6 | L91: 7 | M91: 1 | N91: 0.52 | O91: 0.52 | P91: 0.06 | Q91: 0.06
A92: 66 | B92: Прайс-лист ООО "Данфосс" 2кв. 2013 | C92: ECL Comfort клеммная панель код 087H3230 (Цена=52х41,3/3,63) | D92: шт | E92: 1 | F92: 591,63 52*41,3/3,63 | J92: 592
A93: 67 | B93: ТЕРм11-03-001-01 | C93: Приборы, устанавливаемые на металлоконструкциях, щитах и пультах, масса: до 5 кг | D93: 1 шт. | E93: 1 | F93: 8.41 | G93: 7.26 | J93: 8 | K93: 7 | N93: 0.52 | O93: 0.52
A94: 68 | B94: Прайс-лист ООО "Данфосс" 2кв. 2013 | C94: Регулятор двухконтурный — управление клапанами и_x000D_ насосами системы отопления и системы ГВС серии ECL Comfort 210 код 087H3020/087H3800 ключ А266 (Цена=(382+190)х41,3/3,63) | D94: шт | E94: 1 | F94: 6507,88 (382+190)*41,3/3,63 | J94: 6508
A95: 69 | B95: ТЕРм11-02-001-01 | C95: Прибор, устанавливаемый на резьбовых соединениях, масса: до 1,5 кг | D95: 1 шт. | E95: 4 1+2+1 | F95: 15.88 | G95: 14.39 | J95: 64 | K95: 58 | N95: 1.03 | O95: 4.12
A96: 70 | B96: Прайс-лист ООО "Данфосс" 2кв. 2013 | C96: Датчик температуры наружного воздуха ESMT код 084N1012 (Цена=46,64х41,3/3,63) | D96: шт | E96: 1 | F96: 530,64 46,64*41,3/3,63 | J96: 531
A97: 71 | B97: Прайс-лист ООО "Данфосс" 2кв. 2013 | C97: Датчик погружной, l = 100 мм, медь ESMU код 087B1180 с гильзой из нержавеющей стали, l = 100 мм код 087B1190 (Цена=(76,50+64,37)х41,3/3,63) | D97: шт | E97: 2 | F97: 1602,74 (76,50+64,37)*41,3/3,63 | J97: 3205
A98: 72 | B98: Прайс-лист ООО "Данфосс" 2кв. 2013 | C98: Датчик температуры внутреннего воздуха ESM-10 код 087B1164 (Цена=46,64х41,3/3,63) | D98: шт | E98: 1 | F98: 530,64 46,64*41,3/3,63 | J98: 531
A99: 73 | B99: ТЕРм11-02-042-02 | C99: Клапан регулирующий, диаметр условного прохода: 15; 20 мм | D99: 1 шт. | E99: 1 | F99: 76.49 | G99: 13.8 | H99: 56.39 | I99: 3.64 | J99: 76 | K99: 14 | L99: 56 | M99: 4 | N99: 1.12 | O99: 1.12 | P99: 0.2 | Q99: 0.2
A100: 74 | B100: Прайс-лист ООО "Данфосс" 2кв. 2013 | C100: Клапан регулирующий VB 2 фланцевый, разгруженный для применения с приводами AMV(E) 20 код 065B2052 Ду15 (Цена=326,62х41,3/3,63) | D100: шт | E100: 1 | F100: 3716,09 326,62*41,3/3,63 | J100: 3716
A101: 75 | B101: ТЕРм11-05-001-01 | C101: Механизм исполнительный, масса: до 20 кг | D101: 1 шт. | E101: 1 | F101: 52.74 | G101: 7.09 | H101: 38.02 | I101: 4.19 | J101: 53 | K101: 7 | L101: 38 | M101: 4 | N101: 0.59 | O101: 0.59 | P101: 0.23 | Q101: 0.23
A102: 76 | B102: Прайс-лист ООО "Данфосс" 2кв. 2013 | C102: Электроприводы AMV 20 для применения с клапанами VB 2 код 82G3007 (Цена=521,21х41,3/3,63) | D102: шт | E102: 1 | F102: 5930,02 521,21*41,3/3,63 | J102: 5930
A103: 77 | B103: ТЕР20-02-019-01 | C103: Установка кронштейнов под вентиляционное оборудование (Опора №1 уголок 50х50х5) | D103: 100 кг изделия | E103: 0,492 3*16,4/100 | F103: 1155.74 | G103: 77.9 | H103: 14.44 | J103: 569 | K103: 38 | L103: 7 | N103: 6.02 | O103: 2.96
A104: 78 | B104: ТЕР16-02-001-02 | C104: Прокладка трубопроводов отопления из стальных водогазопроводных неоцинкованных труб диаметром 20 мм | D104: 100 м трубопровода | E104: 0,15 15/100 | F104: 4340.3 | G104: 446.74 | H104: 69.04 | I104: 2.73 | J104: 651 | K104: 67 | L104: 10 | N104: 32.97 | O104: 4.95 | P104: 0.15 | Q104: 0.02
A105: 79 | B105: ТЕР16-02-001-04 | C105: Прокладка трубопроводов отопления из стальных водогазопроводных неоцинкованных труб диаметром 32 мм | D105: 100 м трубопровода | E105: 0,08 8/100 | F105: 5528.68 | G105: 446.74 | H105: 69.04 | I105: 2.73 | J105: 442 | K105: 36 | L105: 6 | N105: 32.97 | O105: 2.64 | P105: 0.15 | Q105: 0.01
...

Sheet 02-01-04 изм.1
H1: ФГУП "Комбинат "Электрохимприбор"
H2: (наименование стройки)
H4: ЛОКАЛЬНЫЙ СМЕТНЫЙ РАСЧЕТ № 02-01-04 изм.1
H5: (локальная смета)
C7: на | D7: вентиляцию, Административно-бытовой корпус промышленной площадки 5
H8: (наименование работ и затрат, наименование объекта)
D10: Основание: Р-055/10674-294-ОВ изм.1
D11: Сметная стоимость _______________________________________________________________________________________________ | J11: ___________________________327,963 | L11: тыс. руб.
D12: строительных работ _______________________________________________________________________________________________ | J12: _______________________________________________________________________________________________170,072 | L12: тыс. руб.
D13: монтажных работ _______________________________________________________________________________________________ | J13: _______________________________________________________________________________________________7,947 | L13: тыс. руб.
D14: оборудования _______________________________________________________________________________________________ | J14: _______________________________________________________________________________________________149,944 | L14: тыс. руб.
D15: Средства на оплату труда _______________________________________________________________________________________________ | J15: ___________________________27,553 | L15: тыс. руб.
D16: Сметная трудоемкость _______________________________________________________________________________________________ | J16: _______________________________________________________________________________________________2160,85 | L16: чел.час
D17: Составлен(а) в текущих (прогнозных) ценах 2001г.
A20: № пп | B20: Обосно- вание | C20: Наименование | D20: Ед. изм. | E20: Кол. | F20: Стоимость единицы, руб. | J20: Общая стоимость, руб. | N20: Т/з осн. раб.на ед. | O20: Т/з осн. раб. Всего | P20: Т/з мех. на ед. | Q20: Т/з мех. Всего
F21: Всего | G21: В том числе | J21: Всего | K21: В том числе
G22: Осн.З/п | H22: Эк.Маш | I22: З/пМех | K22: Осн.З/п | L22: Эк.Маш | M22: З/пМех
A23: 1 | B23: 2 | C23: 3 | D23: 4 | E23: 5 | F23: 6 | G23: 7 | H23: 8 | I23: 9 | J23: 10 | K23: 11 | L23: 12 | M23: 13 | N23: 14 | O23: 15 | P23: 16 | Q23: 17
A24: Раздел 1. Вентиляция
A25: Система П1
A26: 1 | B26: ТЕР20-06-002-09 | C26: Приточно-вытяжная установка LITENED 50-25 А.3.25-0,55x30 производительностью 1500 м3/час в составе: | D26: 1 камера | E26: 1 | F26: 1298.61 | G26: 748.97 | H26: 186.79 | I26: 8.01 | J26: 1299 | K26: 749 | L26: 187 | M26: 8 | N26: 57.88 | O26: 57.88 | P26: 0.44 | Q26: 0.44
A27: 2 | B27: КП №ND13-148355 ООО "НЕД" от 10.09.2013 | C27: Секция фильтра, вод. нагрева, вентилятора 50-25 А.3.25-0,55x30 (Цена=1374*43,4/1,18/5,59) | D27: шт | E27: 1 | F27: 9040,3 1374*43,4/1,18/5,59 | J27: 9040
A28: 3 | B28: КП №ND13-148355 ООО "НЕД" от 10.09.2013 | C28: Вставка карманная фильтрующая укороченная DFU 50-25 G3 (Цена=30х43,4:1,18:5,59) | D28: шт | E28: 1 | F28: 197,39 30*43,4/1,18/5,59 | J28: 197
A29: 4 | B29: КП №ND13-148355 ООО "НЕД" от 10.09.2013 | C29: Заслонка CHR 50-25 (Цена=69х43,4:1,18:5,59) | D29: шт | E29: 1 | F29: 453,99 69*43,4/1,18/5,59 | J29: 454
A30: 5 | B30: ТЕР20-02-018-01 | C30: Установка вставок гибких к радиальным вентиляторам | D30: 1 м2 | E30: 0.25 | F30: 77.27 | G30: 70.84 | H30: 1.09 | J30: 19 | K30: 18 | N30: 5.75 | O30: 1.44
A31: 6 | B31: КП №ND13-148355 ООО "НЕД" от 10.09.2013 | C31: Вставка гибкая FH 50-25 (Цена=24х43,4:1,18:5,59) | D31: шт | E31: 2 | F31: 157,91 24*43,4/1,18/5,59 | J31: 316
A32: 7 | B32: ТЕРм08-03-573-04 | C32: Шкаф (пульт) управления навесной, высота, ширина и глубина, мм, до: 600х600х350 | D32: 1 шт. | E32: 1 | F32: 99.26 | G32: 33.11 | H32: 62.05 | I32: 4.71 | J32: 99 | K32: 33 | L32: 62 | M32: 5 | N32: 2.37 | O32: 2.37 | P32: 0.29 | Q32: 0.29
A33: 8 | B33: КП №ND13-148355 ООО "НЕД" от 10.09.2013 | C33: Блок управления ACW CR1-30 / 1А1,6 (=956х43,4:1,18:3,67) | E33: 1 | F33: 9580,75 956*43,4/1,18/3,67 | J33: 9581
A34: 9 | B34: ТЕРм11-02-001-01 | C34: Приборы, устанавливаемые на резьбовых соединениях, масса, кг, до: 1,5 | D34: 1 шт. | E34: 4 1+1+2 | F34: 15.88 | G34: 14.39 | J34: 64 | K34: 58 | N34: 1.03 | O34: 4.12
A35: 10 | B35: КП №ND13-148355 ООО "НЕД" от 10.09.2013 | C35: Датчик перепада давления 500 Pa DPD-5 с контактором (=36х43,4:1,18:3,67) | D35: шт | E35: 1 | F35: 360,78 36*43,4/1,18/3,67 | J35: 361
A36: 11 | B36: КП №ND13-148355 ООО "НЕД" от 10.09.2013 | C36: Датчик температуры воды погружной VSP (=44х43,4:1,18:3,67) | D36: шт | E36: 1 | F36: 440,96 44*43,4/1,18/3,67 | J36: 441
A37: 12 | B37: КП №ND13-148355 ООО "НЕД" от 10.09.2013 | C37: Датчик температуры канальный STK-3 (=44х43,4:1,18:3,67) | D37: шт | E37: 2 | F37: 440,96 44*43,4/1,18/3,67 | J37: 882
A38: 13 | B38: ТЕРм11-05-001-01 | C38: Механизм исполнительный, масса, кг, до: 20 | D38: 1 шт. | E38: 1 | F38: 52.74 | G38: 7.09 | H38: 38.02 | I38: 4.19 | J38: 53 | K38: 7 | L38: 38 | M38: 4 | N38: 0.59 | O38: 0.59 | P38: 0.23 | Q38: 0.23
A39: 14 | B39: КП №ND13-148355 ООО "НЕД" от 10.09.2013 | C39: Привод воздушной заслонки GMA 321.1E (=233х43,4:1,18:3,67) | D39: шт | E39: 1 | F39: 2335,06 233*43,4/1,18/3,67 | J39: 2335
A40: 15 | B40: ТЕР16-06-002-01 | C40: Установка смесительного узла 1 852,98 = 1 931,48 - 1 x 78,50 | D40: 1 узел | E40: 1 | F40: 1852.98 | G40: 84.09 | H40: 12.04 | I40: 0.36 | J40: 1853 | K40: 84 | L40: 12 | N40: 6.58 | O40: 6.58 | P40: 0.02 | Q40: 0.02
A41: 16 | B41: КП №ND13-148355 ООО "НЕД" от 10.09.2013 | C41: Смесительный узел SMEХ 40-1.0_x000D_ (Цена=708х43,4:1,18:3,67) | D41: шт | E41: 1 | F41: 7095,37 708*43,4/1,18/3,67 | J41: 7095
A42: 17 | B42: ТЕРм11-03-001-01 | C42: Приборы, устанавливаемые на металлоконструкциях, щитах и пультах, масса до 5 кг | D42: 1 шт. | E42: 1 | F42: 8.41 | G42: 7.26 | J42: 8 | K42: 7 | N42: 0.52 | O42: 0.52
A43: 18 | B43: КП №ND13-148355 ООО "НЕД" от 10.09.2013 | C43: Термостат AZT-3 (=102х43,4:1,18:3,67) | D43: шт | E43: 1 | F43: 1022,21 102*43,4/1,18/3,67 | J43: 1022
A44: 19 | B44: ТЕР20-02-002-01 | C44: Установка решеток жалюзийных площадью в свету: до 0,5 м2 | D44: 1 решетка | E44: 14 1+6+7 | F44: 24.67 | G44: 18.44 | H44: 2.94 | J44: 345 | K44: 258 | L44: 41 | N44: 1.46 | O44: 20.44
A45: 20 | B45: ФССЦ-301-2637 | C45: Решетки вентиляционные алюминиевые "АРКТОС" типа АРН размером 400х400 мм | D45: шт. | E45: 1 | F45: 955.53 | J45: 956
A46: 21 | B46: ФССЦ-301-2576 | C46: Решетки вентиляционные алюминиевые "АРКТОС" типа АМР, размером 100х200 мм | D46: шт. | E46: 6 | F46: 162.36 | J46: 974
A47: 22 | B47: ФССЦ-301-2577 | C47: Решетки вентиляционные алюминиевые "АРКТОС" типа АМР, размером 100х300 мм | D47: шт. | E47: 7 | F47: 192.97 | J47: 1351
A48: 23 | B48: ТЕР20-02-004-15 | C48: Установка клапанов огнезадерживающих периметром: до 1600 мм | D48: 1 клапан | E48: 1 | F48: 404.13 | G48: 51.38 | H48: 3.98 | J48: 404 | K48: 51 | L48: 4 | N48: 4.02 | O48: 4.02
A49: 24 | B49: Прайс-лист "ЗАО Вингс" 2кв.2013 | C49: Клапан огнезадерживающий с электромеханическим приводом с возвратной пружиной «Belimo» и клеммными колодками КЛОП-2(60)-МВ-400х200-К (Цена=(12320+140):1,18:5,53) | D49: шт | E49: 1 | F49: 1909,46 (12320+140)/1,18/5,53 | J49: 1909
A50: 25 | B50: ТЕР20-02-015-10 | C50: Установка шумоглушителей вентиляционных | D50: 1 шт. | E50: 1 | F50: 39.44 | G50: 22.71 | H50: 3.5 | J50: 39 | K50: 23 | L50: 4 | N50: 1.82 | O50: 1.82
A51: 26 | B51: Прайс-листООО "Нед" 2кв. 2013 | C51: Шумоглушитель NK 50-30 (Цена=151х41,3:1,18:5,53) | D51: шт | E51: 1 | F51: 955,7 151*41,3/1,18/5,53 | J51: 956
A52: 27 | B52: ТЕР20-01-001-02 | C52: Прокладка воздуховодов из листовой, оцинкованной стали и алюминия класса Н (нормальные) толщиной 0,5 мм, периметром до 600 мм | D52: 100 м2 поверхности воздуховодов | E52: 0,25 25/100 | F52: 2810.67 | G52: 2068.04 | H52: 170.31 | I52: 9.46 | J52: 703 | K52: 517 | L52: 43 | M52: 2 | N52: 167.86 | O52: 41.97 | P52: 0.52 | Q52: 0.13
A53: 28 | B53: ТЕР20-01-001-03 | C53: Прокладка воздуховодов из листовой, оцинкованной стали и алюминия класса Н (нормальные) толщиной 0,5 мм, периметром 800, 1000 мм | D53: 100 м2 поверхности воздуховодов | E53: 0,109 (4,9+2,8+3,2)/100 | F53: 2601.53 | G53: 1893.46 | H53: 136.2 | I53: 7.46 | J53: 284 | K53: 206 | L53: 15 | M53: 1 | N53: 153.69 | O53: 16.75 | P53: 0.41 | Q53: 0.04
A54: 29 | B54: ТСЦ-301-1787 | C54: Воздуховоды из оцинкованной стали толщиной 0,5 мм, периметром до 600 мм | D54: м2 | E54: 35,9 25+10,9 | F54: 249.07 | J54: 8942
A55: 30 | B55: ТЕР20-01-001-10 | C55: Прокладка воздуховодов из листовой, оцинкованной стали и алюминия класса Н (нормальные) толщиной 0,7 мм, периметром от 1100 до 1600 мм | D55: 100 м2 поверхности воздуховодов | E55: 0,12 12/100 | F55: 2260.48 | G55: 1638.31 | H55: 127.29 | I55: 6.92 | J55: 271 | K55: 197 | L55: 15 | M55: 1 | N55: 132.98 | O55: 15.96 | P55: 0.38 | Q55: 0.05
A56: 31 | B56: ТСЦ-301-1794 | C56: Воздуховоды из оцинкованной стали толщиной 0,7 мм, периметром от 1100 до 1600 мм | D56: м2 | E56: 12 | F56: 258.65 | J56: 3104
A57: 32 | B57: ТСЦ-301-0478 | C57: Крепления для воздуховодов хомуты СТД 205 | D57: т | E57: 0.015 | F57: 9467.64 | J57: 142
A58: 33 | B58: ТСЦ-301-1746 | C58: Заглушки питометражных лючков СТД-8281 в сборе с ниппелем | D58: шт. | E58: 2 | F58: 6.5 | J58: 13
A59: 34 | B59: ТЕР26-01-011-01 | C59: Изоляция плоских и криволинейных поверхностей матами минераловатными 385,00 = 933,25 - 1,24 x 442,14 | D59: 1 м3 изоляции | E59: 1,3 26*0,05 | F59: 385 | G59: 193.73 | H59: 56.17 | J59: 501 | K59: 252 | L59: 73 | N59: 14.8 | O59: 19.24
A60: 35 | B60: ФССЦ-104-0526 примен. | C60: Маты теплоизоляционные ISOTEK КИМ-АЛ-50/Е/К | D60: м3 | E60: 1,612 1,3*1,24 | F60: 659.76 | J60: 1064
A61: Система В1
A62: 36 | B62: ТЕР20-03-002-01 | C62: Установка вентиляторов осевых массой до 0,025 т | D62: 1 вентилятор | E62: 1 | F62: 64.49 | G62: 53.93 | H62: 8.24 | I62: 0.18 | J62: 64 | K62: 54 | L62: 8 | N62: 3.98 | O62: 3.98 | P62: 0.01 | Q62: 0.01
A63: 37 | B63: Прайс-лист "NED" 2 кв.2013г. | C63: Вентилятор канальный KVR 250/1 (=147х41,3:1,18:5,53) | D63: шт | E63: 1 | F63: 696,2 110*41,3/1,18/5,53 | J63: 696
A64: 38 | B64: Прайс-лист "NED" 2 кв.2013г. | C64: Быстроразъемные хомуты HTK 250 (=7х41,3:1,18:5,53) | D64: шт | E64: 2 | F64: 44,3 7*41,3/1,18/5,53 | J64: 89
A65: 39 | B65: Прайс-лист "NED" 2 кв.2013г. | C65: Кронштейны крепления вентиляторов KКV 250 (=9х41,3:1,18:5,53) | D65: шт | E65: 2 | F65: 56,96 9*41,3/1,18/5,53 | J65: 114
A66: 40 | B66: ТЕР20-02-002-01 | C66: Установка решеток жалюзийных площадью в свету: до 0,5 м2 | D66: 1 решетка | E66: 8 | F66: 24.67 | G66: 18.44 | H66: 2.94 | J66: 197 | K66: 148 | L66: 24 | N66: 1.46 | O66: 11.68
A67: 41 | B67: ФССЦ-301-2576 | C67: Решетки вентиляционные алюминиевые "АРКТОС" типа АМР, размером 100x200 мм | D67: шт. | E67: 8 | F67: 162.36 | J67: 1299
A68: 42 | B68: ТЕР20-02-004-15 | C68: Установка клапанов огнезадерживающих периметром: до 1600 мм | D68: 1 клапан | E68: 1 | F68: 404.13 | G68: 51.38 | H68: 3.98 | J68: 404 | K68: 51 | L68: 4 | N68: 4.02 | O68: 4.02
A69: 43 | B69: Прайс-лист "ЗАО Вингс" 2кв.2013 | C69: Клапан огнезадерживающий с электромеханическим приводом с возвратной пружиной «Belimo» и клеммными колодками КЛОП-2(60)-МВ-250х200-К (Цена=(11900+140):1,18:5,53) | D69: шт | E69: 1 | F69: 1845,1 (11900+140)/1,18/5,53 | J69: 1845
A70: 44 | B70: ТЕР20-02-015-03 | C70: Установка шумоглушителей вентиляционных | D70: 1 шт. | E70: 1 | F70: 36.38 | G70: 22.71 | H70: 3.5 | J70: 36 | K70: 23 | L70: 4 | N70: 1.82 | O70: 1.82
A71: 45 | B71: Прайс-листООО "Нед" 2кв. 2013 | C71: Шумоглушитель NK 40-20 (Цена=103х41,3:1,18:5,53) | D71: шт | E71: 1 | F71: 651,9 103*41,3/1,18/5,53 | J71: 652
A72: 46 | B72: ТЕР20-02-009-01 | C72: Установка зонтов над шахтами из листовой стали круглого сечения диаметром 200 мм | D72: 1 зонт | E72: 1 | F72: 11.35 | G72: 6.08 | H72: 1.8 | J72: 11 | K72: 6 | L72: 2 | N72: 0.47 | O72: 0.47
A73: 47 | B73: ТСЦ-301-0277 | C73: Зонты вентиляционных систем из листовой оцинкованной стали, круглые, диаметром шахты 200 мм | D73: шт. | E73: 1 | F73: 182.16 | J73: 182
A74: 48 | B74: ТЕР20-02-004-01 | C74: Установка клапанов обратных диаметром до 355 мм | D74: 1 клапан | E74: 1 | F74: 24.14 | G74: 12.85 | H74: 1.84 | J74: 24 | K74: 13 | L74: 2 | N74: 1.03 | O74: 1.03
A75: 49 | B75: ТСЦ-301-2071 | C75: Клапаны обратные общего назначения из листовой и сортовой стали круглого сечения КО диаметром 100 мм | D75: шт. | E75: 1 | F75: 375.48 | J75: 375
A76: 50 | B76: ТЕР20-01-001-02 | C76: Прокладка воздуховодов из листовой, оцинкованной стали и алюминия класса Н (нормальные) толщиной 0,5 мм, периметром до 600 мм | D76: 100 м2 поверхности воздуховодов | E76: 0,09 9/100 | F76: 2810.67 | G76: 2068.04 | H76: 170.31 | I76: 9.46 | J76: 253 | K76: 186 | L76: 15 | M76: 1 | N76: 167.86 | O76: 15.11 | P76: 0.52 | Q76: 0.05
A77: 51 | B77: ТЕР20-01-001-03 | C77: Прокладка воздуховодов из листовой, оцинкованной стали и алюминия класса Н (нормальные) толщиной 0,5 мм, периметром 800, 1000 мм | D77: 100 м2 поверхности воздуховодов | E77: 0,184 (2,5+10,8+2,7+2,4)/100 | F77: 2601.53 | G77: 1893.46 | H77: 136.2 | I77: 7.46 | J77: 479 | K77: 348 | L77: 25 | M77: 1 | N77: 153.69 | O77: 28.28 | P77: 0.41 | Q77: 0.08
A78: 52 | B78: ТСЦ-301-1787 | C78: Воздуховоды из оцинкованной стали толщиной 0,5 мм, периметром до 600 мм | D78: м2 | E78: 27,4 9+18,4 | F78: 249.07 | J78: 6825
A79: 53 | B79: ТЕР20-01-001-04 | C79: Прокладка воздуховодов из листовой, оцинкованной стали и алюминия класса Н (нормальные) толщиной 0,8 мм, диаметром до 250 мм | D79: 100 м2 поверхности воздуховодов | E79: 0,024 2,4/100 | F79: 2812.85 | G79: 2068.04 | H79: 172.49 | I79: 9.46 | J79: 68 | K79: 50 | L79: 4 | N79: 167.86 | O79: 4.03 | P79: 0.52 | Q79: 0.01
A80: 54 | B80: ТСЦ-301-1798 | C80: Воздуховоды из оцинкованной стали толщиной 0,8 мм | D80: м2 | E80: 2.4 | F80: 272.33 | J80: 654
A81: 55 | B81: ТСЦ-301-0478 | C81: Крепления для воздуховодов хомуты СТД 205 | D81: т | E81: 0.01 | F81: 9467.64 | J81: 95
A82: 56 | B82: ТСЦ-301-1746 | C82: Заглушки питометражных лючков СТД-8281 в сборе с ниппелем | D82: шт. | E82: 2 | F82: 6.5 | J82: 13
A83: 57 | B83: ТЕР26-02-008-01 | C83: Огнезащитное покрытие металлоконструкций воздуховодов приточно-вытяжных систем составом «ИЗОВЕНТ» с пределом огнестойкости 0,5 часа 5 041,89 = 31 861,80 - 0,11 x 11 519,21 - 540 x 47,32 | D83: 100 м2 обрабатываемой поверхности | E83: 0,025 2,5/100 | F83: 5041.89 | G83: 2900.72 | H83: 1972.24 | J83: 126 | K83: 73 | L83: 49 | N83: 238.35 | O83: 5.96
A84: 58 | B84: Прайс-лист ООО "Вентпром Регион" 2 кв. 2013г. | C84: Стоимость огнезащитного состава ИЗОВЕНТ+ПВК-2002, т-на = 6мм. (EI 30) (Цена: 253,11:1,18:5,53) | D84: м2 | E84: 6 | F84: 38,79 253,11/1,18/5,53 | J84: 233
A85: 59 | B85: ТЕР20-02-013-01 | C85: Установка узлов прохода вытяжных вентиляционных шахт диаметром патрубка до 250 мм | D85: 10 узлов | E85: 1 10/10 | F85: 420.15 | G85: 337.72 | H85: 4.71 | J85: 420 | K85: 338 | L85: 5 | N85: 28.12 | O85: 28.12
A86: 60 | B86: ФССЦ-301-2298 | C86: Узлы прохода вытяжных вентиляционных шахт без клапана УП1-01, диаметром патрубка 250 мм | D86: шт. | E86: 1 | F86: 730.17 | J86: 730
A87: 61 | B87: ТСЦ-110-0227 | C87: Проволока стальная оцинкованная перевязочная | D87: т | E87: 0.001 | F87: 14589.4 | J87: 15
A88: Система В2
A89: 62 | B89: ТЕР20-03-002-01 | C89: Установка вентиляторов осевых массой до 0,025 т | D89: 1 вентилятор | E89: 1 | F89: 64.49 | G89: 53.93 | H89: 8.24 | I89: 0.18 | J89: 64 | K89: 54 | L89: 8 | N89: 3.98 | O89: 3.98 | P89: 0.01 | Q89: 0.01
A90: 63 | B90: Прайс-лист "Арктика" 2 кв.2013г. | C90: Вентилятор осевой в брызгозащищённом исполнении IN 12/5 (=34,6х41,3:1,18:5,53) | D90: шт | E90: 1 | F90: 218,99 34,6*41,3/1,18/5,53 | J90: 219
A91: 64 | B91: ТЕР20-02-009-01 | C91: Установка зонтов над шахтами из листовой стали круглого сечения диаметром 200 мм | D91: 1 зонт | E91: 1 | F91: 11.35 | G91: 6.08 | H91: 1.8 | J91: 11 | K91: 6 | L91: 2 | N91: 0.47 | O91: 0.47
A92: 65 | B92: ТСЦ-301-0277 | C92: Зонты вентиляционных систем из листовой оцинкованной стали, круглые, диаметром шахты 200 мм | D92: шт. | E92: 2 | F92: 182.16 | J92: 364
A93: 66 | B93: ТСЦ-301-0478 | C93: Крепления для воздуховодов хомуты СТД 205 | D93: т | E93: 0.003 | F93: 9467.64 | J93: 28
A94: 67 | B94: ТЕР26-02-008-01 | C94: Огнезащитное покрытие металлоконструкций воздуховодов приточно-вытяжных систем составом «ИЗОВЕНТ» с пределом огнестойкости 0,5 часа 5 041,89 = 31 861,80 - 0,11 x 11 519,21 - 540 x 47,32 | D94: 100 м2 обрабатываемой поверхности | E94: 0,01 1/100 | F94: 5041.89 | G94: 2900.72 | H94: 1972.24 | J94: 50 | K94: 29 | L94: 20 | N94: 238.35 | O94: 2.38
A95: 68 | B95: Прайс-лист ООО "Вентпром Регион" 2 кв. 2013г. | C95: Стоимость огнезащитного состава ИЗОВЕНТ+ПВК-2002, т-на = 6мм. (EI 30) (Цена: 253,11:1,18:5,53) | D95: м2 | E95: 1 | F95: 38,79 253,11/1,18/5,53 | J95: 39
A96: 69 | B96: ТЕР20-02-013-01 | C96: Установка узлов прохода вытяжных вентиляционных шахт диаметром патрубка до 250 мм | D96: 10 узлов | E96: 1 10/10 | F96: 420.15 | G96: 337.72 | H96: 4.71 | J96: 420 | K96: 338 | L96: 5 | N96: 28.12 | O96: 28.12
A97: 70 | B97: ФССЦ-301-2297 | C97: Узлы прохода вытяжных вентиляционных шахт без клапана УП1, диаметром патрубка 125 мм | D97: шт. | E97: 1 | F97: 691.05 | J97: 691
A98: 71 | B98: ТСЦ-110-0227 | C98: Проволока стальная оцинкованная перевязочная | D98: т | E98: 0.0005 | F98: 14589.4 | J98: 7
A99: Системы В3, В3'
A100: 72 | B100: ТЕР20-03-002-01 | C100: Установка вентиляторов осевых массой до 0,025 т | D100: 1 вентилятор | E100: 2 1+1 | F100: 64.49 | G100: 53.93 | H100: 8.24 | I100: 0.18 | J100: 129 | K100: 108 | L100: 16 | N100: 3.98 | O100: 7.96 | P100: 0.01 | Q100: 0.02
A101: 73 | B101: Прайс-лист "Арктика" 2 кв.2013г. | C101: Вентилятор осевой в брызгозащищённом исполнении IN 12/5 (=34,6х41,3:1,18:5,53) | D101: шт | E101: 1 | F101: 218,99 34,6*41,3/1,18/5,53 | J101: 219
A102: 74 | B102: Прайс-лист "Арктика" 2 кв.2013г. | C102: Вентилятор осевой в брызгозащищённом исполнении IN 10/4 (=31,6х41,3:1,18:5,53) | D102: шт | E102: 1 | F102: 200 31,6*41,3/1,18/5,53 | J102: 200
A103: 75 | B103: ТЕР20-02-009-01 | C103: Установка зонтов над шахтами из листовой стали круглого сечения диаметром 200 мм | D103: 1 зонт | E103: 1 | F103: 11.35 | G103: 6.08 | H103: 1.8 | J103: 11 | K103: 6 | L103: 2 | N103: 0.47 | O103: 0.47
A104: 76 | B104: ТСЦ-301-0277 | C104: Зонты вентиляционных систем из листовой оцинкованной стали, круглые, диаметром шахты 200 мм | D104: шт. | E104: 2 | F104: 182.16 | J104: 364
A105: 77 | B105: ТЕР20-01-001-01 | C105: Прокладка воздуховодов из листовой, оцинкованной стали и алюминия класса Н (нормальные) толщиной 0,8 мм, диаметром до 200 мм | D105: 100 м2 поверхности воздуховодов | E105: 0,032 3,2/100 | F105: 2810.67 | G105: 2068.04 | H105: 170.31 | I105: 9.46 | J105: 90 | K105: 66 | L105: 5 | N105: 167.86 | O105: 5.37 | P105: 0.52 | Q105: 0.02
...

Sheet 02-01-05 изм.1
H1: ФГУП "Комбинат "Электрохимприбор"
H2: (наименование стройки)
H4: ЛОКАЛЬНЫЙ СМЕТНЫЙ РАСЧЕТ № 02-01-05 изм.1
H5: (локальная смета)
C7: на электрооборудование, освещение, автоматизация, Административно-бытовой корпус промышленной площадки 5
H8: (наименование работ и затрат, наименование объекта)
D10: Основание: Р-055/10674-294-ЭМ изм.1
D11: Сметная стоимость _______________________________________________________________________________________________ | J11: ___________________________381,859 | L11: тыс. руб.
D12: строительных работ _______________________________________________________________________________________________ | J12: _______________________________________________________________________________________________0,124 | L12: тыс. руб.
D13: монтажных работ _______________________________________________________________________________________________ | J13: _______________________________________________________________________________________________200,403 | L13: тыс. руб.
D14: оборудования _______________________________________________________________________________________________ | J14: _______________________________________________________________________________________________181,332 | L14: тыс. руб.
D15: Средства на оплату труда _______________________________________________________________________________________________ | J15: ___________________________22,417 | L15: тыс. руб.
D16: Сметная трудоемкость _______________________________________________________________________________________________ | J16: _______________________________________________________________________________________________1167,96 | L16: чел.час
D17: Составлен(а) в текущих (прогнозных) ценах 2001г.
A20: № пп | B20: Обосно- вание | C20: Наименование | D20: Ед. изм. | E20: Кол. | F20: Стоимость единицы, руб. | J20: Общая стоимость, руб. | N20: Т/з осн. раб.на ед. | O20: Т/з осн. раб. Всего | P20: Т/з мех. на ед. | Q20: Т/з мех. Всего
F21: Всего | G21: В том числе | J21: Всего | K21: В том числе
G22: Осн.З/п | H22: Эк.Маш | I22: З/пМех | K22: Осн.З/п | L22: Эк.Маш | M22: З/пМех
A23: 1 | B23: 2 | C23: 3 | D23: 4 | E23: 5 | F23: 6 | G23: 7 | H23: 8 | I23: 9 | J23: 10 | K23: 11 | L23: 12 | M23: 13 | N23: 14 | O23: 15 | P23: 16 | Q23: 17
A24: Раздел 1.
A25: Электрооборудование
A26: ВРУ1
A27: 1 | B27: ТЕРм08-03-571-02 | C27: Щит, собираемый из отдельных панелей и блоков управления, однорядный или двухрядный без блоков резисторов глубиной до 800 мм шкафного исполнения | D27: 1 м ширины по фронту | E27: 1.05 | F27: 2447.9 | G27: 331.09 | H27: 523.14 | I27: 60.35 | J27: 2570 | K27: 348 | L27: 549 | M27: 63 | N27: 23.7 | O27: 24.89 | P27: 2.2 | Q27: 2.31
A28: 2 | B28: Комерческое предложение ЭЛЕКТРОПРОФИ №2709-13/3 от 30.09.2013г. | C28: Щит для монтажа модульных устройств 055/10674-ЭМ ОЛ1 | D28: шт. | E28: 1 | F28: 152696,19 560395/3,67 | J28: 152696
A29: ШУОГК
A30: 3 | B30: ТЕРм08-03-573-04 | C30: Шкаф (пульт) управления навесной, высота, ширина и глубина до 600х600х350 мм | D30: 1 шт. | E30: 1 | F30: 99.26 | G30: 33.11 | H30: 62.05 | I30: 4.71 | J30: 99 | K30: 33 | L30: 62 | M30: 5 | N30: 2.37 | O30: 2.37 | P30: 0.29 | Q30: 0.29
A31: 4 | B31: Прайс АСБ-Сервис 2кв.2012г. | C31: Шкаф для управления огнезадерживающими клапанами ШУОГК 3-220/2-MSEF Цена=11549/1,18/3,63 | D31: шт. | E31: 1 | F31: 2696,22 11549/1,18/3,63 | J31: 2696
A32: ЩРО
A33: 5 | B33: ТЕРм08-03-573-04 | C33: Шкаф (пульт) управления навесной, высота, ширина и глубина до 600х600х350 мм | D33: 1 шт. | E33: 1 | F33: 99.26 | G33: 33.11 | H33: 62.05 | I33: 4.71 | J33: 99 | K33: 33 | L33: 62 | M33: 5 | N33: 2.37 | O33: 2.37 | P33: 0.29 | Q33: 0.29
A34: 6 | B34: Прайс-лист "Шнейдер Электрик" от 01.04.2013 | C34: MINI PRAGMA ЩИТ НАВЕСНОЙ С ПРОЗРАЧ. ДВ. 1РЯД/12МОД 13369(MIP12112S) | D34: шт. | E34: 1 | F34: 278,24 1010/3,63 | J34: 278
A35: Аппаратура устанавливемая в один шкаф:
A36: 7 | B36: ТЕРм08-03-526-01 | C36: Автомат одно-, двух-, трехполюсный, устанавливаемый на конструкции на стене или колонне, на ток до 25 А | D36: 1 шт. | E36: 10 1+9 | F36: 174.77 | G36: 20.9 | H36: 1.28 | J36: 1748 | K36: 209 | L36: 13 | N36: 1.56 | O36: 15.6
A37: 8 | B37: Прайс-лист "Шнейдер Электрик" от 01.04.2013 | C37: АВТ. ВЫКЛ.iC60N 3П 20A C A9F79320 | D37: шт. | E37: 1 | F37: 238,31 865,08/3,63 | J37: 238
A38: 9 | B38: Прайс-лист "Шнейдер Электрик" от 01.04.2013 | C38: АВТ. ВЫКЛ.iC60N 1П 10A C A9F79110 | D38: шт. | E38: 9 | F38: 56,07 203,53/3,63 | J38: 505
A39: ЩА
A40: 10 | B40: ТЕРм08-03-573-04 | C40: Шкаф (пульт) управления навесной, высота, ширина и глубина до 600х600х350 мм | D40: 1 шт. | E40: 1 | F40: 99.26 | G40: 33.11 | H40: 62.05 | I40: 4.71 | J40: 99 | K40: 33 | L40: 62 | M40: 5 | N40: 2.37 | O40: 2.37 | P40: 0.29 | Q40: 0.29
A41: 11 | B41: Прайс-лист "Шнейдер Электрик" от 01.04.2013 | C41: ЩИТ MICRO PRAGMA 2 МОД НАВЕСНОЙ 10205 | D41: шт. | E41: 1 | F41: 23,82 86,48/3,63 | J41: 24
A42: 12 | B42: ТЕРм08-03-526-01 | C42: Автомат одно-, двух-, трехполюсный, устанавливаемый на конструкции на стене или колонне, на ток до 25 А | D42: 1 шт. | E42: 1 | F42: 174.77 | G42: 20.9 | H42: 1.28 | J42: 175 | K42: 21 | L42: 1 | N42: 1.56 | O42: 1.56
A43: 13 | B43: Прайс-лист "Шнейдер Электрик" от 01.04.2013 | C43: АВТ. ВЫКЛ.iC60N 1П 1A B A9F73101 | D43: шт. | E43: 1 | F43: 240,97 874,71/3,63 | J43: 241
A44: ШУТ
A45: 14 | B45: ТЕРм08-03-573-04 | C45: Шкаф (пульт) управления навесной, высота, ширина и глубина до 600х600х350 мм | D45: 1 шт. | E45: 1 | F45: 99.26 | G45: 33.11 | H45: 62.05 | I45: 4.71 | J45: 99 | K45: 33 | L45: 62 | M45: 5 | N45: 2.37 | O45: 2.37 | P45: 0.29 | Q45: 0.29
A46: 15 | B46: Прайс-лист DKC 1кв.2013г. | C46: Настенный сварной шкаф "RAM block" серии СЕ , размером 400х300х200 R5CE0432 | D46: шт. | E46: 1 | F46: 697,24 2953,65/1,18/3,59 | J46: 697
A47: 16 | B47: ТЕРм08-03-575-01 | C47: Прибор или аппарат | D47: 1 шт. | E47: 16 2+1+6+1+1+5 | F47: 16.3 | G47: 15.65 | J47: 261 | K47: 250 | N47: 1.12 | O47: 17.92
A48: 17 | B48: Прайс-лист DKC 1кв 2013 | C48: Кронштейн DKC для настенного крепления R5A50 | D48: шт. | E48: 2 | F48: 60,29 392,70/1,18/5,52 | J48: 121
A49: 18 | B49: Прайс-лист DKC 1кв 2013 | C49: Дин-рейка с насечкой OMEGA 3, 35х7,5мм. 02135 | D49: шт. | E49: 1 | F49: 12,02 78,30/1,18/5,52 | J49: 12
A50: 19 | B50: Прайс-лист DKC 1кв 2013 | C50: Кронштейн для DIN-рейки DKC TS 02190 | D50: шт. | E50: 6 | F50: 4,45 29/1,18/5,52 | J50: 27
A51: 20 | B51: Прайс-лист IEK 2кв.2013г. | C51: Шина нул в комб DIN-изол тип "Стойка" ШНИ-8х12-8-КС-Ж ИЭК YNN10-812-6DP-K07 | D51: шт | E51: 1 | F51: 11,62 75,80/1,18/5,53 | J51: 12
A52: 21 | B52: Прайс- лист "Феникс Контакт РУС" 1 кв.2013 | C52: Маркировка для распределительных шкафов, SSMK 60х18 арт.5032439 | D52: шт | E52: 5 | F52: 36,72 5,99*40/1,18/5,53 | J52: 184
A53: ЩРПС
A54: 22 | B54: ТЕРм08-03-573-04 | C54: Шкаф (пульт) управления навесной, высота, ширина и глубина до 600х600х350 мм | D54: 1 шт. | E54: 1 | F54: 99.26 | G54: 33.11 | H54: 62.05 | I54: 4.71 | J54: 99 | K54: 33 | L54: 62 | M54: 5 | N54: 2.37 | O54: 2.37 | P54: 0.29 | Q54: 0.29
A55: 23 | B55: Прайс-лист IEK 2кв.2013г. | C55: Корпус (коробка) пластиковый навесной КМПн 5/16 с прозрачной крышкой пустой 303х213х125 IP55 ИЭК MKP75-N-16-55-10 | D55: шт. | E55: 1 | F55: 201,34 862,40/1,18/3,63 | J55: 201
A56: 24 | B56: ТЕРм08-03-575-01 | C56: Прибор или аппарат | D56: 1 шт. | E56: 2 | F56: 16.3 | G56: 15.65 | J56: 33 | K56: 31 | N56: 1.12 | O56: 2.24
A57: 25 | B57: Прайс-лист "Finder" 3 квартал 2013г. | C57: Реле Finder с 4 перекидными контактом 553482300000 | D57: шт | E57: 2 | F57: 64,01 6,93*40/1,18/3,67 | J57: 128
A58: ШКУТ
A59: 26 | B59: ТЕРм08-03-573-05 | C59: Шкаф (пульт) управления навесной, высота, ширина и глубина до 900х600х500 мм | D59: 1 шт. | E59: 1 | F59: 126.83 | G59: 33.11 | H59: 89.04 | I59: 6.72 | J59: 127 | K59: 33 | L59: 89 | M59: 7 | N59: 2.37 | O59: 2.37 | P59: 0.41 | Q59: 0.41
A60: 27 | B60: Прайс-лист DKC 1кв.2013г. | C60: Навесной шкаф CE, 800 x 600 x 250мм, IP65 R5CE0869 | D60: шт. | E60: 1 | F60: 1442,92 6112,50/1,18/3,59 | J60: 1443
A61: 28 | B61: ТЕРм08-03-575-01 | C61: Прибор или аппарат | D61: 1 шт. | E61: 14 2+1+4+2+5 | F61: 16.3 | G61: 15.65 | J61: 228 | K61: 219 | N61: 1.12 | O61: 15.68
A62: 29 | B62: Прайс-лист DKC 1кв 2013 | C62: Кронштейн DKC для настенного крепления R5A50 | D62: шт. | E62: 2 | F62: 60,29 392,70/1,18/5,52 | J62: 121
A63: 30 | B63: Прайс-лист DKC 1кв 2013 | C63: Дин-рейка с насечкой OMEGA 3, 35х7,5мм. 02135 | D63: шт. | E63: 1 | F63: 12,02 78,30/1,18/5,52 | J63: 12
A64: 31 | B64: Прайс-лист DKC 1кв 2013 | C64: Кронштейн для DIN-рейки DKC TS 02190 | D64: шт. | E64: 4 | F64: 4,45 29/1,18/5,52 | J64: 18
A65: 32 | B65: Прайс-лист IEK 2кв.2013г. | C65: Шина нул в комб DIN-изол тип "Стойка" ШНИ-8х12-8-КС-Ж ИЭК YNN10-812-6DP-K07 | D65: шт | E65: 2 | F65: 11,62 75,80/1,18/5,53 | J65: 23
A66: 33 | B66: Прайс- лист "Феникс Контакт РУС" 1 кв.2013 | C66: Маркировка для распределительных шкафов, SSMK 60х18 арт.5032439 | D66: шт | E66: 5 | F66: 36,72 5,99*40/1,18/5,53 | J66: 184
A67: 34 | B67: ТЕРм08-03-526-01 | C67: Автомат одно-, двух-, трехполюсный, устанавливаемый на конструкции на стене или колонне, на ток до 25 А | D67: 1 шт. | E67: 1 | F67: 174.77 | G67: 20.9 | H67: 1.28 | J67: 175 | K67: 21 | L67: 1 | N67: 1.56 | O67: 1.56
A68: 35 | B68: Прайс-лист "Шнейдер Электрик" от 01.04.2013 | C68: АВТОМАТИЧЕСКИЙ ВЫКЛ. C60N 1П 0,5A C кат.24067 | D68: шт | E68: 1 | F68: 445,28 1616,36/3,63 | J68: 445
A69: Приборы и средства автоматизации
A70: 36 | B70: ТЕРм11-02-001-02 | C70: Прибор, устанавливаемый на резьбовых соединениях, масса до 5 кг | D70: 1 шт. | E70: 1 | F70: 23.43 | G70: 21.79 | J70: 23 | K70: 22 | N70: 1.56 | O70: 1.56
A71: 37 | B71: Пульс цен 3кв.2013 | C71: Датчик-реле уровня РОС-301-220В-1-(0,6/-/-) | D71: шт | E71: 1 | F71: 842,84 3650/1,18/3,67 | J71: 843
A72: Расход падающей сетевой воды от существующей теплосети и обратной сетевой воды в теплосеть
A73: 38 | B73: ТЕР16-05-001-01 | C73: Установка вентилей, задвижек, затворов, клапанов обратных, кранов проходных на трубопроводах из стальных труб диаметром до 25 мм | D73: 1 шт. | E73: 1 | F73: 84.1 | G73: 18.79 | H73: 4.23 | J73: 84 | K73: 19 | L73: 4 | N73: 1.47 | O73: 1.47
A74: 39 | B74: Прайс-лист ОАО «ПЕНЗЕНСКИЙ АРМАТУРНЫЙ ЗАВОД» | C74: Клапан D=М20х1,5 11Б38 бк1 (ВИЛН491712 002-01) | D74: шт | E74: 1 | F74: 790,06 4416,43/5,59 | J74: 790
A75: 40 | B75: НПО Центрмонтажавтоматика | C75: Соединение НСВ14хМ20 | D75: шт | E75: 2 | F75: 36,84 243/1,18/5,59 | J75: 74
A76: 41 | B76: ТЕРм11-03-001-01 | C76: Приборы, устанавливаемые на металлоконструкциях, щитах и пультах, масса до 5 кг (тепловычислитель ТСРВ-027) | D76: 1 шт. | E76: 1 | F76: 8.41 | G76: 7.26 | J76: 8 | K76: 7 | N76: 0.52 | O76: 0.52
A77: 42 | B77: ТЕРм11-02-022-02 | C77: Ротаметр, счетчик, преобразователь, устанавливаемые на фланцевых соединениях, диаметр условного прохода до 20 мм (расходомер-счетчик ЭРСВ) | D77: 1 шт. | E77: 2 | F77: 17.84 | G77: 12.69 | J77: 36 | K77: 25 | N77: 1.03 | O77: 2.06
A78: 43 | B78: ТЕРм10-02-016-06 | C78: Отдельно устанавливаемый преобразователь или блок питания ADN | D78: 1 шт. | E78: 2 | F78: 256.7 | G78: 157.76 | H78: 33.83 | I78: 6.87 | J78: 513 | K78: 316 | L78: 68 | M78: 14 | N78: 10.1 | O78: 20.2 | P78: 0.44 | Q78: 0.88
A79: 44 | B79: ТЕРм11-02-001-01 | C79: Прибор, устанавливаемый на резьбовых соединениях, масса до 1,5 кг (парный термопреобразователь Взлет ТСП) | D79: 1 шт. | E79: 2 | F79: 15.88 | G79: 14.39 | J79: 32 | K79: 29 | N79: 1.03 | O79: 2.06
A80: 45 | B80: Прайс Взлет 2кв.2013 | C80: Теплосчетчик-регистратор Взлет ТСР-М исп. ТСР-027 | D80: компл. | E80: 1 | F80: 5220,39 18950/3,63 | J80: 5220
A81: 46 | B81: Прайс Взлет 2кв.2013 | C81: Термопреобразователь "Взлет ТСП" согласованная пара ТСП 133мм Pt100 с гильзой и штуцером (2240+180*2+60*2) | D81: компл. | E81: 1 | F81: 749,31 2720/3,63 | J81: 749
A82: 47 | B82: Прайс Взлет 2кв.2013 | C82: Расходомер-счетчик э/м "Взлет" исп. ЭРС-540л | D82: компл. | E82: 2 | F82: 3427 12440/3,63 | J82: 6854
A83: 48 | B83: Прайс Взлет 2кв.2013 | C83: Источник питания ADN-3024 | D83: шт | E83: 2 | F83: 201,1 730/3,63 | J83: 402
A84: Электроосвещение
A85: 49 | B85: ТЕРм08-03-594-03 | C85: Светильник отдельно устанавливаемый на штырях с количеством ламп в светильнике до 4 | D85: 100 шт. | E85: 1,6 16/10 | F85: 8505.38 | G85: 2360.93 | H85: 3123.25 | I85: 963.82 | J85: 13609 | K85: 3777 | L85: 4997 | M85: 1542 | N85: 169 | O85: 270.4 | P85: 61.04 | Q85: 97.66
A86: 50 | B86: Прайс -лист Тех Дизайн (LEDEL) 1 кв.2013г. | C86: Светильник PRS/S LED 595 106000020 | D86: шт | E86: 16 | F86: 635,75 4141/1,18/5,52 | J86: 10172
A87: 51 | B87: ТЕРм08-03-593-06 | C87: Светильник потолочный или настенный с креплением винтами или болтами для помещений с нормальными условиями среды, одноламповый | D87: 100 шт. | E87: 0,21 (11+10)/100 | F87: 5292.51 | G87: 1233.55 | H87: 1915.67 | I87: 687.03 | J87: 1111 | K87: 259 | L87: 402 | M87: 144 | N87: 88.3 | O87: 18.54 | P87: 43.76 | Q87: 9.19
A88: 52 | B88: Прайс -лист Тех Дизайн (LEDEL) 1 кв.2013г. | C88: Светильник STAR NBT 22 LED 141000030 | D88: шт | E88: 11 | F88: 583,89 3803,24/1,18/5,52 | J88: 6423
A89: 53 | B89: Прайс -лист Тех Дизайн (LEDEL) 1 кв.2013г. | C89: Светильник STAR NBT 11 LED 141000010 | D89: шт | E89: 10 | F89: 540,78 3522,40/1,18/5,52 | J89: 5408
A90: 54 | B90: ТЕРм08-03-594-09 | C90: Светильник на кронштейнах | D90: 100 шт. | E90: 0,04 4/100 | F90: 8178.18 | G90: 2472.69 | H90: 2332.3 | I90: 852.58 | J90: 327 | K90: 99 | L90: 93 | M90: 34 | N90: 177 | O90: 7.08 | P90: 54.27 | Q90: 2.17
A91: 55 | B91: Прайс -лист Светвые технологии 1 кв.2013г. | C91: Светильник URAN EFS-350 LED 451006430 | D91: шт | E91: 4 | F91: 675,79 4401,81/1,18/5,52 | J91: 2703
A92: 56 | B92: ТЕРм08-03-593-10 | C92: Световые настенные указатели | D92: 100 шт. | E92: 0,04 4/100 | F92: 2523.44 | G92: 1371.85 | H92: 556.95 | I92: 20.38 | J92: 101 | K92: 55 | L92: 22 | M92: 1 | N92: 98.2 | O92: 3.93 | P92: 1.12 | Q92: 0.04
A93: 57 | B93: Прайс -лист Светвые технологии 1 кв.2013г. | C93: Светильник MIZAR SI LED 4502001310 | D93: шт | E93: 4 | F93: 548,27 3571,19/1,18/5,52 | J93: 2193
A94: 58 | B94: Прайс-лист "Световые Технологии" от 27.03.2013г | C94: Пиктограмма пожарный кран ППБ 001 | D94: шт | E94: 4 | F94: 57,62 376/1,18/5,53 | J94: 230
A95: 59 | B95: ТЕРм08-03-594-03 | C95: Светильник отдельно устанавливаемый на штырях с количеством ламп в светильнике до 4 | D95: 100 шт. | E95: 0,02 2/100 | F95: 8505.38 | G95: 2360.93 | H95: 3123.25 | I95: 963.82 | J95: 170 | K95: 47 | L95: 62 | M95: 19 | N95: 169 | O95: 3.38 | P95: 61.04 | Q95: 1.22
A96: 60 | B96: Прайс -лист Тех Дизайн (LEDEL) 1 кв.2013г. | C96: Светильник ARCTIC 1200 LED_x000D_ Новый артикул: 1070000010 | D96: шт | E96: 2 | F96: 756,88 4930/1,18/5,52 | J96: 1514
A97: 61 | B97: ТЕРм08-03-591-09 | C97: Розетка штепсельная утопленного типа при скрытой проводке | D97: 100 шт. | E97: 0,46 46/100 | F97: 696.25 | G97: 532.26 | H97: 11.69 | I97: 0.73 | J97: 320 | K97: 245 | L97: 5 | N97: 38.1 | O97: 17.53 | P97: 0.04 | Q97: 0.02
A98: 62 | B98: Прайс-лист DKC | C98: Розетка силовая 2Р+Е, со шторками, «Viva», 2 мод., цвет белый кат.45005 | D98: шт | E98: 46 | F98: 34,19 223,10/1,18/5,53 | J98: 1573
A99: 63 | B99: ТЕРм08-03-591-01 | C99: Выключатель одноклавишный неутопленного типа при открытой проводке | D99: 100 шт. | E99: 0,33 33/100 | F99: 758.17 | G99: 551.82 | H99: 27.07 | I99: 0.55 | J99: 250 | K99: 182 | L99: 9 | N99: 39.5 | O99: 13.04 | P99: 0.03 | Q99: 0.01
A100: 64 | B100: Прайс-лист DKC | C100: Коробка в сборе с выключателем, белая кат.10002 | D100: шт | E100: 33 | F100: 34,19 223,10/1,18/5,53 | J100: 1128
A101: 65 | B101: ТЕРм08-03-532-04 | C101: Пост управления кнопочный общего назначения, устанавливаемый на конструкции на стене или колонне, количество элементов поста до 3 | D101: 1 шт. | E101: 2 1+1 | F101: 122.2 | G101: 24.12 | H101: 1.28 | J101: 244 | K101: 48 | L101: 3 | N101: 1.8 | O101: 3.6
A102: 66 | B102: Прайс-лист DKC | C102: Кнопка управления плоская без фиксации, зеленая прозрачная ABHLR2C | D102: шт | E102: 1 | F102: 35,36 153,13/1,18/3,67 | J102: 35
A103: 67 | B103: Прайс-лист DKC | C103: Кнопка плоская без фиксации, красная прозрачная ABHLR1C | D103: шт | E103: 1 | F103: 35,36 153,13/1,18/3,67 | J103: 35
A104: 68 | B104: Прайс-лист DKC | C104: Корпус под кнопочный пост, 2 места AK02 | D104: шт | E104: 1 | F104: 107,03 463,49/1,18/3,67 | J104: 107
A105: 69 | B105: ТЕРм08-03-545-01 | C105: Коробка (ящик) с зажимами для кабелей и проводов сечением до 6 мм2, устанавливаемая на конструкции на стене или колонне, количество зажимов до 10 | D105: 1 шт. | E105: 2 1+1 | F105: 160.78 | G105: 43.86 | H105: 2.36 | J105: 322 | K105: 88 | L105: 5 | N105: 3.31 | O105: 6.62
...

Sheet 02-01-06 изм.1
H1: ФГУП "Комбинат "Электрохимприбор"
H2: (наименование стройки)
H4: ЛОКАЛЬНЫЙ СМЕТНЫЙ РАСЧЕТ № 02-01-06 изм.1
H5: (локальная смета)
C7: на | D7: внутренние сети связи, Административно-бытовой корпус промышленной площадки 5
H8: (наименование работ и затрат, наименование объекта)
D10: Основание: Р-055/10674-294-СС изм.1
D11: Сметная стоимость _______________________________________________________________________________________________ | J11: ___________________________61,160 | L11: тыс. руб.
D12: монтажных работ _______________________________________________________________________________________________ | J12: _______________________________________________________________________________________________32,431 | L12: тыс. руб.
D13: оборудования _______________________________________________________________________________________________ | J13: _______________________________________________________________________________________________28,729 | L13: тыс. руб.
D14: Средства на оплату труда _______________________________________________________________________________________________ | J14: ___________________________3,773 | L14: тыс. руб.
D15: Сметная трудоемкость _______________________________________________________________________________________________ | J15: _______________________________________________________________________________________________266,7 | L15: чел.час
D16: Составлен(а) в текущих (прогнозных) ценах 2001г.
A19: № пп | B19: Обосно- вание | C19: Наименование | D19: Ед. изм. | E19: Кол. | F19: Стоимость единицы, руб. | J19: Общая стоимость, руб. | N19: Т/з осн. раб.на ед. | O19: Т/з осн. раб. Всего | P19: Т/з мех. на ед. | Q19: Т/з мех. Всего
F20: Всего | G20: В том числе | J20: Всего | K20: В том числе
G21: Осн.З/п | H21: Эк.Маш | I21: З/пМех | K21: Осн.З/п | L21: Эк.Маш | M21: З/пМех
A22: 1 | B22: 2 | C22: 3 | D22: 4 | E22: 5 | F22: 6 | G22: 7 | H22: 8 | I22: 9 | J22: 10 | K22: 11 | L22: 12 | M22: 13 | N22: 14 | O22: 15 | P22: 16 | Q22: 17
A23: Раздел 1.
A24: 1 | B24: ТЕРм10-03-013-05 | C24: Коммутатор служебной связи | D24: 1 шт. | E24: 1 | F24: 137.61 | G24: 91.6 | H24: 20.76 | I24: 4.22 | J24: 138 | K24: 92 | L24: 21 | M24: 4 | N24: 6.76 | O24: 6.76 | P24: 0.27 | Q24: 0.27
A25: 2 | B25: Прайс-лист ООО "НАГ" | C25: Управляемый коммутатор 2 уровня с 24 портами 10/100 Мбит/с + 4 комбо-портами 1000BASE-T/SFP. D-Link DES-3200-28 | D25: шт. | E25: 1 | F25: 3610,21 15179/1,18/3,67 | J25: 3610
A26: 3 | B26: ТЕРм10-03-001-04 | C26: Плата дополнительная, устанавливаемая на готовом месте стойки | D26: 1 шт. | E26: 3 2+1 | F26: 34.97 | G26: 27.5 | H26: 6.92 | I26: 1.41 | J26: 105 | K26: 83 | L26: 21 | M26: 4 | N26: 2.29 | O26: 6.87 | P26: 0.09 | Q26: 0.27
A27: 4 | B27: Прайс-лист Лансет 3 кв. 2013 | C27: Оптическая панель (шкаф) 19", 1U на 24 SC адаптеров (3 сменные пластиковые планки) | D27: шт | E27: 2 | F27: 103,46 435/1,18/3,67 | J27: 207
A28: 5 | B28: Прайс-лист Лансет 3 кв. 2013 | C28: Панель РСВ кат.5е 19",1U, 24 порта RJ-45 | D28: шт | E28: 1 | F28: 185,51 780/1,18/3,67 | J28: 186
A29: 6 | B29: ТЕРм11-04-028-02 | C29: Включение в аппаратуру разъемов штепсельных, количество контактов в разъеме до 24 шт. | D29: 1 разъем | E29: 80 34+30+15+1 | F29: 3.65 | G29: 3.58 | J29: 292 | K29: 286 | N29: 0.27 | O29: 21.6
A30: 7 | B30: Прайс-лист ООО "НАГ" | C30: Пигтейлы SC | D30: шт | E30: 34 | F30: 11,54 48,50/1,18/3,67 | J30: 392
A31: 8 | B31: Прайс-лист АБН 3 кв. 2013 | C31: Патч-корд RJ-45-RJ-45 3м | D31: шт | E31: 30 | F31: 138,31 581,5/1,18/3,67 | J31: 4149
A32: 9 | B32: Прайс-лист АБН 3 кв. 2013 | C32: Патч-корд RJ-45-RJ-45 1м | D32: шт | E32: 15 | F32: 130,24 547,6/1,18/3,67 | J32: 1954
A33: 10 | B33: Прайс-лист ООО "НАГ" | C33: Патч-корд SC -SC 1м | D33: шт | E33: 1 | F33: 38,01 159,78/1,18/3,67 | J33: 38
A34: 11 | B34: ТЕРм10-02-016-06 | C34: Отдельно устанавливаемый преобразователь или блок питания | D34: 1 шт. | E34: 1 | F34: 256.7 | G34: 157.76 | H34: 33.83 | I34: 6.87 | J34: 257 | K34: 158 | L34: 34 | M34: 7 | N34: 10.1 | O34: 10.1 | P34: 0.44 | Q34: 0.44
A35: 12 | B35: "НИКС - Компьютерный Супермаркет" | C35: Источник бесперебойного питания VANGUARD RM 1000 Powercom | D35: шт | E35: 1 | F35: 3609,97 15178,00/1,18/3,67 | J35: 3610
A36: 13 | B36: ТЕРм10-03-001-01 | C36: Стойка, полустойка, каркас стойки или шкаф, масса до 100 кг | D36: 1 шт. | E36: 1 | F36: 185.48 | G36: 107.37 | H36: 30.48 | I36: 5.62 | J36: 185 | K36: 107 | L36: 30 | M36: 6 | N36: 8.94 | O36: 8.94 | P36: 0.36 | Q36: 0.36
A37: 14 | B37: Прайс-лист "Веритек " | C37: Шкаф 19" 32Uс модулем вентиляции и блоком розеток DG-Rack 800 ESTAP | D37: к-т | E37: 1 | F37: 7625,62 992,62*32,3/1,18/3,67 | J37: 7626
A38: 15 | B38: ТЕРм08-03-575-01 | C38: Прибор или аппарат | D38: 1 шт. | E38: 19 | F38: 16.3 | G38: 15.65 | J38: 310 | K38: 297 | N38: 1.12 | O38: 21.28
A39: 16 | B39: Прайс-лист Legrand 1кв.2013г. | C39: Розетка компьютерная Mosaic RJ45 UTP кат6 1модуль L076561 | D39: шт | E39: 19 | F39: 54,5 355/1,18/5,52 | J39: 1036
A40: 17 | B40: ТЕРм10-06-037-13 | C40: Крышка декоративная и другие мелкие изделия (без присоединения проводов) | D40: 100 шт. | E40: 0,38 (19+19)/100 | F40: 82.85 | G40: 78.98 | J40: 31 | K40: 30 | N40: 6.18 | O40: 2.35
A41: 18 | B41: Прайс-лист Legrand 1кв.2013г. | C41: Суппорт Mosaic 1 модуль L080250 | D41: шт | E41: 19 | F41: 15,35 100/1,18/5,52 | J41: 292
A42: 19 | B42: Прайс-лист Legrand 1кв.2013г. | C42: Mosaic Рамка 1 модуль L078801 | D42: шт | E42: 19 | F42: 19,04 124/1,18/5,52 | J42: 362
A43: 20 | B43: ТЕРм10-02-030-01 | C43: Аппарат телефонный системы ЦБ или АТС настольный | D43: 1 шт. | E43: 15 | F43: 110.22 | G43: 97.56 | J43: 1653 | K43: 1463 | N43: 7.2 | O43: 108
A44: 21 | B44: Прайс-лист ООО "НАГ" | C44: IP-телефон SNR-VP-6020 | D44: шт | E44: 15 | F44: 441,13 1854,70/1,18/3,67 | J44: 6617
A45: 22 | B45: ТЕРм10-06-034-01 | C45: Шкаф телефонный распределительный емкостью до 600х2 при установке на фундаменте | D45: 1 шкаф | E45: 2 | F45: 512.1 | G45: 108.09 | H45: 75.74 | I45: 9.37 | J45: 1024 | K45: 216 | L45: 151 | M45: 19 | N45: 9 | O45: 18 | P45: 0.6 | Q45: 1.2
A46: 23 | B46: Прайс «ТД ТИНКО» | C46: Шкаф ШРН-1м-2/30 | D46: шт | E46: 2 | F46: 455,67 2968,03/1,18/5,52 | J46: 911
A47: 24 | B47: ТЕРм10-08-019-01 | C47: Коробка ответвительная на стене | D47: 1 шт. | E47: 1 | F47: 7.32 | G47: 6.88 | J47: 7 | K47: 7 | N47: 0.5 | O47: 0.5
A48: 25 | B48: Прайс «ТД ТИНКО» | C48: Коробка распределительная КРТМ 2/30 | D48: шт | E48: 1 | F48: 154,48 669/1,18/3,67 | J48: 154
A49: 26 | B49: ТЕРм08-03-591-08 | C49: Розетка штепсельная неутопленного типа при открытой проводке | D49: 100 шт. | E49: 0,01 1/100 | F49: 813.8 | G49: 603.5 | H49: 29.99 | I49: 0.73 | J49: 8 | K49: 6 | N49: 43.2 | O49: 0.43 | P49: 0.04
A50: 27 | B50: Прайс-лист Legrand 2кв.2013г. | C50: Mosaic Розетка 2К+З винтовые зажимы 69570 | E50: 1 | F50: 19 124/1,18/5,53 | J50: 19
A51: 28 | B51: ТЕРм08-02-399-01 | C51: Кабель в кабель-канале сечением до 6 мм2 | D51: 100 м | E51: 5,7 (35+35+500)/100 | F51: 189.23 | G51: 46.64 | H51: 56.09 | I51: 24.55 | J51: 1079 | K51: 266 | L51: 320 | M51: 140 | N51: 3.52 | O51: 20.06 | P51: 1.57 | Q51: 8.95
A52: 29 | B52: ТСЦ-501-1353 | C52: Кабели связи с полиэтиленовой изоляцией, с алюмополиэтиленовым экраном, марки ТППэп, диаметром жилы 0,5 мм, с числом пар - 20 | D52: 1000 м | E52: 0,0357 35*1,02/1000 | F52: 14561 | J52: 520
A53: 30 | B53: ТСЦ-501-1354 | C53: Кабели связи с полиэтиленовой изоляцией, с алюмополиэтиленовым экраном, марки ТППэп, диаметром жилы 0,5 мм, с числом пар - 30 | D53: 1000 м | E53: 0,0357 35*1,02/1000 | F53: 19633 | J53: 701
A54: 31 | B54: Прайс Электромонтаж | C54: Кабель витая пара U/UTP-4х2х24AWG категории е UTP-4х2 HETCONNEKT | D54: м | E54: 510 500*1,02 | F54: 5,15 33,96/1,18/5,59 | J54: 2627
A55: 32 | B55: ТЕРм10-06-029-18 | C55: Муфта прямая на кабеле с пластиковой или винилитовой оболочкой в колодцах, емкость до 20х2 | D55: 1 шт. | E55: 1 | F55: 240.82 | G55: 94.85 | H55: 75.74 | I55: 9.37 | J55: 241 | K55: 95 | L55: 76 | M55: 9 | N55: 7 | O55: 7 | P55: 0.6 | Q55: 0.6
A56: 33 | B56: ТЕРм10-06-029-19 | C56: Муфта прямая на кабеле с пластиковой или винилитовой оболочкой в колодцах, емкость до 30х2 | D56: 1 шт. | E56: 1 | F56: 269.85 | G56: 108.4 | H56: 88.37 | I56: 10.93 | J56: 270 | K56: 108 | L56: 88 | M56: 11 | N56: 8 | O56: 8 | P56: 0.7 | Q56: 0.7
A57: 34 | B57: ФЕРм08-02-390-03 | C57: Короба пластмассовые: шириной до 120 мм | D57: 100 м | E57: 1,26 63*2/100 | F57: 419.25 | G57: 272.61 | H57: 48.52 | I57: 0.17 | J57: 528 | K57: 343 | L57: 61 | N57: 20.33 | O57: 25.62 | P57: 0.01 | Q57: 0.01
A58: 35 | B58: ФССЦ-509-1845 | C58: Кабель-канал (короб) "Legrand" 50х105 мм | D58: м | E58: 126 63*2 | F58: 75.25 | J58: 9482
A59: 36 | B59: Прайс-лист "Legrand" 1кв.2013г. | C59: Угол плоский 50x105 L010786 | D59: шт | E59: 11 | F59: 87,36 569/1,18/5,52 | J59: 961
A60: 37 | B60: Прайс-лист "Legrand" 1кв.2013г. | C60: Угол внутр. 50х105 L001605 | D60: шт | E60: 16 | F60: 57,77 376,26/1,18/5,52 | J60: 924
A61: 38 | B61: Прайс-лист "Legrand" 1кв.2013г. | C61: Угол внеш. 50х105 L010619 | D61: шт | E61: 4 | F61: 64,46 419,87/1,18/5,52 | J61: 258
A62: 39 | B62: Прайс-лист "Legrand" 1кв.2013г. | C62: Заглушка 105x50 L010700 | D62: шт | E62: 23 | F62: 11,47 74,74/1,18/5,52 | J62: 264
A63: 40 | B63: Прайс-лист "Legrand" 1кв.2013г. | C63: Перегородка разделит. 50 мм L010582 | D63: шт | E63: 23 | F63: 23,4 152,43/1,18/5,52 | J63: 538
A64: 41 | B64: Прайс-лист "Legrand" 1кв.2013г. | C64: Накл.на стык проф.50x105 L010696 | D64: шт | E64: 124 | F64: 3,54 23,07/1,18/5,52 | J64: 439
A65: 42 | B65: Прайс-лист "Legrand" 1кв.2013г. | C65: Накл. на стык крышки 65мм L010696 | D65: шт | E65: 62 | F65: 11,15 72,62/1,18/5,52 | J65: 691
A66: 43 | B66: ТЕРм08-03-591-08 | C66: Розетка штепсельная неутопленного типа при открытой проводке | D66: 100 шт. | E66: 0,01 1/100 | F66: 813.8 | G66: 603.5 | H66: 29.99 | I66: 0.73 | J66: 8 | K66: 6 | N66: 43.2 | O66: 0.43 | P66: 0.04
A67: 44 | B67: Прайс-лист "Legrand" 1кв.2013г. | C67: Розетка Plexo с винтовыми зажимами 2к+3, 230В, для накладного монтажа_x000D_ 11:14: L/0 695 70 | D67: шт | E67: 1 | F67: 52,25 340,34/1,18/5,52 | J67: 52
A68: 45 | B68: ТЕРм08-02-409-06 | C68: Труба винипластовая по установленным конструкциям, по основанию пола, диаметр до 25 мм | D68: 100 м | E68: 0,04 4/100 | F68: 1418 | G68: 253.08 | H68: 42.32 | I68: 2 | J68: 57 | K68: 10 | L68: 2 | N68: 19.1 | O68: 0.76 | P68: 0.11
A69: 46 | B69: ФССЦ-103-2403 | C69: Трубы гибкие гофрированные из самозатухающего ПВХ-пластиката легкого типа диаметром 32 мм | D69: м | E69: 4 | F69: 3.64 | J69: 15
A70: Итого прямые затраты по смете в ценах 2001г. | J70: 54828 | K70: 3573 | L70: 804 | M70: 200 | O70: 266.7 | Q70: 12.8
A71: Итого прямые затраты по смете с учетом коэффициентов к итогам | J71: 55493 | K71: 3573 | L71: 804 | M71: 200 | O71: 266.7 | Q71: 12.8
A72: В том числе, справочно:
A73: Транспорт материалов МАТ=1% (Поз. 16, 18-19, 23, 25, 27, 29-31, 36-42, 44) | J73: 108
A74: Заготовительно-складские расходы на материалы МАТ=2% (Поз. 16, 18-19, 23, 25, 27, 29-31, 36-42, 44) | J74: 217
A75: Заготовительно-складские затраты на оборудование ПЗ=1,012 (Поз. 4-5, 7-10, 12, 14, 21, 2) | J75: 340
A76: Накладные расходы | J76: 3311
A77: В том числе, справочно:
A78: 80% ФОТ (от 1931) (Поз. 1, 3, 11, 13, 20, 24) | J78: 1545
A79: 92% ФОТ (от 286) (Поз. 6) | J79: 263
A80: 95% ФОТ (от 1068) (Поз. 15, 26, 28, 34, 43, 45) | J80: 1015
A81: 100% ФОТ (от 488) (Поз. 17, 22, 32-33) | J81: 488
A82: Сметная прибыль | J82: 2356
A83: В том числе, справочно:
A84: 60% ФОТ (от 1931) (Поз. 1, 3, 11, 13, 20, 24) | J84: 1159
A85: 65% ФОТ (от 1842) (Поз. 6, 15, 26, 28, 34, 43, 45, 17, 22, 32-33) | J85: 1197
A86: Итоги по смете:
A87: Итого Монтажные работы | J87: 32431 | O87: 266.7 | Q87: 12.8
A88: Итоги по Оборудованию
A89: Оборудование:
A90: Итоги по Поз. 4-5, 7-10, 12, 14, 21
A91: Итого Поз. 4-5, 7-10, 12, 14, 21 | J91: 24779
A92: Всего с учетом "Заготовительно-складские затраты на оборудование ПЗ=1,012" | J92: 25076
A93: Итоги по Поз. 2
A94: Итого Поз. 2 | J94: 3610
A95: Всего с учетом "Заготовительно-складские затраты на оборудование ПЗ=1,012" | J95: 3653
A96: Итого | J96: 28729
A97: Итого | J97: 28729
A98: Итого | J98: 61160 | O98: 266.7 | Q98: 12.8
A99: В том числе:
A100: Материалы | J100: 22387
A101: Машины и механизмы | J101: 804
A102: ФОТ | J102: 3773
A103: Оборудование | J103: 28729
A104: Накладные расходы | J104: 3311
A105: Сметная прибыль | J105: 2356
...

Sheet 02-01-07 изм.1
H1: ФГУП "Комбинат "Электрохимприбор"
H2: (наименование стройки)
H4: ЛОКАЛЬНЫЙ СМЕТНЫЙ РАСЧЕТ № 02-01-07 изм.1
H5: (локальная смета)
C7: на | D7: пожарную сигнализацию, Административно-бытовой корпус промышленной площадки 5
H8: (наименование работ и затрат, наименование объекта)
D10: Основание: Р-055/10674-294-ПС изм.1
D11: Сметная стоимость _______________________________________________________________________________________________ | J11: ___________________________23,446 | L11: тыс. руб.
D12: монтажных работ _______________________________________________________________________________________________ | J12: _______________________________________________________________________________________________21,084 | L12: тыс. руб.
D13: оборудования _______________________________________________________________________________________________ | J13: _______________________________________________________________________________________________2,362 | L13: тыс. руб.
D14: Средства на оплату труда _______________________________________________________________________________________________ | J14: ___________________________4,399 | L14: тыс. руб.
D15: Сметная трудоемкость _______________________________________________________________________________________________ | J15: _______________________________________________________________________________________________321,71 | L15: чел.час
D16: Составлен(а) в текущих (прогнозных) ценах 2001г.
A19: № пп | B19: Обосно- вание | C19: Наименование | D19: Ед. изм. | E19: Кол. | F19: Стоимость единицы, руб. | J19: Общая стоимость, руб. | N19: Т/з осн. раб.на ед. | O19: Т/з осн. раб. Всего | P19: Т/з мех. на ед. | Q19: Т/з мех. Всего
F20: Всего | G20: В том числе | J20: Всего | K20: В том числе
G21: Осн.З/п | H21: Эк.Маш | I21: З/пМех | K21: Осн.З/п | L21: Эк.Маш | M21: З/пМех
A22: 1 | B22: 2 | C22: 3 | D22: 4 | E22: 5 | F22: 6 | G22: 7 | H22: 8 | I22: 9 | J22: 10 | K22: 11 | L22: 12 | M22: 13 | N22: 14 | O22: 15 | P22: 16 | Q22: 17
A23: Раздел 1.
A24: Пожарная сигнализация
A25: 1 | B25: ТЕРм10-08-001-03 | C25: Приборы ПС приемно-контрольные, пусковые, концентратор блок линейный | D25: 10 лучей | E25: 12,7 127/10 | F25: 97.72 | G25: 75.44 | H25: 0.46 | J25: 1241 | K25: 958 | L25: 6 | N25: 5.4 | O25: 68.58
A26: 2 | B26: Прайс-лист "Болид"на 05.08.2013 г. | C26: Контроллер двухпроводной линии связи "С2000-КДЛ" Цена=1830,4/1,18/3,67 | D26: шт. | E26: 1 | F26: 435,35 1830,4/1,18/3,67 | J26: 435
A27: 3 | B27: ТЕРм10-08-002-06 | C27: Извещатель пожарный ручной | D27: 1 шт. | E27: 4 | F27: 8.84 | G27: 4.74 | H27: 1.08 | J27: 35 | K27: 19 | L27: 4 | N27: 0.35 | O27: 1.4
A28: 4 | B28: Прайс-лист "Болид"на 05.08.2013 г. | C28: Извещатель пожарный ручной адресный ИПР 513-3АМ Цена=460,20/1,18/5,59 | D28: шт. | E28: 4 | F28: 69,77 460,20/1,18/5,59 | J28: 279
A29: 5 | B29: ТЕРм10-08-002-02 | C29: Извещатель ПС автоматический дымовой, фотоэлектрический, радиоизотопный, световой в нормальном исполнении | D29: 1 шт. | E29: 18 | F29: 28.38 | G29: 22.76 | H29: 0.46 | J29: 511 | K29: 410 | L29: 8 | N29: 1.68 | O29: 30.24
A30: 6 | B30: Прайс-лист "Болид"на 05.08.2013 г. | C30: Извещатель дымовой оптико-электронный адресно-аналоговый ДИП-34А 01-02 Цена=650/1,18/5,59 | D30: шт. | E30: 18 | F30: 98,54 650/1,18/5,59 | J30: 1774
A31: 7 | B31: ТЕРм10-08-001-13 | C31: Устройства промежуточные на количество лучей 1 | D31: 1 шт. | E31: 1 | F31: 64.92 | G31: 57.52 | H31: 0.37 | J31: 65 | K31: 58 | N31: 4 | O31: 4
A32: 8 | B32: Прайс-лист "Болид"на 05.08.2013 г. | C32: Адресный двухпозиционый расширитель С2000-АР1 исп.02 Цена=337,48/1,18/5,59 | D32: шт. | E32: 1 | F32: 51,16 337,48/1,18/5,59 | J32: 51
A33: 9 | B33: ТЕРм10-08-001-04 | C33: Приборы ПС на 4 луча | D33: 1 шт. | E33: 1 | F33: 58.33 | G33: 48.15 | H33: 0.83 | J33: 58 | K33: 48 | L33: 1 | N33: 3.3 | O33: 3.3
A34: 10 | B34: Прайс-лист "Болид"на 05.08.2013 г. | C34: Адресный релейный блок на два реле С2000-СП2 Цена=915,2/1,18/3,67 | D34: шт. | E34: 1 | F34: 217,67 915,2/1,18/3,67 | J34: 218
A35: 11 | B35: ТЕРм10-04-066-04 применительно | C35: Коробка кабельная соединительная или разветвительная ( Блок разветвительно-изолирующий ) | D35: 1 шт. | E35: 6 | F35: 58.16 | G35: 48.04 | J35: 349 | K35: 288 | N35: 4 | O35: 24
A36: 12 | B36: Прайс-лист "Болид"на 05.08.2013 г. | C36: Блок разветвительно-изолирующий БРИЗ Цена=320,61/1,18/5,59 | D36: шт. | E36: 6 | F36: 48,61 320,61/1,18/5,59 | J36: 292
A37: 13 | B37: ТЕРм10-02-016-06 | C37: Отдельно устанавливаемый преобразователь или блок питания | D37: 1 шт. | E37: 1 | F37: 256.7 | G37: 157.76 | H37: 33.83 | I37: 6.87 | J37: 257 | K37: 158 | L37: 34 | M37: 7 | N37: 10.1 | O37: 10.1 | P37: 0.44 | Q37: 0.44
A38: 14 | B38: Прайс-лист "Болид"на 05.08.2013 г. | C38: Источник питания СКАТ-2400 Цена=4507,20/1,18/3,67 | D38: шт. | E38: 1 | F38: 1072 4507,20/1,18/3,67 | J38: 1072
A39: 15 | B39: ТЕРм10-01-003-08 | C39: Аккумуляторная батарея монтаж | D39: 1 ящик | E39: 2 | F39: 48.5 | G39: 39.62 | J39: 97 | K39: 79 | N39: 3.1 | O39: 6.2
A40: 16 | B40: Прайс-лист "Болид"на 05.08.2013 г. | C40: Аккумуляторная батарея U=12В, емк. 12 А?час DELTA DTM1212 Цена=827,875/1,18/3,67 | D40: шт. | E40: 2 | F40: 196,91 827,875/1,18/3,67 | J40: 394
A41: 17 | B41: ТЕРм10-03-001-04 | C41: Плата дополнительная, устанавливаемая на готовом месте стойки | D41: 1 шт. | E41: 1 | F41: 34.97 | G41: 27.5 | H41: 6.92 | I41: 1.41 | J41: 35 | K41: 28 | L41: 7 | M41: 1 | N41: 2.29 | O41: 2.29 | P41: 0.09 | Q41: 0.09
A42: 18 | B42: Прайс-лист ЦМО 1 квартал 2013г. | C42: Панель заземления горизонтальная 19" Код номенклатуры 30517720100 Цена=1230/1,18/5,59 | D42: шт | E42: 1 | F42: 192,06 1230/1,18/5,59 | J42: 192
A43: 19 | B43: ТЕРм08-03-545-01 | C43: Коробка (ящик) с зажимами для кабелей и проводов сечением до 6 мм2, устанавливаемая на конструкции на стене или колонне, количество зажимов до 10 | D43: 1 шт. | E43: 1 | F43: 160.78 | G43: 43.86 | H43: 2.36 | J43: 161 | K43: 44 | L43: 2 | N43: 3.31 | O43: 3.31
A44: 20 | B44: Прайс-лист "Торговый Дом "СКВИД" 1 квартал 2013г. | C44: Коробка соединительная JB 720 Цена=70/1,18/5,53 | D44: шт. | E44: 1 | F44: 10,73 70,0/1,18/5,53 | J44: 11
A45: 21 | B45: ФЕРм08-02-390-01 | C45: Короба пластмассовые: шириной до 40 мм | D45: 100 м | E45: 2 200/100 | F45: 311.4 | G45: 218.44 | H45: 38.75 | I45: 0.17 | J45: 623 | K45: 437 | L45: 78 | N45: 16.29 | O45: 32.58 | P45: 0.01 | Q45: 0.02
A46: 22 | B46: ФССЦ-509-1841 | C46: Кабель-канал (короб) "Legrand" 20х12,5 мм | D46: м | E46: 200 кк1*100 | F46: 7.52 | J46: 1504
A47: 23 | B47: ТЕРм08-02-399-01 | C47: Кабель в кабельных каналах, сечением до 6 мм2 | D47: 100 м | E47: 2,86 (6+230+10+40)/100 | F47: 189.23 | G47: 46.64 | H47: 56.09 | I47: 24.55 | J47: 541 | K47: 133 | L47: 160 | M47: 70 | N47: 3.52 | O47: 10.07 | P47: 1.57 | Q47: 4.49
A48: 24 | B48: ТЕРм08-02-409-06 | C48: Труба винипластовая по установленным конструкциям, по основанию пола, диаметр до 25 мм | D48: 100 м | E48: 0,15 15/100 | F48: 1418 | G48: 253.08 | H48: 42.32 | I48: 2 | J48: 213 | K48: 38 | L48: 6 | N48: 19.1 | O48: 2.87 | P48: 0.11 | Q48: 0.02
A49: 25 | B49: ФССЦ-103-2427 | C49: Трубы гибкие гофрированные тяжелые из самозатухающего ПВХ (IP55) серии FH, с зондом, диаметром 32 мм | D49: 10 м | E49: 1,5 15 / 10 | F49: 120.35 | J49: 181
A50: 26 | B50: ФССЦ-103-1178 | C50: Клипса для крепежа гофротрубы, диаметром 32 мм | D50: шт. | E50: 100 | F50: 0.45 | J50: 45
A51: 27 | B51: ТЕРм08-01-087-03 | C51: Металлические конструкции | D51: 1 т | E51: 0,0005 0,5/1000 | F51: 18456.73 | G51: 842.81 | H51: 643.96 | I51: 31.67 | J51: 9 | N51: 62.2 | O51: 0.03 | P51: 1.74
A52: 28 | B52: ТЕРм10-08-002-06 | C52: Конструкция для установки извещателя | D52: 1 шт. | E52: 3 | F52: 8.84 | G52: 4.74 | H52: 1.08 | J52: 27 | K52: 14 | L52: 3 | N52: 0.35 | O52: 1.05
A53: 29 | B53: Прайс-лист Тинко | C53: Комплект монтажный для установки извещателей в подвесной потолок Цена=23,80/1,18/5,59 | D53: шт | E53: 3 | F53: 3,61 23,80/1,18/5,59 | J53: 11
A54: 30 | B54: Прайс-лист ООО НПП «Спецкабель» от 19.07.2013 | C54: Кабель КПСЭнг(А)-FRLS 1х2х0,5 на=32993,73/1,18/5,59 | D54: 1000м | E54: 0,00612 6*1,02/1000 | F54: 5001,93 32993,73/1,18/5,59 | J54: 31
A55: 31 | B55: Прайс-лист ООО НПП «Спецкабель» от 19.07.2013 | C55: Кабель КПСЭнг(А)-FRHF 2х2х0,5 Цена=41667,20/1,18/5,59 | D55: 1000м | E55: 0,2346 230*1,02/1000 | F55: 6316,85 41667,20/1,18/5,59 | J55: 1482
A56: 32 | B56: Прайс-лист ООО НПП «Спецкабель» от 19.07.2013 | C56: Кабель КПСЭCнг(А)-FR(LS/HF)LTx 2х2х0,75 Цена=73810,85/1,18/5,59 | D56: 1000м | E56: 0,0102 10*1,02/1000 | F56: 11189,9 73810,85/1,18/5,59 | J56: 114
A57: 33 | B57: Прайс-лист «ЭТМ» | C57: Кабель ВВГнг(А)-FRLS 1х4 Цена=43,8/1,18/5,59 | D57: м | E57: 40,8 40*1,02 | F57: 6,64 43,8/1,18/5,59 | J57: 271
A58: 34 | B58: ТЕРм08-02-472-10 | C58: Проводник заземляющий из медного изолированного провода сечением 25 мм2 открыто по строительным основаниям | D58: 100 м | E58: 0,05 5/100 | F58: 4732.43 | G58: 617.45 | H58: 45.38 | I58: 0.55 | J58: 237 | K58: 31 | L58: 2 | N58: 46.6 | O58: 2.33 | P58: 0.03
A59: 35 | B59: ТСЦ-502-0423 | C59: Провода неизолированные медные гибкие для электрических установок и антенн марки МГ, сечением 4 мм2 | D59: т | E59: 0,00017 0,0339*5/1000 | F59: 89250 | J59: 15
A60: Оповещение о пожаре
A61: 36 | B61: ТЕРм08-01-081-01 | C61: Аппарат (кнопка, ключ управления, замок электромагнитной блокировки, звуковой сигнал, сигнальная лампа) управления и сигнализации, количество подключаемых концов до 2 | D61: 1 шт. | E61: 10 | F61: 29.8 | G61: 15.31 | H61: 11.69 | I61: 0.73 | J61: 298 | K61: 153 | L61: 117 | M61: 7 | N61: 1.13 | O61: 11.3 | P61: 0.04 | Q61: 0.4
A62: 37 | B62: Прайс-лист "Тинко"на 13.08.2013 | C62: Оповещатель пожарный звуковой АС-24 Цена=178,5/1,18/5,59 | D62: шт | E62: 10 | F62: 27,06 178,5/1,18/5,59 | J62: 271
A63: 38 | B63: ТЕРм08-03-593-10 | C63: Световые настенные указатели | D63: 100 шт. | E63: 0,02 2/100 | F63: 2523.44 | G63: 1371.85 | H63: 556.95 | I63: 20.38 | J63: 50 | K63: 27 | L63: 11 | N63: 98.2 | O63: 1.96 | P63: 1.12 | Q63: 0.02
A64: 39 | B64: Прайс-лист "Тинко"на 13.08.2013 | C64: Оповещатель световой БЛИК-С-24 Цена=210/1,18/5,59 | D64: шт | E64: 2 | F64: 31,84 210/1,18/5,59 | J64: 64
A65: 40 | B65: ТЕРм10-08-003-03 | C65: Устройство ультразвуковое, блок контроля | D65: 1 шт. | E65: 1 | F65: 59.97 | G65: 51.77 | H65: 0.37 | J65: 60 | K65: 52 | N65: 3.6 | O65: 3.6
A66: 41 | B66: Прайс-лист "СПЕПРИБОР"на 01.07.2013 | C66: Устройство контроля линии оповещения УКЛО Цена=1450/5,59 | D66: шт | E66: 1 | F66: 259,39 1450/5,59 | J66: 259
A67: 42 | B67: ФЕРм08-02-390-01 | C67: Короба пластмассовые: шириной до 40 мм | D67: 100 м | E67: 0,75 75/100 | F67: 311.4 | G67: 218.44 | H67: 38.75 | I67: 0.17 | J67: 234 | K67: 164 | L67: 29 | N67: 16.29 | O67: 12.22 | P67: 0.01 | Q67: 0.01
A68: 43 | B68: ФССЦ-509-1841 | C68: Кабель-канал (короб) "Legrand" 20х12,5 мм | D68: м | E68: 75 кк2*100 | F68: 7.52 | J68: 564
A69: 44 | B69: ТЕРм08-02-399-01 | C69: Кабель в кабельных каналах, сечением до 6 мм2 | D69: 100 м | E69: 0,75 75/100 | F69: 189.23 | G69: 46.64 | H69: 56.09 | I69: 24.55 | J69: 142 | K69: 35 | L69: 42 | M69: 18 | N69: 3.52 | O69: 2.64 | P69: 1.57 | Q69: 1.18
A70: 45 | B70: Прайс-лист ООО НПП «Спецкабель» от 19.07.2013 | C70: Кабель КПСЭнг(А)-FRLS 1х2х0,5 Цена=32993,73/1,18/5,59 | D70: 1000м | E70: 0,0765 75*1,02/1000 | F70: 5001,93 32993,73/1,18/5,59 | J70: 383
A71: 46 | B71: ТЕРм10-04-066-04 | C71: Коробка кабельная соединительная или разветвительная | D71: 1 шт. | E71: 14 | F71: 58.16 | G71: 48.04 | J71: 814 | K71: 673 | N71: 4 | O71: 56
A72: 47 | B72: Прайс-лист "Торговый Дом "СКВИД" 1 квартал 2013г. | C72: Коробка соединительная КС-4 Цена=12,0/1,18/5,53 | D72: шт. | E72: 14 | F72: 1,84 12,0/1,18/5,53 | J72: 26
A73: 48 | B73: ТЕРм08-01-080-01 | C73: Прибор измерения и защиты, количество подключаемых концов до 2 | D73: 1 шт. | E73: 28 12+2+12+1+1 | F73: 29.46 | G73: 15.31 | H73: 11.69 | I73: 0.73 | J73: 825 | K73: 429 | L73: 327 | M73: 20 | N73: 1.13 | O73: 31.64 | P73: 0.04 | Q73: 1.12
A74: 49 | B74: РадиоХит | C74: Диод КД209 Цена=1,17/1,18/3,63 | D74: шт | E74: 12 | F74: 0,28 1,17/1,18/3,63 | J74: 3
A75: 50 | B75: ТСЦ-509-0584 | C75: Резисторы | D75: шт. | E75: 16 2+12+1+1 | F75: 1.23 | J75: 20
A76: Итого прямые затраты по смете в ценах 2001г. | J76: 16844 | K76: 4276 | L76: 837 | M76: 123 | O76: 321.71 | Q76: 7.79
A77: Итого прямые затраты по смете с учетом коэффициентов к итогам | J77: 17033 | K77: 4276 | L77: 837 | M77: 123 | O77: 321.71 | Q77: 7.79
A78: В том числе, справочно:
A79: Транспорт материалов МАТ=1% (Поз. 12, 37, 39, 41, 4, 6, 8, 20, 29-33, 45, 47) | J79: 53
A80: Заготовительно-складские расходы на материалы МАТ=2% (Поз. 12, 37, 39, 41, 4, 6, 8, 20, 29-33, 45, 47) | J80: 108
A81: Заготовительно-складские затраты на оборудование ПЗ=1,012 (Поз. 14, 18, 49-50, 2, 10, 16) | J81: 28
A82: Накладные расходы | J82: 3744
A83: В том числе, справочно:
A84: 80% ФОТ (от 1667) (Поз. 1, 3, 5, 7, 9, 15, 17, 28, 40) | J84: 1334
A85: 92% ФОТ (от 961) (Поз. 11, 46) | J85: 884
A86: 95% ФОТ (от 1606) (Поз. 19, 21, 23-24, 27, 34, 36, 38, 42, 44, 48) | J86: 1526
A87: Сметная прибыль | J87: 2669
A88: В том числе, справочно:
A89: 60% ФОТ (от 1667) (Поз. 1, 3, 5, 7, 9, 15, 17, 28, 40) | J89: 1000
A90: 65% ФОТ (от 2567) (Поз. 11, 46, 19, 21, 23-24, 27, 34, 36, 38, 42, 44, 48) | J90: 1669
A91: Итоги по смете:
A92: Итого Монтажные работы | J92: 21084 | O92: 321.71 | Q92: 7.79
A93: Итоги по Оборудованию
A94: Оборудование:
A95: Итоги по Поз. 14, 18, 49-50
A96: Итого Поз. 14, 18, 49-50 | J96: 1287
A97: Всего с учетом "Заготовительно-складские затраты на оборудование ПЗ=1,012" | J97: 1302
A98: Итоги по Поз. 2, 10, 16
A99: Итого Поз. 2, 10, 16 | J99: 1047
A100: Всего с учетом "Заготовительно-складские затраты на оборудование ПЗ=1,012" | J100: 1060
A101: Итого | J101: 2362
A102: Итого | J102: 2362
A103: Итого | J103: 23446 | O103: 321.71 | Q103: 7.79
A104: В том числе:
A105: Материалы | J105: 9558
...

Sheet 02-01-08 изм.1
H1: ФГУП "Комбинат "Электрохимприбор"
H2: (наименование стройки)
H4: ЛОКАЛЬНЫЙ СМЕТНЫЙ РАСЧЕТ № 02-01-08 изм.1
H5: (локальная смета)
C7: на | D7: охранную сигнализацию, Административно-бытовой корпус промышленной площадки 5
H8: (наименование работ и затрат, наименование объекта)
D10: Основание: Р-055/10674-294-ОС изм.1
D11: Сметная стоимость _______________________________________________________________________________________________ | J11: ___________________________85,770 | L11: тыс. руб.
D12: монтажных работ _______________________________________________________________________________________________ | J12: _______________________________________________________________________________________________30,111 | L12: тыс. руб.
D13: оборудования _______________________________________________________________________________________________ | J13: _______________________________________________________________________________________________55,659 | L13: тыс. руб.
D14: Средства на оплату труда _______________________________________________________________________________________________ | J14: ___________________________6,765 | L14: тыс. руб.
D15: Сметная трудоемкость _______________________________________________________________________________________________ | J15: _______________________________________________________________________________________________503,71 | L15: чел.час
D16: Составлен(а) в текущих (прогнозных) ценах 2001г.
A19: № пп | B19: Обосно- вание | C19: Наименование | D19: Ед. изм. | E19: Кол. | F19: Стоимость единицы, руб. | J19: Общая стоимость, руб. | N19: Т/з осн. раб.на ед. | O19: Т/з осн. раб. Всего | P19: Т/з мех. на ед. | Q19: Т/з мех. Всего
F20: Всего | G20: В том числе | J20: Всего | K20: В том числе
G21: Осн.З/п | H21: Эк.Маш | I21: З/пМех | K21: Осн.З/п | L21: Эк.Маш | M21: З/пМех
A22: 1 | B22: 2 | C22: 3 | D22: 4 | E22: 5 | F22: 6 | G22: 7 | H22: 8 | I22: 9 | J22: 10 | K22: 11 | L22: 12 | M22: 13 | N22: 14 | O22: 15 | P22: 16 | Q22: 17
A23: Раздел 1.
A24: Охранная сигнализация
A25: 1 | B25: ТЕРм10-08-001-06 | C25: Приборы приемно-контрольные сигнальные, концентратор блок базовый на 10 лучей | D25: 1 шт. | E25: 4 | F25: 79.87 | G25: 68.02 | H25: 0.46 | J25: 319 | K25: 272 | L25: 2 | N25: 4.8 | O25: 19.2
A26: 2 | B26: Eleron | C26: Концентратор датчиков КД4М.1 | D26: шт. | E26: 4 | F26: 9056,09 44440/1,18/1,18/3,63 | J26: 36224
A27: 3 | B27: ТЕРм10-08-001-06 | C27: Приборы приемно-контрольные сигнальные, концентратор блок базовый на 10 лучей | D27: 1 шт. | E27: 1 | F27: 79.87 | G27: 68.02 | H27: 0.46 | J27: 80 | K27: 68 | N27: 4.8 | O27: 4.8
A28: 4 | B28: Eleron | C28: Блок пропуска специального типа "HID" БСЧ2.УМ Блок БСЧ1.УМ HID | E28: 1 | F28: 15101,09 62800/1,18/3,63 | J28: 15101
A29: 5 | B29: ТЕРм10-08-002-04 | C29: Извещатель ОС автоматический контактный, магнитоконтактный на открывание окон, дверей | D29: 1 шт. | E29: 27 | F29: 13.47 | G29: 11.38 | J29: 364 | K29: 307 | N29: 0.84 | O29: 22.68
A30: 6 | B30: Прайс-лист "ТИНКО" | C30: Извещатель магнитоконтактный ИО102-6 | D30: шт. | E30: 27 | F30: 10,6 69,9/1,18/5,59 | J30: 286
A31: 7 | B31: ТЕРм10-08-003-02 | C31: Устройство ультразвуковое, прибор ультразвуковой в одноблочном исполнении | D31: 1 шт. | E31: 17 | F31: 57.07 | G31: 51.77 | H31: 0.26 | J31: 970 | K31: 880 | L31: 4 | N31: 3.6 | O31: 61.2
A32: 8 | B32: Прайс-лист "ТИНКО" | C32: Извещатель охранный поверхностный звуковой Астра-С (ИО-329-5) | D32: шт | E32: 17 | F32: 68,07 449/1,18/5,59 | J32: 1157
A33: 9 | B33: ТЕРм10-08-003-05 | C33: Устройство оптико-(фото)электрическое, прибор оптико-электрический в одноблочном исполнении | D33: 1 шт. | E33: 4 | F33: 86.32 | G33: 78.05 | H33: 0.37 | J33: 345 | K33: 312 | L33: 1 | N33: 5.76 | O33: 23.04
A34: 10 | B34: Прайс-лист "ТИНКО" | C34: Извещатель охранный бъемный оптико-электронный Фотон-9 (ИО 409-8) | D34: шт | E34: 4 | F34: 88,73 585,28/1,18/5,59 | J34: 355
A35: 11 | B35: ТЕРм10-08-002-04 | C35: Извещатель ОС автоматический контактный, магнитоконтактный на открывание окон, дверей | D35: 1 шт. | E35: 8 | F35: 13.47 | G35: 11.38 | J35: 108 | K35: 91 | N35: 0.84 | O35: 6.72
A36: 12 | B36: Прайс-лист "ТИНКО" | C36: Извещатель охранный поверхностный Фотон-Ш (ИО 309-7) | D36: шт | E36: 8 | F36: 102,86 678,5/1,18/5,59 | J36: 823
A37: 13 | B37: ТЕРм10-08-001-01 | C37: Приборы ПС приемно-контрольные, пусковые, концентратор блок базовый на 10 лучей | D37: 1 шт. | E37: 1 | F37: 117.52 | G37: 102.02 | H37: 0.46 | J37: 118 | K37: 102 | N37: 7.2 | O37: 7.2
A38: 14 | B38: Прайс-лист "ТИНКО" | C38: Извещатель охранный поверхностный вибрационный Шорх-2-10 (ИО 315-5/2) | D38: шт | E38: 1 | F38: 1655,97 6962,47/1,18/3,67 | J38: 1656
A39: 15 | B39: Прайс-лист "ТИНКО" | C39: Бесконтактные карты Prox-Card II | D39: шт | E39: 20 | F39: 20,57 86,49/1,18/3,67 | J39: 411
A40: 16 | B40: ТЕРм10-02-016-06 | C40: Отдельно устанавливаемый преобразователь или блок питания | D40: 1 шт. | E40: 1 | F40: 256.7 | G40: 157.76 | H40: 33.83 | I40: 6.87 | J40: 257 | K40: 158 | L40: 34 | M40: 7 | N40: 10.1 | O40: 10.1 | P40: 0.44 | Q40: 0.44
A41: 17 | B41: Прайс-лист "Болид"на 05.08.2013 г. | C41: Источник питания СКАТ-2400И7 Цена=4752/1,18/3,67 | D41: шт. | E41: 1 | F41: 1130,23 4752/1,18/3,67 | J41: 1130
A42: 18 | B42: ТЕРм10-01-003-08 | C42: Аккумуляторная батарея монтаж | D42: 1 ящик | E42: 2 | F42: 48.5 | G42: 39.62 | J42: 97 | K42: 79 | N42: 3.1 | O42: 6.2
A43: 19 | B43: Прайс-лист "Болид"на 05.08.2013 г. | C43: Аккумуляторная батарея U=12В, емк. 12 А*час DELTA DTM1212 Цена=827,875/1,18/3,67 | D43: шт. | E43: 2 | F43: 196,91 827,875/1,18/3,67 | J43: 394
A44: 20 | B44: ТЕРм08-02-409-06 | C44: Труба винипластовая по установленным конструкциям, по основанию пола, диаметр до 25 мм | D44: 100 м | E44: 0,3 30/100 | F44: 1418 | G44: 253.08 | H44: 42.32 | I44: 2 | J44: 425 | K44: 76 | L44: 13 | M44: 1 | N44: 19.1 | O44: 5.73 | P44: 0.11 | Q44: 0.03
A45: 21 | B45: ФССЦ-103-2426 | C45: Трубы гибкие гофрированные тяжелые из самозатухающего ПВХ (IP55) серии FH, с зондом, диаметром 25 мм | D45: 10 м | E45: 3 30 / 10 | F45: 78.72 | J45: 236
A46: 22 | B46: ФССЦ-103-1178 | C46: Клипса для крепежа гофротрубы, диаметром 25 мм | D46: шт. | E46: 200 | F46: 0.45 | J46: 90
A47: 23 | B47: ТЕРм08-02-399-01 | C47: Кабель в кабельных каналах, сечением до 6 мм2 | D47: 100 м | E47: 8,16 (290+360+105+55+1+5)/100 | F47: 189.23 | G47: 46.64 | H47: 56.09 | I47: 24.55 | J47: 1544 | K47: 381 | L47: 458 | M47: 200 | N47: 3.52 | O47: 28.72 | P47: 1.57 | Q47: 12.81
A48: 24 | B48: Прайс-лист "Атлас" | C48: Кабель МКШ 2х0,35 | D48: м | E48: 295,8 290*1,02 | F48: 1,73 11,40/1,18/5,59 | J48: 512
A49: 25 | B49: Прайс-лист "Атлас" | C49: Кабель МЭШ 7х0,35 | D49: м | E49: 367,2 360*1,02 | F49: 3,85 25,40/1,18/5,59 | J49: 1414
A50: 26 | B50: Прайс-лист ООО НПП «Спецкабель» от 19.07.2013 | C50: Кабель КПСЭнг(А)-FRHF 1х2х0,5 Цена=32993,73/1,18/5,59 | D50: 1000м | E50: 0,1071 105*1,02/1000 | F50: 5001,93 32993,73/1,18/5,59 | J50: 536
A51: 27 | B51: Прайс-лист ООО НПП «Спецкабель» от 19.07.2013 | C51: Кабель КПСЭнг(А)-FRHF 2х2х0,5 Цена=41667,20/1,18/5,59 | D51: 1000м | E51: 0,0561 55*1,02/1000 | F51: 6316,85 41667,20/1,18/5,59 | J51: 354
A52: 28 | B52: Прайс-лист ООО НПП «Спецкабель» от 19.07.2013 | C52: Кабель КПСЭCнг(А)-FR(LS/HF)LTx 4х2х0,75 Цена=119542,5/1,18/5,59 | D52: 1000м | E52: 0,00102 1*1,02/1000 | F52: 18122,93 119542,5/1,18/5,59 | J52: 18
A53: 29 | B53: Прайс-лист «ЭТМ» | C53: Кабель ВВГнг(А)-FRLS 1х4 Цена=43,8/1,18/5,59 | D53: м | E53: 5,1 5*1,02 | F53: 6,64 43,8/1,18/5,59 | J53: 34
A54: 30 | B54: ТЕРм10-04-066-04 | C54: Коробка кабельная соединительная или разветвительная | D54: 1 шт. | E54: 2 | F54: 58.16 | G54: 48.04 | J54: 116 | K54: 96 | N54: 4 | O54: 8
A55: 31 | B55: Прайс-лист "Торговый Дом "СКВИД" 1 квартал 2013г. | C55: Коробка клеммная JB 730 Цена=290/1,18/5,53 | D55: шт. | E55: 2 | F55: 44,44 290,0/1,18/5,53 | J55: 89
A56: 32 | B56: ТЕРм10-04-066-04 | C56: Коробка кабельная соединительная или разветвительная | D56: 1 шт. | E56: 56 | F56: 58.16 | G56: 48.04 | J56: 3257 | K56: 2690 | N56: 4 | O56: 224
A57: 33 | B57: Прайс-лист "Торговый Дом "СКВИД" 1 квартал 2013г. | C57: Коробка соединительная КС-4 Цена=12,0/1,18/5,53 | D57: шт. | E57: 56 | F57: 1,84 12,0/1,18/5,53 | J57: 103
A58: 34 | B58: ФЕРм08-02-390-01 | C58: Короба пластмассовые: шириной до 40 мм | D58: 100 м | E58: 2,8 280/100 | F58: 311.4 | G58: 218.44 | H58: 38.75 | I58: 0.17 | J58: 872 | K58: 612 | L58: 109 | N58: 16.29 | O58: 45.61 | P58: 0.01 | Q58: 0.03
A59: 35 | B59: ФССЦ-509-1842 | C59: Кабель-канал (короб) "Legrand" 32х12,5 мм | D59: м | E59: 280 кк2*100 | F59: 15.04 | J59: 4211
A60: 36 | B60: ТЕРм08-01-080-01 | C60: Прибор измерения и защиты, количество подключаемых концов до 2 | D60: 1 шт. | E60: 27 1+25+1 | F60: 29.46 | G60: 15.31 | H60: 11.69 | I60: 0.73 | J60: 795 | K60: 413 | L60: 316 | M60: 20 | N60: 1.13 | O60: 30.51 | P60: 0.04 | Q60: 1.08
A61: 37 | B61: ТСЦ-509-0584 | C61: Резисторы | D61: шт. | E61: 26 1+25 | F61: 1.23 | J61: 32
A62: 38 | B62: EMAS | C62: Тумблер МА111 | D62: шт | E62: 1 | F62: 51,19 212,89/1,18/3,63 | J62: 51
A63: Итого прямые затраты по смете в ценах 2001г. | J63: 74884 | K63: 6537 | L63: 937 | M63: 228 | O63: 503.71 | Q63: 14.39
A64: Итого прямые затраты по смете с учетом коэффициентов к итогам | J64: 75715 | K64: 6537 | L64: 937 | M64: 228 | O64: 503.71 | Q64: 14.39
A65: В том числе, справочно:
A66: Транспорт материалов МАТ=1% (Поз. 8, 10, 12, 6, 24-29, 31, 33) | J66: 56
A67: Заготовительно-складские расходы на материалы МАТ=2% (Поз. 8, 10, 12, 6, 24-29, 31, 33) | J67: 115
A68: Заготовительно-складские затраты на оборудование ПЗ=1,012 (Поз. 4, 14-15, 17, 37-38, 2, 19) | J68: 660
A69: Накладные расходы | J69: 5870
A70: В том числе, справочно:
A71: 80% ФОТ (от 2111) (Поз. 1, 3, 5, 7, 9, 11, 13, 18) | J71: 1689
A72: 92% ФОТ (от 2786) (Поз. 30, 32) | J72: 2563
A73: 95% ФОТ (от 1703) (Поз. 20, 23, 34, 36) | J73: 1618
A74: Сметная прибыль | J74: 4185
A75: В том числе, справочно:
A76: 60% ФОТ (от 2111) (Поз. 1, 3, 5, 7, 9, 11, 13, 18) | J76: 1267
A77: 65% ФОТ (от 4489) (Поз. 20, 23, 34, 36, 30, 32) | J77: 2918
A78: Итоги по смете:
A79: Итого Монтажные работы | J79: 30111 | O79: 503.71 | Q79: 14.39
A80: Итоги по Оборудованию
A81: Оборудование:
A82: Итоги по Поз. 4, 14-15, 17, 37-38
A83: Итого Поз. 4, 14-15, 17, 37-38 | J83: 18381
A84: Всего с учетом "Заготовительно-складские затраты на оборудование ПЗ=1,012" | J84: 18602
A85: Итоги по Поз. 2, 19
A86: Итого Поз. 2, 19 | J86: 36618
A87: Всего с учетом "Заготовительно-складские затраты на оборудование ПЗ=1,012" | J87: 37057
A88: Итого | J88: 55659
A89: Итого | J89: 55659
A90: Итого | J90: 85770 | O90: 503.71 | Q90: 14.39
A91: В том числе:
A92: Материалы | J92: 12582
A93: Машины и механизмы | J93: 937
A94: ФОТ | J94: 6765
A95: Оборудование | J95: 55659
A96: Накладные расходы | J96: 5870
A97: Сметная прибыль | J97: 4185
A98: ВСЕГО по смете | J98: 85770 | O98: 503.71 | Q98: 14.39
A102: Составил: ___________________________Т.П.Дьякович
A103: (должность, подпись, расшифровка)
A105: Проверил: ___________________________О.В.Элиович
A106: (должность, подпись, расшифровка)

Sheet 02-01-09
H1: ФГУП "Комбинат "Электрохимприбор"
H2: (наименование стройки)
H4: ЛОКАЛЬНЫЙ СМЕТНЫЙ РАСЧЕТ № 02-01-09
H5: (локальная смета)
C7: на | D7: технологическое оборудование, Административно-бытовой корпус промышленной площадки 5
H8: (наименование работ и затрат, наименование объекта)
D10: Основание: Р-055/10674-294-ТХ изм.1
D11: Сметная стоимость _______________________________________________________________________________________________ | J11: ___________________________290,276 | L11: тыс. руб.
D12: строительных работ _______________________________________________________________________________________________ | J12: _______________________________________________________________________________________________17,109 | L12: тыс. руб.
D13: монтажных работ _______________________________________________________________________________________________ | J13: _______________________________________________________________________________________________0,994 | L13: тыс. руб.
D14: оборудования _______________________________________________________________________________________________ | J14: _______________________________________________________________________________________________272,173 | L14: тыс. руб.
D15: Средства на оплату труда _______________________________________________________________________________________________ | J15: ___________________________0,391 | L15: тыс. руб.
D16: Сметная трудоемкость _______________________________________________________________________________________________ | J16: _______________________________________________________________________________________________30,67 | L16: чел.час
D17: Составлен(а) в текущих (прогнозных) ценах 2001г.
A20: № пп | B20: Обосно- вание | C20: Наименование | D20: Ед. изм. | E20: Кол. | F20: Стоимость единицы, руб. | J20: Общая стоимость, руб. | N20: Т/з осн. раб.на ед. | O20: Т/з осн. раб. Всего | P20: Т/з мех. на ед. | Q20: Т/з мех. Всего
F21: Всего | G21: В том числе | J21: Всего | K21: В том числе
G22: Осн.З/п | H22: Эк.Маш | I22: З/пМех | K22: Осн.З/п | L22: Эк.Маш | M22: З/пМех
A23: 1 | B23: 2 | C23: 3 | D23: 4 | E23: 5 | F23: 6 | G23: 7 | H23: 8 | I23: 9 | J23: 10 | K23: 11 | L23: 12 | M23: 13 | N23: 14 | O23: 15 | P23: 16 | Q23: 17
A24: Раздел 1. Мебель и оборудование
A25: 1 | B25: ТЕР17-01-001-21 | C25: Монтаж душевой кабины | D25: 10 компл. | E25: 0,2 2/10 | F25: 84128.69 | G25: 659.07 | H25: 78.92 | I25: 10.38 | J25: 16826 | K25: 132 | L25: 16 | M25: 2 | N25: 48.64 | O25: 9.73 | P25: 0.6 | Q25: 0.12
A26: 2 | B26: Торговая сеть | C26: Скамья гардеробная 450х1000х350 322043 | D26: 1 шт. | E26: 5 | F26: 724,38 3137/1,18/3,67 | J26: 3622
A27: 3 | B27: ТЕРм08-03-602-01 | C27: Электрополотенце | D27: 1 шт. | E27: 2 | F27: 24.58 | G27: 16.76 | H27: 3.67 | I27: 0.18 | J27: 49 | K27: 34 | L27: 7 | N27: 1.2 | O27: 2.4 | P27: 0.01 | Q27: 0.02
A28: 4 | B28: Торговая сеть | C28: Электросушитель для рук 250х238х230 1.85 кВт 1ф 220В "Stiebel Eltron" HTE 4 | D28: 1 шт. | E28: 2 | F28: 1916,59 8300/1,18/3,67 | J28: 3833
A29: 5 | B29: Прайс-лист компания "БиГ" от 03.04.2014 | C29: Шкаф для одежды двухстворчатый распашной 800х500х2100 | D29: 1 шт. | E29: 2 | F29: 1189,21 5150/1,18/3,67 | J29: 2378
A30: 6 | B30: Прайс-лист компания "БиГ" от 03.04.2014 | C30: Вешалка настенная на 5 кр. 70х70х1000 | D30: 1 шт. | E30: 4 | F30: 101,6 440/1,18/3,67 | J30: 406
A31: 7 | B31: Торговая сеть | C31: Напольный кулер для воды 350х360х1000 0,5 кВт, 1ф., 220В. | D31: 1 шт. | E31: 1 | F31: 1610,63 6975/1,18/3,67 | J31: 1611
A32: 8 | B32: Торговая сеть | C32: Напольный кулер для воды 350х360х1000 0,5 кВт, 1ф., 220В. | D32: 1 шт. | E32: 1 | F32: 1610,63 6975/1,18/3,67 | J32: 1611
A33: 9 | B33: Прайс-лист "ПАКС-металл" от 03.04.2014 | C33: Шкаф архивный металлический 500х600х1860 ШАМ-24.0 | D33: 1 шт. | E33: 3 | F33: 1427,52 6182/1,18/3,67 | J33: 4283
A34: 10 | B34: Торговая сеть | C34: Стул 540х405х805 | D34: 1 шт. | E34: 16 | F34: 154,71 670/1,18/3,67 | J34: 2475
A35: 11 | B35: Прайс-лист "ПАКС-металл" от 03.04.2014 | C35: Шкаф металлический односекционный для одежды 300х500х1860 ШРМ-11 | D35: 1 шт. | E35: 16 | F35: 658,11 2850/1,18/3,67 | J35: 10530
A36: 12 | B36: Торговая сеть | C36: Стеллаж полочный 1500х600х2500 | D36: 1 шт. | E36: 10 | F36: 1801,14 7800/1,18/3,67 | J36: 18011
A37: 13 | B37: Торговая сеть | C37: Стеллаж полочный 1800х600х2500 | D37: 1 шт. | E37: 13 | F37: 2161,36 9360/1,18/3,67 | J37: 28098
A38: 14 | B38: Торговая сеть | C38: Шкаф архивный 800х400х1820 КД-155 | D38: 1 шт. | E38: 10 | F38: 1639,5 7100/1,18/3,67 | J38: 16395
A39: 15 | B39: Торговая сеть | C39: Стол компьютерный однотумбовый 1150х680х800 "Фаворит плюс ПСК 4" | D39: 1 шт. | E39: 14 | F39: 1447,84 6270/1,18/3,67 | J39: 20270
A40: 16 | B40: ТЕРм11-04-002-01 | C40: Аппарат настольный, масса до 0,015 т | D40: 1 шт. | E40: 15 | F40: 30.09 | G40: 12.37 | H40: 17.47 | J40: 451 | K40: 186 | L40: 262 | N40: 1.03 | O40: 15.45
A41: 17 | B41: Торговая сеть | C41: Компьютер персональный 0.6 кВт 1ф 220В "ASUS" | D41: 1 шт. | E41: 15 | F41: 6927,45 30000/1,18/3,67 | J41: 103912
A42: 18 | B42: Торговая сеть | C42: Холодильник бытовой 500х600х1350 0.43 кВт 1ф 220В "Бирюса" | D42: 1 шт. | E42: 2 | F42: 2306,84 9990/1,18/3,67 | J42: 4614
A43: 19 | B43: ТЕРм11-04-002-01 | C43: Аппарат настольный, масса до 0,015 т | D43: 1 шт. | E43: 2 | F43: 30.09 | G43: 12.37 | H43: 17.47 | J43: 60 | K43: 25 | L43: 35 | N43: 1.03 | O43: 2.06
A44: 20 | B44: Торговая сеть | C44: Принтер 0.3 кВт 1ф 220В "HP Laser Jet 1200" | D44: 1 шт. | E44: 2 | F44: 1154,57 5000/1,18/3,67 | J44: 2309
A45: 21 | B45: Торговая сеть | C45: Стол письменный 800х600х746 | D45: 1 шт. | E45: 2 | F45: 646,56 2800/1,18/3,67 | J45: 1293
A46: 22 | B46: ТЕРм11-04-002-01 | C46: Аппарат настольный, масса до 0,015 т | D46: 1 шт. | E46: 1 | F46: 30.09 | G46: 12.37 | H46: 17.47 | J46: 30 | K46: 12 | L46: 17 | N46: 1.03 | O46: 1.03
A47: 23 | B47: Торговая сеть | C47: МФУ 595х532х505 0.525 кВт 1ф 220В "Xerox WorkCentre 5020/B" | D47: 1 шт. | E47: 1 | F47: 4491,29 19450/1,18/3,67 | J47: 4491
A48: 24 | B48: Торговая сеть | C48: Кресло офисное 475х470х1000 | D48: 1 шт. | E48: 1 | F48: 369,46 1600/1,18/3,67 | J48: 369
A49: 25 | B49: Прайс-лист ПК "ЭЛЕМЕНТ" от 03.04.2014 | C49: Шкаф сушильный двухсекционный 1220х620х1880 1ф 220В 1х1кВТ 1х2кВт | D49: 1 шт. | E49: 1 | F49: 5435,74 23540/1,18/3,67 | J49: 5436
A50: 26 | B50: Прайс-лист ООО "МЕТ" от 03.04.2014 | C50: Шкаф для уборочного инвентаря разборный 500х500х1800 "Эссен 1Му" | D50: 1 шт. | E50: 1 | F50: 1373,94 5950/1,18/3,67 | J50: 1374
A51: 27 | B51: Торговая сеть | C51: Стол офисный угловой 700х700х750 | D51: 1 шт. | E51: 1 | F51: 2193,69 9500/1,18/3,67 | J51: 2194
A52: 28 | B52: Торговая сеть | C52: Стол офисный 1200х700х750 | D52: 1 шт. | E52: 2 | F52: 1534,2 6644/1,18/3,67 | J52: 3068
A53: 29 | B53: Торговая сеть | C53: Стол офисный приставной 1200х700х750 | D53: 1 шт. | E53: 1 | F53: 574,98 2490/1,18/3,67 | J53: 575
A54: 30 | B54: Торговая сеть | C54: Вешалка настенная на 6 кр. 70х70х1200 | D54: 1 шт. | E54: 2 | F54: 122,38 530/1,18/3,67 | J54: 245
A55: 31 | B55: Торговая сеть | C55: Обеденная группа: стол и 5 стульев. | D55: 1 шт. | E55: 1 | F55: 4904,63 21240/1,18/3,67 | J55: 4905
A56: 32 | B56: Торговая сеть | C56: Чайник электрический 2.2 кВт 1ф/220 В "Polaris" PWK 1765 CA | D56: 1 шт. | E56: 1 | F56: 323,28 1400/1,18/3,67 | J56: 323
A57: 33 | B57: Торговая сеть | C57: Диван 1900х800х1000 | D57: 1 шт. | E57: 1 | F57: 2583,94 11190/1,18/3,67 | J57: 2584
A58: 34 | B58: Торговая сеть | C58: Тумбочка подкатная 425х500х720. | D58: 1 шт. | E58: 1 | F58: 831,29 3600/1,18/3,67 | J58: 831
... A60: 36 | B60: Торговая сеть | C60: Огнетушитель порошковый ОП-5/4 | D60: 1 шт. | E60: 4 | F60: 136,24 590/1,18/3,67 | J60: 545
A61: Итого прямые затраты по смете в ценах 2001г. | J61: 271138 | K61: 389 | L61: 337 | M61: 2 | O61: 30.67 | Q61: 0.14
A62: Итого прямые затраты по смете с учетом коэффициентов к итогам | J62: 289589 | K62: 389 | L62: 337 | M62: 2 | O62: 30.67 | Q62: 0.14
A63: В том числе, справочно:
A64: МДС 81-35.2004 п.4.64._Заготовительно-складские расходы ПЗ=1,012 (ОЗП=1,012; ЭМ=1,012; МАТ=1,012) (Поз. 2, 4-15, 17-18, 20-21, 23-36) | J64: 3045
A65: МДС 81-35.2004 п.4.60._Транспортные расходы ПЗ=1,06 (ОЗП=1,06; ЭМ=1,06; МАТ=1,06) (Поз. 2, 4-15, 17-18, 20-21, 23-36) | J65: 15406
A66: Накладные расходы | J66: 409
A67: В том числе, справочно:
A68: 92% ФОТ (от 223) (Поз. 16, 19, 22) | J68: 205
A69: 95% ФОТ (от 34) (Поз. 3) | J69: 32
A70: 128% ФОТ (от 134) (Поз. 1) | J70: 172
A71: Сметная прибыль | J71: 278
A72: В том числе, справочно:
A73: 65% ФОТ (от 257) (Поз. 3, 16, 19, 22) | J73: 167
A74: 83% ФОТ (от 134) (Поз. 1) | J74: 111
A75: Итоги по смете:
A76: Итого Строительные работы | J76: 17109 | O76: 9.73 | Q76: 0.12
A77: Итого Монтажные работы | J77: 994 | O77: 20.94 | Q77: 0.02
A78: Итого Оборудование | J78: 272173
A79: Итого | J79: 290276 | O79: 30.67 | Q79: 0.14
A80: В том числе:
A81: Материалы | J81: 16690
A82: Машины и механизмы | J82: 337
A83: ФОТ | J83: 391
A84: Оборудование | J84: 272173
A85: Накладные расходы | J85: 409
A86: Сметная прибыль | J86: 278
A87: ВСЕГО по смете | J87: 290276 | O87: 30.67 | Q87: 0.14
A91: Составил: ___________________________Савельев Н.В.
A92: (должность, подпись, расшифровка)
A94: Проверил: ___________________________Элиович О.В.
A95: (должность, подпись, расшифровка)

Sheet 05-01
H1: ФГУП "Комбинат "Электрохимприбор"
H2: (наименование стройки)
H4: ЛОКАЛЬНЫЙ СМЕТНЫЙ РАСЧЕТ № 05-01
H5: (локальная смета)
C7: на | D7: наружные сети связи, Административно-бытовой корпус промышленной площадки 5
H8: (наименование работ и затрат, наименование объекта)
D10: Основание: Р-055/10674-294-ЛГ
D11: Сметная стоимость _______________________________________________________________________________________________ | J11: ___________________________358,447 | L11: тыс. руб.
D12: строительных работ _______________________________________________________________________________________________ | J12: _______________________________________________________________________________________________33,778 | L12: тыс. руб.
D13: монтажных работ _______________________________________________________________________________________________ | J13: _______________________________________________________________________________________________324,669 | L13: тыс. руб.
D14: Средства на оплату труда _______________________________________________________________________________________________ | J14: ___________________________32,423 | L14: тыс. руб.
D15: Сметная трудоемкость _______________________________________________________________________________________________ | J15: _______________________________________________________________________________________________1833,58 | L15: чел.час
D16: Составлен(а) в текущих (прогнозных) ценах 2001г.
A19: № пп | B19: Обосно- вание | C19: Наименование | D19: Ед. изм. | E19: Кол. | F19: Стоимость единицы, руб. | J19: Общая стоимость, руб. | N19: Т/з осн. раб.на ед. | O19: Т/з осн. раб. Всего | P19: Т/з мех. на ед. | Q19: Т/з мех. Всего
F20: Всего | G20: В том числе | J20: Всего | K20: В том числе
G21: Осн.З/п | H21: Эк.Маш | I21: З/пМех | K21: Осн.З/п | L21: Эк.Маш | M21: З/пМех
A22: 1 | B22: 2 | C22: 3 | D22: 4 | E22: 5 | F22: 6 | G22: 7 | H22: 8 | I22: 9 | J22: 10 | K22: 11 | L22: 12 | M22: 13 | N22: 14 | O22: 15 | P22: 16 | Q22: 17
A23: Раздел 1.
A24: 1 | B24: ТЕР01-02-057-01 | C24: Разработка грунта вручную в траншеях глубиной до 2 м без креплений с откосами, группа грунтов 1 НР (1225 руб.): 80% от ФОТ СП (689 руб.): 45% от ФОТ | D24: 100 м3 грунта | E24: 1,1808 (32,8/100)*360/100 | F24: 1296.82 | G24: 1296.82 | J24: 1531 | K24: 1531 | N24: 118 | O24: 139.33
A25: 2 | B25: ТЕР34-02-003-01 | C25: Устройство трубопроводов из полиэтиленовых труб до 2 отверстий 1 661,68 = 69 321,68 - 1000 x 67,66 НР (570 руб.): 100% от ФОТ СП (371 руб.): 65% от ФОТ | D25: 1 канало-километр трубопровода | E25: 0,36 360/1000 | F25: 1661.68 | G25: 1584.03 | J25: 598 | K25: 570 | N25: 133 | O25: 47.88
A26: 3 | B26: Прайс-лист DKC 1 кв.2013г. | C26: Труба жесткая двустенная гофрированная диаметр 110мм | D26: м | E26: 360 | F26: 28,04 182,64/1,18/5,52 | J26: 10094
A27: 4 | B27: ТЕРм08-02-142-01 | C27: Устройство постели при одном кабеле в траншее НР (1236 руб.): 95% от ФОТ СП (846 руб.): 65% от ФОТ | D27: 100 м кабеля | E27: 7,2 720/100 | F27: 1549.97 | G27: 89.84 | H27: 1458.33 | I27: 90.82 | J27: 11160 | K27: 647 | L27: 10500 | M27: 654 | N27: 6.63 | O27: 47.74 | P27: 4.99 | Q27: 35.93
A28: 5 | B28: ТСЦ-408-0122 | C28: Песок природный для строительных работ средний | D28: м3 | E28: 79,2 0,11*720 | F28: 135.61 | J28: 10740
A29: 6 | B29: ТЕРм10-06-048-06 | C29: Прокладка волоконно-оптических кабелей в канализации в трубопроводе по свободному каналу НР (739 руб.): 80% от ФОТ СП (416 руб.): 45% от ФОТ | D29: 100 м кабеля | E29: 3,6 360/100 | F29: 534.58 | G29: 218.85 | H29: 304.24 | I29: 37.64 | J29: 1924 | K29: 788 | L29: 1095 | M29: 136 | N29: 15 | O29: 54 | P29: 2.41 | Q29: 8.68
A30: 7 | B30: ТЕРм10-06-048-07 | C30: Прокладка волоконно-оптических кабелей в канализации в трубопроводе по занятому каналу НР (987 руб.): 80% от ФОТ СП (555 руб.): 45% от ФОТ | D30: 100 м кабеля | E30: 3,6 360/100 | F30: 717.55 | G30: 291.8 | H30: 412.8 | I30: 51.08 | J30: 2583 | K30: 1050 | L30: 1486 | M30: 184 | N30: 20 | O30: 72 | P30: 3.27 | Q30: 11.77
A31: 8 | B31: Прайс-лист "СПК Трейд" 3кв.2013г. | C31: Кабель волоконно-оптический одномодовый 16 волокон ИКБ-М4П-А16-8.0 | D31: 1000м | E31: 0,7344 720*1,02/1000 | F31: 6614,26 43629/1,18/5,59 | J31: 4858
A32: 9 | B32: ТЕРм10-06-054-04 | C32: Измерение на смонтированном участке волоконно-оптического кабеля ГТС в одном направлении с числом волокон 16 НР (468 руб.): 100% от ФОТ СП (304 руб.): 65% от ФОТ | D32: 1 участок | E32: 1 | F32: 6004.43 | G32: 309.4 | H32: 5688.84 | I32: 158.7 | J32: 6004 | K32: 309 | L32: 5689 | M32: 159 | N32: 17 | O32: 17 | P32: 8.72 | Q32: 8.72
A33: 10 | B33: ТЕР01-02-061-01 | C33: Засыпка вручную траншей, пазух котлованов и ям, группа грунтов 1 НР (846 руб.): 80% от ФОТ СП (476 руб.): 45% от ФОТ | D33: 100 м3 грунта | E33: 1,1304 (31,4/100)*360/100 | F33: 935.45 | G33: 935.45 | J33: 1057 | K33: 1057 | N33: 88.5 | O33: 100.04
A34: 11 | B34: ТЕРм08-02-147-10 | C34: Кабель до 35 кВ по установленным конструкциям и лоткам с креплением по всей длине, масса 1 м кабеля до 1 кг НР (3204 руб.): 95% от ФОТ СП (2192 руб.): 65% от ФОТ | D34: 100 м кабеля | E34: 10,75 (1050+25)/100 | F34: 1668.15 | G34: 238.48 | H34: 673.35 | I34: 75.27 | J34: 17933 | K34: 2564 | L34: 7239 | M34: 809 | N34: 17.6 | O34: 189.2 | P34: 4.43 | Q34: 47.62
A35: 12 | B35: ТСЦ-501-1430 | C35: Кабели связи с полиэтиленовой изоляцией, с алюмополиэтиленовым экраном, с наружным покровом, марки ТППэпБ, диаметром жилы 0,5 мм, с числом пар - 20 | D35: 1000 м | E35: 0,0255 25*1,02/1000 | F35: 29706.01 | J35: 758
A36: 13 | B36: ТСЦ-501-1353 | C36: Кабели связи с полиэтиленовой изоляцией, с алюмополиэтиленовым экраном, марки ТППэп, диаметром жилы 0,5 мм, с числом пар - 20 | D36: 1000 м | E36: 1,071 1050*1,02/1000 | F36: 14561 | J36: 15595
A37: 14 | B37: ТЕР01-02-057-01 | C37: Разработка грунта вручную в траншеях глубиной до 2 м без креплений с откосами, группа грунтов 1 НР (1997 руб.): 80% от ФОТ СП (1123 руб.): 45% от ФОТ | D37: 100 м3 грунта | E37: 1,925 0,35*550/100 | F37: 1296.82 | G37: 1296.82 | J37: 2496 | K37: 2496 | N37: 118 | O37: 227.15
A38: 15 | B38: ТЕРм08-02-141-01 | C38: Кабель до 35 кВ в готовых траншеях без покрытий, масса 1 м до 1 кг НР (1292 руб.): 95% от ФОТ СП (884 руб.): 65% от ФОТ | D38: 100 м кабеля | E38: 5,5 550/100 | F38: 876.65 | G38: 185.64 | H38: 576.4 | I38: 61.59 | J38: 4822 | K38: 1021 | L38: 3170 | M38: 339 | N38: 13.7 | O38: 75.35 | P38: 3.61 | Q38: 19.86
A39: 16 | B39: ТЕРм08-02-142-01 | C39: Устройство постели при одном кабеле в траншее НР (944 руб.): 95% от ФОТ СП (646 руб.): 65% от ФОТ | D39: 100 м кабеля | E39: 5,5 550/100 | F39: 1549.97 | G39: 89.84 | H39: 1458.33 | I39: 90.82 | J39: 8525 | K39: 494 | L39: 8021 | M39: 500 | N39: 6.63 | O39: 36.47 | P39: 4.99 | Q39: 27.45
A40: 17 | B40: ТСЦ-501-1354 | C40: Кабели связи с полиэтиленовой изоляцией, с алюмополиэтиленовым экраном, марки ТППэп, диаметром жилы 0,5 мм, с числом пар - 30 | D40: 1000 м | E40: 0,561 550*1,02/1000 | F40: 19633 | J40: 11014
A41: 18 | B41: ТЕРм10-06-032-01 | C41: Комплекс измерений постоянным током смонтированных парных кабелей до и после включения в оконечные устройства НР (35 руб.): 100% от ФОТ СП (23 руб.): 65% от ФОТ | D41: 100 пар | E41: 0,2 20/100 | F41: 188.66 | G41: 176.15 | J41: 38 | K41: 35 | N41: 13 | O41: 2.6
A42: 19 | B42: ТЕРм10-06-014-01 | C42: Накачивание кабеля сжатым газом в процессе монтажа муфт смонтированных участков или шагов пупинизации в котловане, диаметр кабеля до 30 мм НР (26 руб.): 120% от ФОТ СП (15 руб.): 70% от ФОТ | D42: 1 км кабеля | E42: 0,55 550/1000 | F42: 205.43 | G42: 13.55 | H42: 191.61 | I42: 27.65 | J42: 113 | K42: 7 | L42: 105 | M42: 15 | N42: 1 | O42: 0.55 | P42: 1.77 | Q42: 0.97
A43: 20 | B43: ТЕРм10-06-027-08 | C43: Установка консоли в коллекторе одноместной НР (250 руб.): 100% от ФОТ СП (163 руб.): 65% от ФОТ | D43: 1 шт. | E43: 80 | F43: 43.35 | G43: 2.65 | H43: 3.79 | I43: 0.47 | J43: 3468 | K43: 212 | L43: 303 | M43: 38 | N43: 0.23 | O43: 18.4 | P43: 0.03 | Q43: 2.4
A44: 21 | B44: ТЕР01-02-061-01 | C44: Засыпка вручную траншей, пазух котлованов и ям, группа грунтов 1 НР (1441 руб.): 80% от ФОТ СП (810 руб.): 45% от ФОТ | D44: 100 м3 грунта | E44: 1,925 0,35*550/100 | F44: 935.45 | G44: 935.45 | J44: 1801 | K44: 1801 | N44: 88.5 | O44: 170.36
A45: 22 | B45: ТЕР01-02-056-01 | C45: Разработка грунта вручную в траншеях шириной более 2 м и котлованах площадью сечения до 5 м2 с креплениями, глубина траншей и котлованов до 2 м, группа грунтов 1 НР (587 руб.): 80% от ФОТ СП (330 руб.): 45% от ФОТ | D45: 100 м3 грунта | E45: 0,3836 9,59*4/100 | F45: 1913.22 | G45: 1913.22 | J45: 734 | K45: 734 | N45: 162 | O45: 62.14
A46: 23 | B46: ТЕР34-02-005-03 | C46: Устройство колодцев железобетонных сборных типовых, собранных на трассе, устанавливаемых на пешеходной части ККС-3 НР (575 руб.): 100% от ФОТ СП (374 руб.): 65% от ФОТ | D46: 1 колодец | E46: 4 | F46: 1615.99 | G46: 130.44 | H46: 93.05 | I46: 13.29 | J46: 6464 | K46: 522 | L46: 372 | M46: 53 | N46: 10.08 | O46: 40.32 | P46: 0.73 | Q46: 2.92
A47: 24 | B47: ТЕРм10-06-029-18 | C47: Муфта прямая на кабеле с пластиковой или винилитовой оболочкой в колодцах, емкость до 20х2 НР (834 руб.): 100% от ФОТ СП (542 руб.): 65% от ФОТ | D47: 1 шт. | E47: 8 | F47: 240.82 | G47: 94.85 | H47: 75.74 | I47: 9.37 | J47: 1927 | K47: 759 | L47: 606 | M47: 75 | N47: 7 | O47: 56 | P47: 0.6 | Q47: 4.8
A48: 25 | B48: ТЕРм10-06-029-19 | C48: Муфта прямая на кабеле с пластиковой или винилитовой оболочкой в колодцах, емкость до 30х2 НР (954 руб.): 100% от ФОТ СП (620 руб.): 65% от ФОТ | D48: 1 шт. | E48: 8 | F48: 269.85 | G48: 108.4 | H48: 88.37 | I48: 10.93 | J48: 2159 | K48: 867 | L48: 707 | M48: 87 | N48: 8 | O48: 64 | P48: 0.7 | Q48: 5.6
A49: 26 | B49: ТЕРм10-06-051-04 | C49: Муфты прямые с учетом измерений рефлектометром в процессе монтажа на кабеле ГТС в колодце с числом волокон 16 27 696,27 = 28 437,87 - 1 x 741,60 НР (9936 руб.): 100% от ФОТ СП (6458 руб.): 65% от ФОТ | D49: 1 шт. | E49: 4 | F49: 27696.27 | G49: 1292.2 | H49: 26217.4 | I49: 1191.66 | J49: 110785 | K49: 5169 | L49: 104870 | M49: 4767 | N49: 71 | O49: 284 | P49: 70.89 | Q49: 283.56
A50: 27 | B50: Прайс-лист "Связьдеталь" 1кв.2013г. | C50: Муфта чугунная С-35 | D50: шт | E50: 4 | F50: 290,93 1894,98/1,18/5,52 | J50: 1164
A51: 28 | B51: ТЕРм08-02-411-01 | C51: Рукав металлический наружным диаметром до 48 мм НР (88 руб.): 95% от ФОТ СП (60 руб.): 65% от ФОТ | D51: 100 м | E51: 0,2 20/100 | F51: 3947.41 | G51: 459.78 | H51: 240.22 | I51: 4 | J51: 789 | K51: 92 | L51: 48 | M51: 1 | N51: 34.7 | O51: 6.94 | P51: 0.22 | Q51: 0.04
A52: 29 | B52: ФССЦ-101-3134 | C52: Рукава металлические диаметром 32 мм РЗ-Ц-Х (Материалы от ФЕР к ТЕР МАТ=1,052 к расх.) | D52: м | E52: 20 | F52: 13.94 | J52: 279
A53: 30 | B53: ТЕР01-02-061-01 | C53: Засыпка вручную траншей, пазух котлованов и ям, группа грунтов 1 НР (170 руб.): 80% от ФОТ СП (96 руб.): 45% от ФОТ | D53: 100 м3 грунта | E53: 0,228 5,7*4/100 | F53: 935.45 | G53: 935.45 | J53: 213 | K53: 213 | N53: 88.5 | O53: 20.18
A54: 31 | B54: Прайс-лист "Связьстройдеталь" 1 кв.2013г. | C54: Колодец железобетонный ККС-3-10 ГЕК | D54: шт | E54: 4 | F54: 3338,77 18430/5,52 | J54: 13355
A55: 32 | B55: Прайс-лист "Связьстройдеталь" 1 кв.2013г. | C55: Кольцо опорное КО-1 | D55: шт | E55: 8 | F55: 165,94 916/5,52 | J55: 1328
A56: 33 | B56: Прайс-лист "Связьстройдеталь" 1 кв.2013г. | C56: Люк чугунный л/т без стальной крышки | D56: шт | E56: 4 | F56: 661,84 3660/5,53 | J56: 2647
A57: 34 | B57: Прайс-лист "Связьстройдеталь" 2 кв.2013г. | C57: Крышка люка | D57: шт | E57: 4 | F57: 109,22 604/5,53 | J57: 437
A58: 35 | B58: Прайс-лист "Связьстройдеталь" 2 кв.2013г. | C58: Специальный набор крепления люков СНКЛ-3 | D58: шт | E58: 4 | F58: 180,29 997/5,53 | J58: 721
A59: 36 | B59: Прайс-лист "Связьстройдеталь" 2 кв.2013г. | C59: Устройство запорное УЗНК-II-0 | D59: шт | E59: 4 | F59: 662,21 3662/5,53 | J59: 2649
A60: 37 | B60: Прайс-лист "Связьстройдеталь" 2 кв.2013г. | C60: Ключ для УЗНК-II-0 | D60: шт | E60: 2 | F60: 254,97 1410/5,53 | J60: 510
A61: 38 | B61: Прайс-лист "Связьстройдеталь" 1 кв.2013г. | C61: Держатель расстояния (кластер) для двустенных труб, д.110, (двойной) 110604-00020 | D61: шт | E61: 173 | F61: 28,3 156,2/5,52 | J61: 4896
A62: 39 | B62: ТЕРм08-02-395-01 | C62: Лоток металлический штампованный по установленным конструкциям, ширина лотка до 200 мм НР (965 руб.): 95% от ФОТ СП (660 руб.): 65% от ФОТ | D62: 1 т | E62: 0,8246 (152*2,5*0,96+152*2,5*1,21)/1000 | F62: 2242.32 | G62: 894.38 | H62: 1248.2 | I62: 337.7 | J62: 1849 | K62: 738 | L62: 1029 | M62: 278 | N62: 67.5 | O62: 55.66 | P62: 21.36 | Q62: 17.61
A63: 40 | B63: Прайс-лист OSTEC 3кв.2013г. | C63: ЛПМЗТ-100х50пр ОSТЕC Металлический лоток перфорированный 100х50х2500 | D63: м | E63: 380 152*2,5 | F63: 20,19 133,20/1,18/5,59 | J63: 7672
A64: 41 | B64: Прайс-лист OSTEC 3в.2013г. | C64: КЛЗТ-200пр OSTEC Крышка к лотку 200х15х2500 | D64: м | E64: 380 152*2,5 | F64: 24,01 158,40/1,18/5,59 | J64: 9124
A65: 42 | B65: ТЕРм08-02-152-07 | C65: Полка кабельная, устанавливаемая на стойках, масса до 0,4 кг НР (108 руб.): 95% от ФОТ СП (74 руб.): 65% от ФОТ | D65: 100 шт. | E65: 3,8 380/100 | F65: 62.76 | G65: 27.91 | H65: 32.15 | I65: 2 | J65: 238 | K65: 106 | L65: 122 | M65: 8 | N65: 2.06 | O65: 7.83 | P65: 0.11 | Q65: 0.42
A66: 43 | B66: Прайс-лист OSTEC 3в.2013г. | C66: КПН-100 OST КПН-100 OSTEC Консоль подвеса 100мм | D66: шт | E66: 380 | F66: 8,73 57,60/1,18/5,59 | J66: 3317
A67: 44 | B67: ТЕРм08-02-152-06 | C67: Стойка сборных кабельных конструкций (без полок), масса до 4 кг НР (490 руб.): 95% от ФОТ СП (335 руб.): 65% от ФОТ | D67: 100 шт. | E67: 1,3 130/100 | F67: 2253.78 | G67: 384.82 | H67: 390.23 | I67: 12.01 | J67: 2930 | K67: 500 | L67: 507 | M67: 16 | N67: 28.4 | O67: 36.92 | P67: 0.66 | Q67: 0.86
A68: 45 | B68: Прайс-лист OSTEC 3в.2013г. | C68: СПТ3 (2900) OSTEC Стойка потолочного подвеса (Дл2900мм) | D68: шт | E68: 130 | F68: 82,29 542,80/1,18/5,59 | J68: 10698
A69: 46 | B69: Прайс-лист OSTEC 3в.2013г. | C69: СПУ OST СПУ OSTEC Соединительная планка универсальная для лотка h 50 0,7 мм | D69: шт | E69: 100 | F69: 2,37 15,66/1,18/5,59 | J69: 237
A70: 47 | B70: Прайс-лист OSTEC 3в.2013г. | C70: СЛП-100 OSTEC Соединитель 100х20х200 | D70: шт | E70: 152 | F70: 3,34 22,03/1,18/5,59 | J70: 508
A71: 48 | B71: ТСЦ-101-1821 | C71: Винты самонарезающие оцинкованные, размером 4-12 мм ГОСТ 10621-80 | D71: т | E71: 0,015 15/1000 | F71: 38163.26 | J71: 572
A72: 49 | B72: ТСЦ-101-0128 | C72: Гайки шестигранные оцинкованные диаметр резьбы 8 мм | D72: т | E72: 0,015 15/1000 | F72: 32439.99 | J72: 487
A73: 50 | B73: ТСЦ-101-2041 | C73: Шайбы оцинкованные, диаметр 6 мм | D73: кг | E73: 9 | F73: 22.2 | J73: 200
A74: 51 | B74: ТСЦ-101-0096 | C74: Болты оцинкованные диаметром резьбы 8 мм | D74: т | E74: 0,009 9/1000 | F74: 21245 | J74: 191
A75: 52 | B75: ТСЦ-101-0128 | C75: Гайки шестигранные оцинкованные диаметр резьбы 8 мм | D75: т | E75: 0,009 9/1000 | F75: 32439.99 | J75: 292
A76: 53 | B76: ТЕРм08-02-152-01 | C76: Полка-кронштейн из угловой стали НР (21 руб.): 95% от ФОТ СП (14 руб.): 65% от ФОТ | D76: 1 т | E76: 0,01508 3,77*4/1000 | F76: 21846.04 | G76: 1368.55 | H76: 863.32 | I76: 38.4 | J76: 329 | K76: 21 | L76: 13 | M76: 1 | N76: 101 | O76: 1.52 | P76: 2.11 | Q76: 0.03
A77: Итого прямые затраты по смете в ценах 2001г. | J77: 306813 | K77: 24303 | L77: 145882 | M77: 8120 | O77: 1833.58 | Q77: 479.24
A78: Итого прямые затраты по смете с учетом коэффициентов к итогам | J78: 309379 | K78: 24303 | L78: 145882 | M78: 8120 | O78: 1833.58 | Q78: 479.24
A79: В том числе, справочно:
A80: Транспорт материалов МАТ=1% (Поз. 3, 5, 27, 31-38, 40-41, 43, 45-47, 8) | J80: 850
A81: Заготовительно-складские расходы на материалы МАТ=2% (Поз. 3, 5, 27, 31-38, 40-41, 43, 45-47, 8) | J81: 1716
A82: Накладные расходы | J82: 29990
A83: В том числе, справочно:
A84: 80% ФОТ (от 9990) (Поз. 1, 6-7, 10, 14, 21-22, 30) | J84: 7992
A85: 95% ФОТ (от 8789) (Поз. 4, 11, 15-16, 28, 39, 42, 44, 53) | J85: 8350
A86: 100% ФОТ (от 13622) (Поз. 2, 23, 9, 18, 20, 24-26) | J86: 13622
A87: 120% ФОТ (от 22) (Поз. 19) | J87: 26
A88: Сметная прибыль | J88: 19078
A89: В том числе, справочно:
A90: 45% ФОТ (от 9990) (Поз. 1, 6-7, 10, 14, 21-22, 30) | J90: 4496
A91: 65% ФОТ (от 22411) (Поз. 2, 23, 4, 11, 15-16, 28, 39, 42, 44, 53, 9, 18, 20, 24-26) | J91: 14567
A92: 70% ФОТ (от 22) (Поз. 19) | J92: 15
A93: Итоги по смете:
A94: Итого Строительные работы | J94: 33778 | O94: 933.4 | Q94: 23.37
A95: Итого Монтажные работы | J95: 324669 | O95: 900.18 | Q95: 455.87
A96: Итого | J96: 358447 | O96: 1833.58 | Q96: 479.24
A97: В том числе:
A98: Материалы | J98: 139194
A99: Машины и механизмы | J99: 145882
A100: ФОТ | J100: 32423
A101: Накладные расходы | J101: 29990
A102: Сметная прибыль | J102: 19078
A103: ВСЕГО по смете | J103: 358447 | O103: 1833.58 | Q103: 479.24

Sheet 06-01
H1: ФГУП "Комбинат "Электрохимприбор"
H2: (наименование стройки)
H4: ЛОКАЛЬНЫЙ СМЕТНЫЙ РАСЧЕТ № 06-01
H5: (локальная смета)
C7: на наружные сети хозяйственно-питьевого противопожарного водопровода, Административно-бытовой корпус промышленной площадки 5
H8: (наименование работ и затрат, наименование объекта)
D10: Основание: Р-055/10674-НВК
D11: Сметная стоимость строительных работ _______________________________________________________________________________________________ | J11: ___________________________30,049 | L11: тыс. руб.
D12: Средства на оплату труда _______________________________________________________________________________________________ | J12: ___________________________2,907 | L12: тыс. руб.
D13: Сметная трудоемкость _______________________________________________________________________________________________ | J13: _______________________________________________________________________________________________217,46 | L13: чел.час
D14: Составлен(а) в текущих (прогнозных) ценах 2001г.
A17: № пп | B17: Обосно- вание | C17: Наименование | D17: Ед. изм. | E17: Кол. | F17: Стоимость единицы, руб. | J17: Общая стоимость, руб. | N17: Т/з осн. раб.на ед. | O17: Т/з осн. раб. Всего | P17: Т/з мех. на ед. | Q17: Т/з мех. Всего
F18: Всего | G18: В том числе | J18: Всего | K18: В том числе
G19: Осн.З/п | H19: Эк.Маш | I19: З/пМех | K19: Осн.З/п | L19: Эк.Маш | M19: З/пМех
A20: 1 | B20: 2 | C20: 3 | D20: 4 | E20: 5 | F20: 6 | G20: 7 | H20: 8 | I20: 9 | J20: 10 | K20: 11 | L20: 12 | M20: 13 | N20: 14 | O20: 15 | P20: 16 | Q20: 17
A21: Раздел 1. Трубопроводы и арматура
A22: 1 | B22: ТЕР22-03-006-02 | C22: Установка задвижек или клапанов обратных чугунных диаметром 80 мм (65мм) 56,58 = 490,75 - 1 x 434,17 НР (27 руб.): 130% от ФОТ СП (19 руб.): 89% от ФОТ | D22: 1 задвижка (или клапан обратный) | E22: 1 | F22: 56.58 | G22: 20.84 | H22: 3.28 | J22: 57 | K22: 21 | L22: 3 | N22: 1.67 | O22: 1.67
A23: 2 | B23: ТЕР22-03-011-04 применит. | C23: Установка ковера регулируемого с опорной плитой 139,63 = 990,66 - 1 x 781,15 - 0,13 x 537,56 НР (125 руб.): 130% от ФОТ СП (85 руб.): 89% от ФОТ | D23: 1 шт. | E23: 1 | F23: 139.63 | G23: 94.87 | H23: 12.74 | I23: 0.73 | J23: 140 | K23: 95 | L23: 13 | M23: 1 | N23: 7.16 | O23: 7.16 | P23: 0.04 | Q23: 0.04
A24: 3 | B24: прайс-лист "Мастерпром" от 1кв.2013 | C24: Задвижка чугунная 4000Е2 д 65мм | D24: шт | E24: 1 | F24: 1950,23 12703/1,18/5,52 | J24: 1950
A25: 4 | B25: ТЕР22-03-014-02 | C25: Приварка фланцев к стальным трубопроводам диаметром 80 мм 58,98 = 118,48 - 1 x 59,50 НР (36 руб.): 130% от ФОТ СП (25 руб.): 89% от ФОТ | D25: 1 фланец | E25: 2 | F25: 58.98 | G25: 8.28 | H25: 48.39 | I25: 5.47 | J25: 118 | K25: 17 | L25: 97 | M25: 11 | N25: 0.53 | O25: 1.06 | P25: 0.35 | Q25: 0.7
A26: 5 | B26: ТСЦ-507-1001 | C26: Фланцы стальные плоские приварные из стали ВСт3сп2, ВСт3сп3, давлением 1,6 МПа (16 кгс/см2), диаметром 65 мм | D26: шт. | E26: 2 | F26: 66.64 | J26: 133
A27: 6 | B27: прайс-лист "Мастерпром" от 1кв.2013 | C27: Шток телескопический 9500Е2 для задвижек Ф 50-100мм для глубины 2,5-3,5м | D27: шт | E27: 1 | F27: 1333,36 8685/1,18/5,52 | J27: 1333
A28: 7 | B28: прайс-лист "Мастерпром" от 1кв.2013 | C28: Ковер регулируемый для задвижек 2051К | D28: шт | E28: 1 | F28: 717,27 4672/1,18/5,52 | J28: 717
A29: 8 | B29: прайс-лист "Мастерпром" от 1кв.2013 | C29: Опорная плита для ковера | D29: шт | E29: 1 | F29: 156,75 1021/1,18/5,52 | J29: 157
A30: 9 | B30: ТЕР22-01-021-02 | C30: Укладка трубопроводов из полиэтиленовых труб диаметром 65 мм 5 411,63 = 31 824,14 - 101 x 261,51 НР (114 руб.): 130% от ФОТ СП (78 руб.): 89% от ФОТ | D30: 1 км трубопровода | E30: 0,028 28/1000 | F30: 5411.63 | G30: 2718.01 | H30: 2653.22 | I30: 413.62 | J30: 152 | K30: 76 | L30: 74 | M30: 12 | N30: 207.64 | O30: 5.81 | P30: 24.02 | Q30: 0.67
A31: 10 | B31: ТСЦ-507-2840 | C31: Труба ПЭ 80 SDR 13,6, наружный диаметр 63 мм (ГОСТ 18599-2001) | D31: 10 м | E31: 2,8 28/10 | F31: 202.7 | J31: 568
A32: 11 | B32: ТЕР22-06-006-07 | C32: Врезка в существующие сети из чугунных труб диаметром 250 мм 726,63 = 1 991,63 - 0,15 x 8 433,34 НР (259 руб.): 130% от ФОТ СП (177 руб.): 89% от ФОТ | D32: 1 врезка | E32: 1 | F32: 726.63 | G32: 142.85 | H32: 519.43 | I32: 55.87 | J32: 727 | K32: 143 | L32: 519 | M32: 56 | N32: 11.31 | O32: 11.31 | P32: 3.07 | Q32: 3.07
A33: 12 | B33: ТСЦ-507-2234 | C33: Тройники переходные на Ру до 16 МПа (160 кгс/см2) диаметром условного прохода 250х150 мм, наружным диаметром и толщиной стенки 273х8-159х4,5 (тройник 273*6,0-60*3,5) | D33: шт. | E33: 1 | F33: 2061.2 | J33: 2061
A34: 13 | B34: ТСЦ-103-0748 | C34: Фасонные чугунные соединительные части к чугунным напорным трубам наружным диаметром 250-400 мм Муфты надвижные диаметром 300 мм | D34: т | E34: 0,1142 0,0571*2 | F34: 8433.34 | J34: 963
A35: 14 | B35: ТСЦ-507-0717 | C35: Втулка полиэтиленовая с удлиненным хвостовиком под фланец SDR 11, диаметр 63 мм (ТУ2248-001-18425183-01) | D35: шт. | E35: 1 | F35: 96.39 | J35: 96
A36: 15 | B36: ООО "Трубпластснаб" 1кв. 2013г. | C36: Фланец расточенный Ф63 | D36: шт. | E36: 1 | F36: 49,63 323,25/1,18/5,52 | J36: 50
A37: Итого прямые затраты по разделу в ценах 2001г. | J37: 9222 | K37: 352 | L37: 706 | M37: 80 | O37: 27.01 | Q37: 4.48
A38: Итого прямые затраты по разделу с учетом коэффициентов к итогам | J38: 9349 | K38: 352 | L38: 706 | M38: 80 | O38: 27.01 | Q38: 4.48
A39: В том числе, справочно:
A40: Транспортные расходы на материалы МАТ=1% (Поз. 3, 6-8, 15) | J40: 42
A41: заготовительно-складские расходы на материалы МАТ=2% (Поз. 3, 6-8, 15) | J41: 85
A42: Накладные расходы | J42: 562
A43: Сметная прибыль | J43: 384
A44: Итоги по разделу 1 Трубопроводы и арматура :
A45: Наружные сети водопровода, канализации, теплоснабжения, газопровода | J45: 5297 | O45: 27.01 | Q45: 4.48
A46: Материалы | J46: 4334
A47: Сантехнические работы - внутренние (трубопроводы, водопровод, канализация, отопление, газоснабжение, вентиляция и кондиционирование воздуха) | J47: 664
A48: Итого | J48: 10295 | O48: 27.01 | Q48: 4.48
A49: В том числе:
A50: Материалы | J50: 8291
A51: Машины и механизмы | J51: 706
A52: ФОТ | J52: 432
A53: Накладные расходы | J53: 562
A54: Сметная прибыль | J54: 384
A55: Итого по разделу 1 Трубопроводы и арматура | J55: 10295 | O55: 27.01 | Q55: 4.48
A56: Раздел 2. Земляные работы
A57: 16 | B57: ТЕР01-01-003-14 | C57: Разработка грунта в отвал экскаваторами «драглайн» или «обратная лопата» с ковшом вместимостью 0,5 (0,5-0,63) м3, группа грунтов 2 НР (104 руб.): 95% от ФОТ СП (55 руб.): 50% от ФОТ | D57: 1000 м3 грунта | E57: 0,178761 (А1-А5-А3-А6)/1000 | F57: 4077.94 | G57: 149.13 | H57: 3928.81 | I57: 460.79 | J57: 729 | K57: 27 | L57: 702 | M57: 82 | N57: 13.57 | O57: 2.43 | P57: 29.5 | Q57: 5.27
A58: 17 | B58: ТЕР01-01-013-14 | C58: Разработка грунта с погрузкой на автомобили-самосвалы экскаваторами с ковшом вместимостью 0,5 (0,5-0,63) м3, группа грунтов 2 НР (19 руб.): 95% от ФОТ СП (10 руб.): 50% от ФОТ | D58: 1000 м3 грунта | E58: 0,023 окр((А5+А3+А6)/1000;3 | F58: 5705.72 | G58: 165.73 | H58: 5534.89 | I58: 694.87 | J58: 131 | K58: 4 | L58: 127 | M58: 16 | N58: 15.08 | O58: 0.35 | P58: 43.62 | Q58: 1
A59: 18 | B59: ТЕР01-02-057-02 | C59: Разработка грунта вручную в траншеях глубиной до 2 м без креплений с откосами, группа грунтов 2 (3.187 Доработка вручную, зачистка дна и стенок с выкидкой грунта в котлованах и траншеях, разработанных механизированным способом ОЗП=1,2; ТЗ=1,2) НР (98 руб.): 80% от ФОТ СП (55 руб.): 45% от ФОТ | D59: 100 м3 грунта | E59: 0,060606 А2/100 | F59: 2030.95 | G59: 2030.95 | J59: 123 | K59: 123 | N59: 184.8 | O59: 11.2
A60: 19 | B60: ТЕР01-02-057-02 | C60: Разработка грунта вручную в траншеях глубиной до 2 м без креплений с откосами, группа грунтов 2 НР (787 руб.): 80% от ФОТ СП (443 руб.): 45% от ФОТ | D60: 100 м3 грунта | E60: 0,581604 (А7)/100 | F60: 1692.46 | G60: 1692.46 | J60: 984 | K60: 984 | N60: 154 | O60: 89.57
A61: 20 | B61: ФССЦпг03-21-01-001 | C61: Перевозка грузов автомобилями-самосвалами грузоподъемностью 10 т, работающих вне карьера, на расстояние: до 1 км I класс груза (15Поясные коэффициенты к сметным ценам на перевозку грузов автомобильным транспортом: Республика Башкортостан, Алтайский край, Вологодская, Кемеровская, Кировская, Курганская, Омская, Оренбургская, Новосибирская, Свердловская, Челябинская и Пермская области (за исключением Коми-Пермяцкого автономного округа). ПЗ=1,1 (ОЗП=1,1; ЭМ=1,1; ЗПМ=1,1; МАТ=1,1)) НР 0% от ФОТ СП 0% от ФОТ | D61: 1 т груза | E61: 41 окр((А5+А3+А6)*1,75 | F61: 3.2 | H61: 3.2 | J61: 131 | L61: 131
A62: 21 | B62: ТЕР01-01-016-02 | C62: Работа на отвале, группа грунтов 2-3 НР (3 руб.): 95% от ФОТ СП (2 руб.): 50% от ФОТ | D62: 1000 м3 грунта | E62: 0,023 окр((А5+А3+А6)/1000;3 | F62: 478.65 | G62: 40.11 | H62: 433.44 | I62: 67.17 | J62: 11 | K62: 1 | L62: 10 | M62: 2 | N62: 3.65 | O62: 0.08 | P62: 3.97 | Q62: 0.09
A63: 22 | B63: ТЕР23-01-001-01 | C63: Устройство основания под трубопроводы песчаного НР (29 руб.): 130% от ФОТ СП (20 руб.): 89% от ФОТ | D63: 10 м3 основания | E63: 0,1775 А3/10 | F63: 1636.02 | G63: 117.4 | H63: 26.91 | I63: 5.47 | J63: 290 | K63: 21 | L63: 5 | M63: 1 | N63: 10.2 | O63: 1.81 | P63: 0.35 | Q63: 0.06
A64: 23 | B64: ТЕР01-02-061-01 | C64: Засыпка вручную траншей, пазух котлованов и ям, группа грунтов 1 НР (70 руб.): 80% от ФОТ СП (39 руб.): 45% от ФОТ | D64: 100 м3 грунта | E64: 0,0925 А4/100 | F64: 935.45 | G64: 935.45 | J64: 87 | K64: 87 | N64: 88.5 | O64: 8.19
A65: 24 | B65: ТЕР01-02-061-02 | C65: Засыпка вручную траншей, пазух котлованов и ям, группа грунтов 2 НР (148 руб.): 80% от ФОТ СП (83 руб.): 45% от ФОТ | D65: 100 м3 грунта | E65: 0,1804 А6/100 | F65: 1027.4 | G65: 1027.4 | J65: 185 | K65: 185 | N65: 97.2 | O65: 17.53
A66: 25 | B66: ТСЦ-408-0023 | C66: Щебень из природного камня для строительных работ марка 400, фракция 20-40 мм | D66: м3 | E66: 18.04 | F66: 119.64 | J66: 2158
A67: 26 | B67: ТЕР01-01-033-02 | C67: Засыпка траншей и котлованов с перемещением грунта до 5 м бульдозерами мощностью 59 кВт (80 л.с.), группа грунтов 2 НР (30 руб.): 95% от ФОТ СП (16 руб.): 50% от ФОТ | D67: 1000 м3 грунта | E67: 0,228 окр((А1+А7-А3-А4-А5-А6)/1000;3 | F67: 822.69 | H67: 822.69 | I67: 138.55 | J67: 188 | L67: 188 | M67: 32 | P67: 8.87 | Q67: 2.02
A68: 27 | B68: ТЕР01-01-033-08 | C68: При перемещении грунта на каждые последующие 5 м добавлять к расценке 01-01-033-02 НР (15 руб.): 95% от ФОТ СП (8 руб.): 50% от ФОТ | D68: 1000 м3 грунта | E68: 0,228 окр((А1+А7-А3-А4-А5-А6)/1000;3 | F68: 406.25 | H68: 406.25 | I68: 68.42 | J68: 93 | L68: 93 | M68: 16 | P68: 4.38 | Q68: 1
A69: 28 | B69: ТЕР01-02-005-01 | C69: Уплотнение грунта пневматическими трамбовками, группа грунтов 1-2 НР (463 руб.): 95% от ФОТ СП (244 руб.): 50% от ФОТ | D69: 100 м3 уплотненного грунта | E69: 2,457 окр((А1+А7-А3-А4-А5)/100;3 | F69: 604.71 | G69: 150.49 | H69: 454.22 | I69: 47.48 | J69: 1486 | K69: 370 | L69: 1116 | M69: 117 | N69: 12.53 | O69: 30.79 | P69: 3.04 | Q69: 7.47
A70: 29 | B70: ТЕР27-03-008-05 | C70: Разборка покрытий и оснований цементно-бетонных НР (108 руб.): 142% от ФОТ СП (72 руб.): 95% от ФОТ | D70: 100 м3 конструкций | E70: 0,091 округл(8*5,7*0,2/100;3 | F70: 2459.39 | G70: 631.05 | H70: 1828.34 | I70: 210.32 | J70: 224 | K70: 57 | L70: 167 | M70: 19 | N70: 57.42 | O70: 5.23 | P70: 12.43 | Q70: 1.13
A71: 30 | B71: ТЕР27-03-010-01 | C71: Разборка бортовых камней на бетонном основании НР (148 руб.): 142% от ФОТ СП (99 руб.): 95% от ФОТ | D71: 100 м | E71: 0,12 12/100 | F71: 865.94 | G71: 865.94 | J71: 104 | K71: 104 | N71: 76.7 | O71: 9.2
A72: 31 | B72: ФССЦпг01-01-01-043 | C72: Погрузочные работы при автомобильных перевозках: Мусор строительный с погрузкой экскаваторами емкостью ковша до 0,5 м3 (от ФЕР к ТЕР Иркутской области ОЗП=1,245; ЭМ=1,14; ЗПМ=1,245; МАТ=1,342; п.1.1.9 ОП Прил.1. Поясной коэффициент: Приморский и Красноярский края, Иркутская и Тюменская область (за исключением местностей, приравненных к районам Крайнего Севера) ПЗ=1,2 (ОЗП=1,2; ЭМ=1,2; ЗПМ=1,2; МАТ=1,2)) НР 0% от ФОТ СП 0% от ФОТ | D72: 1 т груза | E72: 21 | F72: 4.83 | H72: 4.83 | J72: 101 | L72: 101
A73: 32 | B73: ФССЦпг03-21-01-040 | C73: Перевозка грузов автомобилями-самосвалами грузоподъемностью 10 т, работающих вне карьера, на расстояние: до 40 км I класс груза (от ФЕР к ТЕР Иркутской области ОЗП=1,245; ЭМ=1,14; ЗПМ=1,245; МАТ=1,342; 15 Поясные коэффициенты к сметным ценам на перевозку грузов автомобильным транспортом: Приморский и Красноярский края, Иркутская и Тюменская области (за исключением местностей, приравненных к районам Крайнего Севера) ПЗ=1,2 (ОЗП=1,2; ЭМ=1,2; ЗПМ=1,2; МАТ=1,2)) НР 0% от ФОТ СП 0% от ФОТ | D73: 1 т груза | E73: 21 | F73: 31.78 | H73: 31.78 | J73: 667 | L73: 667
A74: 33 | B74: ТЕР27-04-001-02 | C74: Устройство подстилающих и выравнивающих слоев оснований из песчано-гравийной смеси, дресвы НР (55 руб.): 142% от ФОТ СП (37 руб.): 95% от ФОТ | D74: 100 м3 материала основания (в плотном теле) | E74: 0.091 | F74: 2693.01 | G74: 177.48 | H74: 2481.37 | I74: 248.22 | J74: 245 | K74: 16 | L74: 226 | M74: 23 | N74: 15.72 | O74: 1.43 | P74: 14.81 | Q74: 1.35
A75: 34 | B75: ТСЦ-408-0200 | C75: Смесь песчано-гравийная природная | D75: м3 | E75: 11,102 9,1*1,22 | F75: 138.7 | J75: 1540
A76: 35 | B76: ТЕР27-06-020-01 | C76: Устройство покрытия толщиной 4 см из горячих асфальтобетонных смесей плотных мелкозернистых типа АБВ, плотность каменных материалов 2,5-2,9 т/м3 НР (55 руб.): 142% от ФОТ СП (37 руб.): 95% от ФОТ | D76: 1000 м2 покрытия | E76: 0,0456 45,6/1000 | F76: 55602.96 | G76: 518.97 | H76: 2984 | I76: 322.26 | J76: 2535 | K76: 24 | L76: 136 | M76: 15 | N76: 38.3 | O76: 1.75 | P76: 19.08 | Q76: 0.87
A77: 36 | B77: ТЕР27-06-020-03 | C77: Устройство покрытия толщиной 4 см из горячих асфальтобетонных смесей плотных крупнозернинистых типа АБ, плотность каменных материалов 2,5-2,9 т/м3 НР (55 руб.): 142% от ФОТ СП (37 руб.): 95% от ФОТ | D77: 1000 м2 покрытия | E77: 0,0456 45,6/1000 | F77: 51885.73 | G77: 518.97 | H77: 2984 | I77: 322.26 | J77: 2366 | K77: 24 | L77: 136 | M77: 15 | N77: 38.3 | O77: 1.75 | P77: 19.08 | Q77: 0.87
A78: 37 | B78: ТЕР27-06-021-03 | C78: На каждые 0,5 см изменения толщины покрытия добавлять или исключать к расценке 27-06-020-03 (толщиной 5см ПЗ=2 (ОЗП=2; ЭМ=2 к расх.; ЗПМ=2; МАТ=2 к расх.; ТЗ=2; ТЗМ=2)) НР 142% от ФОТ СП 95% от ФОТ | D78: 1000 м2 покрытия | E78: 0,0456 45,6/1000 | F78: 12071.72 | G78: 2.44 | H78: 6.26 | J78: 550 | N78: 0.18 | O78: 0.01
A79: 38 | B79: ТЕР27-02-010-01 | C79: Установка бортовых камней бетонных при цементобетонных покрытиях НР (156 руб.): 142% от ФОТ СП (105 руб.): 95% от ФОТ | D79: 100 м бортового камня | E79: 0,12 12/100 | F79: 3353.64 | G79: 906.11 | H79: 91.05 | I79: 12.38 | J79: 402 | K79: 109 | L79: 11 | M79: 1 | N79: 76.08 | O79: 9.13 | P79: 0.68 | Q79: 0.08
A80: 39 | B80: ТСЦ-403-8021 | C80: Камни бортовые БР 100.30.15 / бетон В30 (М400), объем 0,043 м3/ (ГОСТ 6665-91) | D80: шт. | E80: 12 | F80: 59.88 | J80: 719
A81: Итого прямые затраты по разделу в ценах 2001г. | J81: 16049 | K81: 2136 | L81: 3816 | M81: 339 | O81: 190.45 | Q81: 21.21
A82: Накладные расходы | J82: 2344
A83: Сметная прибыль | J83: 1362
A84: Итоги по разделу 2 Земляные работы :
A85: Земляные работы, выполняемые механизированным способом | J85: 3606 | O85: 33.65 | Q85: 16.85
A86: Земляные работы, выполняемые ручным способом | J86: 3103 | O86: 126.49
A87: Перевозка грузов автотранспортом | J87: 798
A88: Наружные сети водопровода, канализации, теплоснабжения, газопровода | J88: 2497 | O88: 1.81 | Q88: 0.06
A89: Автомобильные дороги | J89: 9650 | O89: 28.5 | Q89: 4.3
A90: Погрузо-разгрузочные работы | J90: 101
A91: Итого | J91: 19755 | O91: 190.45 | Q91: 21.21
A92: В том числе:
A93: Материалы | J93: 10097
A94: Машины и механизмы | J94: 3816
A95: ФОТ | J95: 2475
A96: Накладные расходы | J96: 2344
A97: Сметная прибыль | J97: 1362
A98: Итого по разделу 2 Земляные работы | J98: 19755 | O98: 190.45 | Q98: 21.21
A99: ИТОГИ ПО СМЕТЕ:
A100: Итого прямые затраты по смете в ценах 2001г. | J100: 25271 | K100: 2488 | L100: 4522 | M100: 419 | O100: 217.46 | Q100: 25.69
A101: Итого прямые затраты по смете с учетом коэффициентов к итогам | J101: 25398 | K101: 2488 | L101: 4522 | M101: 419 | O101: 217.46 | Q101: 25.69
A102: В том числе, справочно:
A103: Транспортные расходы на материалы МАТ=1% (Поз. 3, 6-8, 15) | J103: 42
A104: заготовительно-складские расходы на материалы МАТ=2% (Поз. 3, 6-8, 15) | J104: 85
A105: Накладные расходы | J105: 2905
...

Sheet 06-02
H1: ФГУП "Комбинат "Электрохимприбор"
H2: (наименование стройки)
H4: ЛОКАЛЬНЫЙ СМЕТНЫЙ РАСЧЕТ № 06-02
H5: (локальная смета)
C7: на | D7: наружные сети канализации, Административно-бытовой корпус промышленной площадки 5
H8: (наименование работ и затрат, наименование объекта)
D10: Основание: 288С/2012/055/10523-НВК
D11: Сметная стоимость строительных работ _______________________________________________________________________________________________ | J11: ___________________________6,284 | L11: тыс. руб.
D12: Средства на оплату труда _______________________________________________________________________________________________ | J12: ___________________________0,623 | L12: тыс. руб.
D13: Сметная трудоемкость _______________________________________________________________________________________________ | J13: _______________________________________________________________________________________________42,26 | L13: чел.час
D14: Составлен(а) в текущих (прогнозных) ценах 2001г.
A17: № пп | B17: Обосно- вание | C17: Наименование | D17: Ед. изм. | E17: Кол. | F17: Стоимость единицы, руб. | J17: Общая стоимость, руб. | N17: Т/з осн. раб.на ед. | O17: Т/з осн. раб. Всего | P17: Т/з мех. на ед. | Q17: Т/з мех. Всего
F18: Всего | G18: В том числе | J18: Всего | K18: В том числе
G19: Осн.З/п | H19: Эк.Маш | I19: З/пМех | K19: Осн.З/п | L19: Эк.Маш | M19: З/пМех
A20: 1 | B20: 2 | C20: 3 | D20: 4 | E20: 5 | F20: 6 | G20: 7 | H20: 8 | I20: 9 | J20: 10 | K20: 11 | L20: 12 | M20: 13 | N20: 14 | O20: 15 | P20: 16 | Q20: 17
A21: Раздел 1. Сети хозяйственно-бытовой канализации
A22: Трубопроводы
A23: 1 | B23: ТЕР22-01-021-05 | C23: Укладка трубопроводов из полиэтиленовых труб диаметром 150 мм 8 801,15 = 151 685,85 - 101 x 1 414,70 НР (47 руб.): 130% от ФОТ СП (32 руб.): 89% от ФОТ | D23: 1 км трубопровода | E23: 0,008 8/1000 | F23: 8801.15 | G23: 3707.57 | H23: 4856.62 | I23: 734.71 | J23: 70 | K23: 30 | L23: 39 | M23: 6 | N23: 286.52 | O23: 2.29 | P23: 42.84 | Q23: 0.34
A24: 2 | B24: ООО "Группа Полипластик" от 3кв.2013г. | C24: Труба двухслойная профилированная "КОРСИС" SN 16 Д 160мм | D24: м | E24: 8,08 8*1,01 | F24: 54,65 305,5/5,59 | J24: 442
A25: 3 | B25: ООО "Группа Полипластик" от 3кв.2013г. | C25: Муфта "КОРСИС" Д 160мм | D25: шт | E25: 1 | F25: 21,11 118/5,59 | J25: 21
A26: 4 | B26: ООО "Группа Полипластик" от 3кв.2013г. | C26: Уплотнительное кольцо "КОРСИС" Д 160 | D26: шт | E26: 2 | F26: 5,19 29/5,59 | J26: 10
A27: Итого прямые затраты по разделу в ценах 2001г. | J27: 543 | K27: 30 | L27: 39 | M27: 6 | O27: 2.29 | Q27: 0.34
A28: Итого прямые затраты по разделу с учетом коэффициентов к итогам | J28: 558 | K28: 30 | L28: 39 | M28: 6 | O28: 2.29 | Q28: 0.34
A29: В том числе, справочно:
A30: Транспортные расходы ТСЦ81-01-2001 табл.1 МАТ=1% (Поз. 2-4) | J30: 5
A31: Заготовительно-складские расходы ТСЦ81-01-2001 п.8 МАТ=2% (Поз. 2-4) | J31: 10
A32: Накладные расходы | J32: 47
A33: Сметная прибыль | J33: 32
A34: Итоги по разделу 1 Сети хозяйственно-бытовой канализации :
A35: Наружные сети водопровода, канализации, теплоснабжения, газопровода | J35: 149 | O35: 2.29 | Q35: 0.34
A36: Материалы для строительных работ | J36: 488
A37: Итого | J37: 637 | O37: 2.29 | Q37: 0.34
A38: В том числе:
A39: Материалы | J39: 489
A40: Машины и механизмы | J40: 39
A41: ФОТ | J41: 36
A42: Накладные расходы | J42: 47
A43: Сметная прибыль | J43: 32
A44: Итого по разделу 1 Сети хозяйственно-бытовой канализации | J44: 637 | O44: 2.29 | Q44: 0.34
A45: Раздел 2. Земляные работы
A46: 5 | B46: ТЕР01-01-003-14 | C46: Разработка грунта в отвал экскаваторами «драглайн» или «обратная лопата» с ковшом вместимостью 0,5 (0,5-0,63) м3, группа грунтов 2 НР (26 руб.): 95% от ФОТ СП (14 руб.): 50% от ФОТ | D46: 1000 м3 грунта | E46: 0,044379 (А1-А2-А3-А5-А7)/1000 | F46: 4077.94 | G46: 149.13 | H46: 3928.81 | I46: 460.79 | J46: 181 | K46: 7 | L46: 174 | M46: 20 | N46: 13.57 | O46: 0.6 | P46: 29.5 | Q46: 1.31
A47: 6 | B47: ТЕР01-01-013-14 | C47: Разработка грунта с погрузкой на автомобили-самосвалы экскаваторами с ковшом вместимостью 0,5 (0,5-0,63) м3, группа грунтов 2 НР (3 руб.): 95% от ФОТ СП (2 руб.): 50% от ФОТ | D47: 1000 м3 грунта | E47: 0,003351 (А5+А7)/1000 | F47: 5705.72 | G47: 165.73 | H47: 5534.89 | I47: 694.87 | J47: 19 | K47: 1 | L47: 18 | M47: 2 | N47: 15.08 | O47: 0.05 | P47: 43.62 | Q47: 0.15
A48: 7 | B48: ТЕР01-02-057-02 | C48: Разработка грунта вручную в траншеях глубиной до 2 м без креплений с откосами, группа грунтов 2 (3.187 Доработка вручную, зачистка дна и стенок с выкидкой грунта в котлованах и траншеях, разработанных механизированным способом ОЗП=1,2; ТЗ=1,2) НР (33 руб.): 80% от ФОТ СП (18 руб.): 45% от ФОТ | D48: 100 м3 грунта | E48: 0,02 округл(А2/100;2 | F48: 2030.95 | G48: 2030.95 | J48: 41 | K48: 41 | N48: 184.8 | O48: 3.7
A49: 8 | B49: ТЕР01-02-057-02 | C49: Разработка грунта вручную в траншеях глубиной до 2 м без креплений с откосами, группа грунтов 2 НР (14 руб.): 80% от ФОТ СП (8 руб.): 45% от ФОТ | D49: 100 м3 грунта | E49: 0,01 округл((А3)/100;2 | F49: 1692.46 | G49: 1692.46 | J49: 17 | K49: 17 | N49: 154 | O49: 1.54
A50: 9 | B50: ФССЦпг03-21-01-001 | C50: Перевозка грузов автомобилями-самосвалами грузоподъемностью 10 т, работающих вне карьера, на расстояние: до 1 км I класс груза (15Поясные коэффициенты к сметным ценам на перевозку грузов автомобильным транспортом: Республика Башкортостан, Алтайский край, Вологодская, Кемеровская, Кировская, Курганская, Омская, Оренбургская, Новосибирская, Свердловская, Челябинская и Пермская области (за исключением Коми-Пермяцкого автономного округа). ПЗ=1,1 (ОЗП=1,1; ЭМ=1,1; ЗПМ=1,1; МАТ=1,1)) НР 0% от ФОТ СП 0% от ФОТ | D50: 1 т груза | E50: 6 окр((А5+А7)*1,75 | F50: 3.2 | H50: 3.2 | J50: 19 | L50: 19
A51: 10 | B51: ТЕР01-01-016-02 | C51: Работа на отвале, группа грунтов 2-3 НР 95% от ФОТ СП 50% от ФОТ | D51: 1000 м3 грунта | E51: 0,003 окр((А5+А7)/1000;3 | F51: 478.65 | G51: 40.11 | H51: 433.44 | I51: 67.17 | J51: 1 | L51: 1 | N51: 3.65 | O51: 0.01 | P51: 3.97 | Q51: 0.01
A52: 11 | B52: ТЕР23-01-001-01 | C52: Устройство основания под трубопроводы песчаного НР (9 руб.): 130% от ФОТ СП (6 руб.): 89% от ФОТ | D52: 10 м3 основания | E52: 0,06 окр(А7/10;2 | F52: 1636.02 | G52: 117.4 | H52: 26.91 | I52: 5.47 | J52: 98 | K52: 7 | L52: 2 | N52: 10.2 | O52: 0.61 | P52: 0.35 | Q52: 0.02
A53: 12 | B53: ТЕР01-02-061-01 | C53: Засыпка вручную траншей, пазух котлованов и ям, группа грунтов 1 НР (30 руб.): 80% от ФОТ СП (17 руб.): 45% от ФОТ | D53: 100 м3 грунта | E53: 0,04 окр(А4/100;2 | F53: 935.45 | G53: 935.45 | J53: 37 | K53: 37 | N53: 88.5 | O53: 3.54
A54: 13 | B54: ТЕР01-01-033-02 | C54: Засыпка траншей и котлованов с перемещением грунта до 5 м бульдозерами мощностью 59 кВт (80 л.с.), группа грунтов 2 НР (6 руб.): 95% от ФОТ СП (3 руб.): 50% от ФОТ | D54: 1000 м3 грунта | E54: 0,043 округл(А6/1000;3 | F54: 822.69 | H54: 822.69 | I54: 138.55 | J54: 35 | L54: 35 | M54: 6 | P54: 8.87 | Q54: 0.38
A55: 14 | B55: ТЕР01-01-033-07 | C55: При перемещении грунта на каждые последующие 5 м добавлять к расценке 01-01-033-02 НР (3 руб.): 95% от ФОТ СП (2 руб.): 50% от ФОТ | D55: 1000 м3 грунта | E55: 0,043 округл(А6/1000;3 | F55: 395.12 | H55: 395.12 | I55: 66.54 | J55: 17 | L55: 17 | M55: 3 | P55: 4.26 | Q55: 0.18
A56: 15 | B56: ТЕР01-02-005-01 | C56: Уплотнение грунта пневматическими трамбовками, группа грунтов 1-2 НР (81 руб.): 95% от ФОТ СП (43 руб.): 50% от ФОТ | D56: 100 м3 уплотненного грунта | E56: 0,43 окр(А6/100;2 | F56: 604.71 | G56: 150.49 | H56: 454.22 | I56: 47.48 | J56: 260 | K56: 65 | L56: 195 | M56: 20 | N56: 12.53 | O56: 5.39 | P56: 3.04 | Q56: 1.31
A57: Итого прямые затраты по разделу в ценах 2001г. | J57: 725 | K57: 175 | L57: 461 | M57: 51 | O57: 15.44 | Q57: 3.36
A58: Накладные расходы | J58: 203
A59: Сметная прибыль | J59: 111
A60: Итоги по разделу 2 Земляные работы :
A61: Земляные работы, выполняемые механизированным способом | J61: 693 | O61: 6.05 | Q61: 3.34
A62: Земляные работы, выполняемые ручным способом | J62: 214 | O62: 8.78
A63: Перевозка грузов автотранспортом | J63: 19
A64: Наружные сети водопровода, канализации, теплоснабжения, газопровода | J64: 113 | O64: 0.61 | Q64: 0.02
A65: Итого | J65: 1039 | O65: 15.44 | Q65: 3.36
A66: В том числе:
A67: Материалы | J67: 89
A68: Машины и механизмы | J68: 461
A69: ФОТ | J69: 226
A70: Накладные расходы | J70: 203
A71: Сметная прибыль | J71: 111
A72: Итого по разделу 2 Земляные работы | J72: 1039 | O72: 15.44 | Q72: 3.36
A73: Раздел 3. Строительные конструкции
A74: 16 | B74: ТЕР23-03-001-04 | C74: Устройство круглых сборных железобетонных канализационных колодцев диаметром 1 м НР (347 руб.): 130% от ФОТ СП (238 руб.): 89% от ФОТ | D74: 10 м3 железобетонных и бетонных конструкций колодца | E74: 0,112 (0,02*2+0,16+0,24+0,1+0,18+0,40)/10 | F74: 23697.25 | G74: 2027.93 | H74: 3055.73 | I74: 356.9 | J74: 2654 | K74: 227 | L74: 342 | M74: 40 | N74: 158.68 | O74: 17.77 | P74: 19.61 | Q74: 2.2
A75: 17 | B75: ООО"Люкстройсервис" от 04.07.13 | C75: люк Л с запорным устройством цена 3400/1,18/5,59 | D75: шт | E75: 1 | F75: 515,45 3400/1,18/5,59 | J75: 515
A76: 18 | B76: ТСЦ-201-0774 | C76: Вторая крышка. Конструктивные элементы вспомогательного назначения массой не более 50 кг с преобладанием толстолистовой стали собираемые из двух и более деталей, с отверстиями и без отверстий, соединяемые на сварке | D76: т | E76: 0.0175 | F76: 11668.14 | J76: 204
A77: 19 | B77: ТЕР15-02-016-01 | C77: Штукатурка поверхностей цементно-известковым или цементным раствором по камню и бетону простая НР (87 руб.): 105% от ФОТ СП (46 руб.): 55% от ФОТ | D77: 100 м2 оштукатуриваемой поверхности | E77: 0,08 (7,2+0,8)/100 | F77: 2218.68 | G77: 963.61 | H77: 173.44 | I77: 75.15 | J77: 177 | K77: 77 | L77: 14 | M77: 6 | N77: 75.4 | O77: 6.03 | P77: 6.07 | Q77: 0.49
A78: 20 | B78: ТЕР27-04-001-02 | C78: Устройство подстилающих и выравнивающих слоев оснований из песчано-гравийной смеси, дресвы Подготовка под отмостку НР (4 руб.): 142% от ФОТ СП (3 руб.): 95% от ФОТ | D78: 100 м3 материала основания (в плотном теле) | E78: 0,008 0,2*4/100 | F78: 2693.01 | G78: 177.48 | H78: 2481.37 | I78: 248.22 | J78: 22 | K78: 1 | L78: 20 | M78: 2 | N78: 15.72 | O78: 0.13 | P78: 14.81 | Q78: 0.12
A79: 21 | B79: ТСЦ-408-0200 | C79: Смесь песчано-гравийная природная | D79: м3 | E79: 0,976 0,2*4*1,22 | F79: 138.7 | J79: 135
A80: 22 | B80: ТЕР27-07-001-01 | C80: Устройство асфальтобетонных покрытий дорожек и тротуаров однослойных из литой мелкозернистой асфальто-бетонной смеси толщиной 3 см отмостка НР (11 руб.): 142% от ФОТ СП (8 руб.): 95% от ФОТ | D80: 100 м2 покрытия | E80: 0,04 4/100 | F80: 3558.48 | G80: 197.92 | H80: 47.98 | I80: 0.83 | J80: 142 | K80: 8 | L80: 2 | N80: 15.12 | O80: 0.6 | P80: 0.05
A81: Итого прямые затраты по разделу в ценах 2001г. | J81: 3849 | K81: 313 | L81: 378 | M81: 48 | O81: 24.53 | Q81: 2.81
A82: Итого прямые затраты по разделу с учетом коэффициентов к итогам | J82: 3864 | K82: 313 | L82: 378 | M82: 48 | O82: 24.53 | Q82: 2.81
A83: В том числе, справочно:
A84: Транспортные расходы ТСЦ81-01-2001 табл.1 МАТ=1% (Поз. 17) | J84: 5
A85: Заготовительно-складские расходы ТСЦ81-01-2001 п.8 МАТ=2% (Поз. 17) | J85: 10
A86: Накладные расходы | J86: 450
A87: Сметная прибыль | J87: 294
A88: Итоги по разделу 3 Строительные конструкции :
A89: Наружные сети водопровода, канализации, теплоснабжения, газопровода | J89: 3239 | O89: 17.77 | Q89: 2.2
A90: Материалы | J90: 530
A91: Автомобильные дороги | J91: 529 | O91: 0.73 | Q91: 0.12
A92: Отделочные работы | J92: 310 | O92: 6.03 | Q92: 0.49
A93: Итого | J93: 4608 | O93: 24.53 | Q93: 2.81
A94: В том числе:
A95: Материалы | J95: 3173
A96: Машины и механизмы | J96: 378
A97: ФОТ | J97: 361
A98: Накладные расходы | J98: 450
A99: Сметная прибыль | J99: 294
A100: Итого по разделу 3 Строительные конструкции | J100: 4608 | O100: 24.53 | Q100: 2.81
A101: ИТОГИ ПО СМЕТЕ:
A102: Итого прямые затраты по смете в ценах 2001г. | J102: 5117 | K102: 518 | L102: 878 | M102: 105 | O102: 42.26 | Q102: 6.51
A103: Итого прямые затраты по смете с учетом коэффициентов к итогам | J103: 5147 | K103: 518 | L103: 878 | M103: 105 | O103: 42.26 | Q103: 6.51
A104: В том числе, справочно:
A105: Транспортные расходы ТСЦ81-01-2001 табл.1 МАТ=1% (Поз. 2-4, 17) | J105: 10
...

Sheet 06-03 изм.1
H1: ФГУП "Комбинат "Электрохимприбор"
H2: (наименование стройки)
H4: ЛОКАЛЬНЫЙ СМЕТНЫЙ РАСЧЕТ № 06-03 изм.1
H5: (локальная смета)
C7: на | D7: тепловые сети, Административно-бытовой корпус промышленной площадки 5
H8: (наименование работ и затрат, наименование объекта)
D10: Основание: Р-055/10674-294-ТС1-ТС8, АС1-АС10(изм1)
D11: Сметная стоимость _______________________________________________________________________________________________ | J11: ___________________________737,612 | L11: тыс. руб.
D12: строительных работ _______________________________________________________________________________________________ | J12: _______________________________________________________________________________________________718,940 | L12: тыс. руб.
D13: монтажных работ _______________________________________________________________________________________________ | J13: _______________________________________________________________________________________________13,279 | L13: тыс. руб.
D14: оборудования _______________________________________________________________________________________________ | J14: _______________________________________________________________________________________________5,393 | L14: тыс. руб.
D15: Средства на оплату труда _______________________________________________________________________________________________ | J15: ___________________________59,205 | L15: тыс. руб.
D16: Сметная трудоемкость _______________________________________________________________________________________________ | J16: _______________________________________________________________________________________________4427,43 | L16: чел.час
D17: Составлен(а) в текущих (прогнозных) ценах 2001г.
A20: № пп | B20: Обосно- вание | C20: Наименование | D20: Ед. изм. | E20: Кол. | F20: Стоимость единицы, руб. | J20: Общая стоимость, руб. | N20: Т/з осн. раб.на ед. | O20: Т/з осн. раб. Всего | P20: Т/з мех. на ед. | Q20: Т/з мех. Всего
F21: Всего | G21: В том числе | J21: Всего | K21: В том числе
G22: Осн.З/п | H22: Эк.Маш | I22: З/пМех | K22: Осн.З/п | L22: Эк.Маш | M22: З/пМех
A23: 1 | B23: 2 | C23: 3 | D23: 4 | E23: 5 | F23: 6 | G23: 7 | H23: 8 | I23: 9 | J23: 10 | K23: 11 | L23: 12 | M23: 13 | N23: 14 | O23: 15 | P23: 16 | Q23: 17
A24: Раздел 1. Тепловые сети
A25: Трубы и арматура
A26: 1 | B26: ТЕР24-01-032-01 | C26: Установка задвижек или клапанов стальных для горячей воды и пара диаметром 50 мм НР (720 руб.): 130% от ФОТ СП (493 руб.): 89% от ФОТ | D26: 1 компл. задвижек или клапана | E26: 16 | F26: 107.17 | G26: 26.54 | H26: 76.77 | I26: 8.06 | J26: 1715 | K26: 425 | L26: 1228 | M26: 129 | N26: 1.9 | O26: 30.4 | P26: 0.47 | Q26: 7.52
A27: 2 | B27: ООО"НЕОТЕХ" 3кв 2013г | C27: Кран шаровый сварной HOGFORS 34000 TR д15мм 1453,8/1,18/5,59 (коэф на транспорт МАТ=1%) | D27: шт | E27: 4 | F27: 222,6 1453,8/1,18/5,59 | J27: 890
A28: 3 | B28: ООО"НЕОТЕХ" 3кв 2013г | C28: Кран шаровый сварной HOGFORS 34000 TR д20мм 35,11*43,9/1,18/5,59 (коэф на транспорт МАТ=1%) | D28: шт | E28: 2 | F28: 236,01 35,11*43,9/1,18/5,59 | J28: 472
A29: 4 | B29: HOGFORS | C29: Кран шаровый сварной HOGFORS 34000 TR д25мм 1623,2/1,18/5,59 (коэф на транспорт МАТ=1%) | D29: шт | E29: 2 | F29: 248,54 1623,2/1,18/5,59 | J29: 497
A30: 5 | B30: HOGFORS | C30: Кран шаровый сварной HOGFORS 34000 TR д32мм 1862,5/1,18/5,59 (коэф на транспорт МАТ=1%) | D30: шт | E30: 4 | F30: 285,18 1862,5/1,18/5,59 | J30: 1141
